Workbook

Sheet 1
A1: ОРГАНИЗАЦИЙ ВСЕГО | B1: =COUNTIF($L$7:$L$63650,"да") -> 552 | M1: ПО ВСЕЙ ТАБЛИЦЕ | N1: =SUM(N$7:N$63650) -> 16595 | O1: =SUM(O$7:O$63650) -> 16481 | P1: =SUM(P$7:P$63650) -> 15233 | T1: =SUM(T$7:T$63650) -> 19562 | U1: =SUM(U$7:U$63650) -> 20371 | V1: =SUM(V$7:V$63650) -> 20690 | W1: =SUM(W$7:W$63650) -> 8461 | X1: =SUM(X$7:X$63650) -> 8752 | Y1: =SUM(Y$7:Y$63650) -> 8875 | Z1: =SUM(Z$7:Z$63650) -> 1972 | AA1: =SUM(AA$7:AA$63650) -> 2082 | ... AK1: =SUM(AK$7:AK$63650) -> 5422 | AM1: =SUM(AM$7:AM$63650) -> 797 | AN1: =SUM(AN$7:AN$63650) -> 1673 | AO1: =SUM(AO$7:AO$63650) -> 1768 | AP1: =SUM(AP$7:AP$63650) -> 1665 | AQ1: =SUM(AQ$7:AQ$63650) -> 3338 | AR1: =SUM(AR$7:AR$63650) -> 3663 | AS1: =SUM(AS$7:AS$63650) -> 3705 | AT1: =SUM(AT$7:AT$63650) -> 2001 | ... CZ1: =SUM(CZ$7:CZ$63650) -> 6645
A2: ОРГАНИЗАЦИЙ только если СВЕРКА="Отправлена на рассмотрение" и ФАЙЛ="да" | B2: =COUNTIFS($J$7:$J$63650,"Отправлена на рассмотрение",$L$7:$L$63650,"да",$M$7:$M$63650,"да") -> 471 | C2: ИНФОРМАЦИЯ о наличии в зданиях подведомственных Минобрнауки России образовательных учреждениях, их филиалах и представительствах условий для получения профессионального образования инвалидами и лицами с ограниченными возможностями здоровья | M2: только если СВЕРКА="Отправлена на рассмотрение" и ФАЙЛ="да" | N2: =SUMIFS(N$7:N$63650,$J$7:$J$63650,"Отправлена на рассмотрение",$M$7:$M$63650,"да") -> 16195 | O2: =SUMIFS(O$7:O$63650,$J$7:$J$63650,"Отправлена на рассмотрение",$M$7:$M$63650,"да") -> 16057 | P2: =SUMIFS(P$7:P$63650,$J$7:$J$63650,"Отправлена на рассмотрение",$M$7:$M$63650,"да") -> 14814 | T2: =SUMIFS(T$7:T$63650,$J$7:$J$63650,"Отправлена на рассмотрение",$M$7:$M$63650,"да") -> 19081 | U2: =SUMIFS(U$7:U$63650,$J$7:$J$63650,"Отправлена на рассмотрение",$M$7:$M$63650,"да") -> 19807 | V2: =SUMIFS(V$7:V$63650,$J$7:$J$63650,"Отправлена на рассмотрение",$M$7:$M$63650,"да") -> 20119 | W2: =SUMIFS(W$7:W$63650,$J$7:$J$63650,"Отправлена на рассмотрение",$M$7:$M$63650,"да") -> 8181 | X2: =SUMIFS(X$7:X$63650,$J$7:$J$63650,"Отправлена на рассмотрение",$M$7:$M$63650,"да") -> 8456 | Y2: =SUMIFS(Y$7:Y$63650,$J$7:$J$63650,"Отправлена на рассмотрение",$M$7:$M$63650,"да") -> 8566 | Z2: =SUMIFS(Z$7:Z$63650,$J$7:$J$63650,"Отправлена на рассмотрение",$M$7:$M$63650,"да") -> 1895 | AA2: =SUMIFS(AA$7:AA$63650,$J$7:$J$63650,"Отправлена на рассмотрение",$M$7:$M$63650,"да") -> 2002 | ... AK2: =SUMIFS(AK$7:AK$63650,$J$7:$J$63650,"Отправлена на рассмотрение",$M$7:$M$63650,"да") -> 5192 | AM2: =SUMIFS(AM$7:AM$63650,$J$7:$J$63650,"Отправлена на рассмотрение",$M$7:$M$63650,"да") -> 775 | AN2: =SUMIFS(AN$7:AN$63650,$J$7:$J$63650,"Отправлена на рассмотрение",$M$7:$M$63650,"да") -> 1617 | AO2: =SUMIFS(AO$7:AO$63650,$J$7:$J$63650,"Отправлена на рассмотрение",$M$7:$M$63650,"да") -> 1695 | AP2: =SUMIFS(AP$7:AP$63650,$J$7:$J$63650,"Отправлена на рассмотрение",$M$7:$M$63650,"да") -> 1599 | AQ2: =SUMIFS(AQ$7:AQ$63650,$J$7:$J$63650,"Отправлена на рассмотрение",$M$7:$M$63650,"да") -> 3188 | AR2: =SUMIFS(AR$7:AR$63650,$J$7:$J$63650,"Отправлена на рассмотрение",$M$7:$M$63650,"да") -> 3513 | AS2: =SUMIFS(AS$7:AS$63650,$J$7:$J$63650,"Отправлена на рассмотрение",$M$7:$M$63650,"да") -> 3562 | AT2: =SUMIFS(AT$7:AT$63650,$J$7:$J$63650,"Отправлена на рассмотрение",$M$7:$M$63650,"да") -> 1921 | ... CZ2: =SUMIFS(CZ$7:CZ$63650,$J$7:$J$63650,"Отправлена на рассмотрение",$M$7:$M$63650,"да") -> 6364
A3: Организация | J3: Мониторинг наличия в учреждениях профессионального образования условий для получения профессионального образования инвалидами и лицами с ограниченными возможностями здоровья | N3: Головная организация | AM3: Свод данных по обособленным подразделениям | CE3: Сумма показателей (головная организация + обособленные подразделения)
N4: Количество обучающихся, являющихся лицами с ограниченными возможностями здоровья (ЛОВЗ) и инвалидами (чел.) | Q4: Направления по укрупненным группам специальностей, по которым обучаются инвалиды и ЛОВЗ_x000D_ Перечислить укрупненную группу специальностей через запятую | T4: Количество зданий учреждения, в которых располагается образовательное учреждение профессионального образования, всего зданий | W4: Из них количество зданий, которые являются местами предоставления образовательных услуг, а также являются местами для временного проживания обучающихся (общежитиями) | Z4: 1. В том числе количество зданий учреждения, обеспечивающих условия для получения профессионального образования, а также временного проживания (общежития) инвалидами и ЛОВЗ | AC4: 2. В том числе количество зданий учреждения, обеспечивающих частичные условия для получения профессионального образования, а также временного проживания (общежития) инвалидами и ЛОВЗ | AF4: 3. В том числе количество зданий учреждения, не обеспечивающих условия для получения профессионального образования, а также временного проживания (общежития) инвалидами и ЛОВЗ | AI4: Количество зданий учреждения, в которых предоставляются образовательные услуги, а также места для временного проживания обучающихся - инвалидов и ЛОВЗ (общежития) | AL4: Примечание | AM4: Филиалы | BI4: Представительства
AM5: Число филиалов | AN5: Количество обучающихся, являющихся лицами с ограниченными возможностями здоровья (ЛОВЗ) и инвалидами (чел.) | AQ5: Количество зданий учреждения, в которых располагается образовательное учреждение профессионального образования, всего зданий | AT5: Из них количество зданий, которые являются местами предоставления образовательных услуг, а также являются местами для временного проживания обучающихся (общежитиями) | AW5: 1. В том числе количество зданий учреждения, обеспечивающих условия для получения профессионального образования, а также временного проживания (общежития) инвалидами и ЛОВЗ | AZ5: 2. В том числе количество зданий учреждения, обеспечивающих частичные условия для получения профессионального образования, а также временного проживания (общежития) инвалидами и ЛОВЗ | BC5: 3. В том числе количество зданий учреждения, не обеспечивающих условия для получения профессионального образования, а также временного проживания (общежития) инвалидами и ЛОВЗ | BF5: Количество зданий учреждения, в которых предоставляются образовательные услуги, а также места для временного проживания обучающихся - инвалидов и ЛОВЗ (общежития) | BI5: Число представительств | BJ5: Количество обучающихся, являющихся лицами с ограниченными возможностями здоровья (ЛОВЗ) и инвалидами (чел.) | BM5: Количество зданий учреждения, в которых располагается образовательное учреждение профессионального образования, всего зданий | BP5: Из них количество зданий, которые являются местами предоставления образовательных услуг, а также являются местами для временного проживания обучающихся (общежитиями) | BS5: 1. В том числе количество зданий учреждения, обеспечивающих условия для получения профессионального образования, а также временного проживания (общежития) инвалидами и ЛОВЗ | BV5: 2. В том числе количество зданий учреждения, обеспечивающих частичные условия для получения профессионального образования, а также временного проживания (общежития) инвалидами и ЛОВЗ | BY5: 3. В том числе количество зданий учреждения, не обеспечивающих условия для получения профессионального образования, а также временного проживания (общежития) инвалидами и ЛОВЗ | CB5: Количество зданий учреждения, в которых предоставляются образовательные услуги, а также места для временного проживания обучающихся - инвалидов и ЛОВЗ (общежития) | CE5: Число обособленных подразделений (филиалы + представительства) | CF5: Количество обучающихся, являющихся лицами с ограниченными возможностями здоровья (ЛОВЗ) и инвалидами (чел.) | CI5: Количество зданий учреждения, в которых располагается образовательное учреждение профессионального образования, всего зданий | CL5: Из них количество зданий, которые являются местами предоставления образовательных услуг, а также являются местами для временного проживания обучающихся (общежитиями) | CO5: 1. В том числе количество зданий учреждения, обеспечивающих условия для получения профессионального образования, а также временного проживания (общежития) инвалидами и ЛОВЗ | CR5: 2. В том числе количество зданий учреждения, обеспечивающих частичные условия для получения профессионального образования, а также временного проживания (общежития) инвалидами и ЛОВЗ | CU5: 3. В том числе количество зданий учреждения, не обеспечивающих условия для получения профессионального образования, а также временного проживания (общежития) инвалидами и ЛОВЗ | CX5: Количество зданий учреждения, в которых предоставляются образовательные услуги, а также места для временного проживания обучающихся - инвалидов и ЛОВЗ (общежития)
A6: ID | B6: Статус | C6: Подчиненность | D6: Субъект РФ | E6: Класс | F6: ОПФ | G6: Сокращенное наименование | H6: Полное наименование без ОПФ | I6: Полное наименование | J6: Сверка | K6: Приемка | L6: Доступность | M6: Файл исходных данных загружен, обработан и не содержит ошибок | N6: 2011 г. | O6: 2012 г. | P6: 2013 г. | Q6: 2011 г. | R6: 2012 г. | S6: 2013 г. | T6: 2011 г. | U6: 2012 г. | V6: 2013 г. | W6: 2011 г._x000D_ | X6: 2012 г._x000D_ | Y6: 2013 г._x000D_ | Z6: 2011 г._x000D_ | AA6: 2012 г._x000D_ | AB6: 2013 г._x000D_ | AC6: 2011 г._x000D_ | AD6: 2012 г._x000D_ | AE6: 2013 г._x000D_ | AF6: 2011 г._x000D_ | AG6: 2012 г._x000D_ | AH6: 2013 г._x000D_ | AI6: 2011 г._x000D_ | AJ6: 2012 г._x000D_ | AK6: 2013 г._x000D_ | AN6: 2011 г. | AO6: 2012 г. | AP6: 2013 г. | AQ6: 2011 г. | AR6: 2012 г. | AS6: 2013 г. | AT6: 2011 г._x000D_ | AU6: 2012 г._x000D_ | AV6: 2013 г._x000D_ | AW6: 2011 г._x000D_ | AX6: 2012 г._x000D_ | AY6: 2013 г._x000D_ | AZ6: 2011 г._x000D_ | BA6: 2012 г._x000D_ | BB6: 2013 г._x000D_ | BC6: 2011 г._x000D_ | BD6: 2012 г._x000D_ | BE6: 2013 г._x000D_ | BF6: 2011 г._x000D_ | BG6: 2012 г._x000D_ | BH6: 2013 г._x000D_ | BJ6: 2011 г. | BK6: 2012 г. | BL6: 2013 г. | BM6: 2011 г. | BN6: 2012 г. | BO6: 2013 г. | BP6: 2011 г._x000D_ | BQ6: 2012 г._x000D_ | BR6: 2013 г._x000D_ | BS6: 2011 г._x000D_ | BT6: 2012 г._x000D_ | BU6: 2013 г._x000D_ | BV6: 2011 г._x000D_ | BW6: 2012 г._x000D_ | BX6: 2013 г._x000D_ | BY6: 2011 г._x000D_ | BZ6: 2012 г._x000D_ | CA6: 2013 г._x000D_ | CB6: 2011 г._x000D_ | CC6: 2012 г._x000D_ | CD6: 2013 г._x000D_ | CF6: 2011 г. | CG6: 2012 г. | CH6: 2013 г. | CI6: 2011 г. | CJ6: 2012 г. | CK6: 2013 г. | CL6: 2011 г._x000D_ | CM6: 2012 г._x000D_ | CN6: 2013 г._x000D_ | CO6: 2011 г._x000D_ | CP6: 2012 г._x000D_ | CQ6: 2013 г._x000D_ | CR6: 2011 г._x000D_ | CS6: 2012 г._x000D_ | CT6: 2013 г._x000D_ | CU6: 2011 г._x000D_ | CV6: 2012 г._x000D_ | CW6: 2013 г._x000D_ | CX6: 2011 г._x000D_ | CY6: 2012 г._x000D_ | CZ6: 2013 г._x000D_
A7: 77 | B7: Действующая | C7: Минобрнауки России | D7: Ивановская область | E7: ВПО | F7: ФГБОУ ВПО | G7: ФГБОУ ВПО «ИГХТУ» | H7: Ивановский государственный химико-технологический университет | I7: федеральное государственное бюджетное образовательное учреждение высшего профессионального образования «Ивановский государственный химико-технологический университет» | J7: Отправлена на рассмотрение | K7: - | L7: да | M7: да | N7: 16 | O7: 15 | P7: 10 | Q7: 020000 Естественные науки, 030000 Гуманитарные науки, 230000 Информатика и вычислительная техника, 240000 Химическая и биотехнологии, 080000 Экономика и управление, 260000 Технология продовольственных продуктов и потребительских товаров | R7: 020000 Естественные науки, 030000 Гуманитарные науки, 230000 Информатика и вычислительная техника, 240000 Химическая и биотехнологии, 080000 Экономика и управление, 260000 Технология продовольственных продуктов и потребительских товаров | S7: 020000 Естественные науки, 030000 Гуманитарные науки, 230000 Информатика и вычислительная техника, 240000 Химическая и биотехнологии, 080000 Экономика и управление, 260000 Технология продовольственных продуктов и потребительских товаров | T7: 61 | U7: 58 | V7: 53 | W7: 12 | X7: 13 | Y7: 13 | Z7: 0 | AA7: 0 | AB7: 0 | AC7: 12 | AD7: 13 | AE7: 13 | AF7: 0 | AG7: 0 | AH7: 0 | AI7: 12 | AJ7: 13 | AK7: 13 | AM7: 0 | AN7: 0 | AO7: 0 | AP7: 0 | AQ7: 0 | AR7: 0 | AS7: 0 | AT7: 0 | AU7: 0 | AV7: 0 | AW7: 0 | AX7: 0 | AY7: 0 | AZ7: 0 | BA7: 0 | BB7: 0 | BC7: 0 | BD7: 0 | BE7: 0 | BF7: 0 | BG7: 0 | BH7: 0 | BI7: 0 | BJ7: 0 | BK7: 0 | BL7: 0 | BM7: 0 | BN7: 0 | BO7: 0 | BP7: 0 | BQ7: 0 | BR7: 0 | BS7: 0 | BT7: 0 | BU7: 0 | BV7: 0 | BW7: 0 | BX7: 0 | BY7: 0 | BZ7: 0 | CA7: 0 | CB7: 0 | CC7: 0 | CD7: 0 | CE7: =SUM(AM7,BI7) -> 0 | CF7: =SUM(N7,AN7,BJ7) -> 16 | CG7: =SUM(O7,AO7,BK7) -> 15 | CH7: =SUM(P7,AP7,BL7) -> 10 | CI7: =SUM(T7,AQ7,BM7) -> 61 | CJ7: =SUM(U7,AR7,BN7) -> 58 | CK7: =SUM(V7,AS7,BO7) -> 53 | CL7: =SUM(W7,AT7,BP7) -> 12 | CM7: =SUM(X7,AU7,BQ7) -> 13 | CN7: =SUM(Y7,AV7,BR7) -> 13 | CO7: =SUM(Z7,AW7,BS7) -> 0 | CP7: =SUM(AA7,AX7,BT7) -> 0 | ... CZ7: =SUM(AK7,BH7,CD7) -> 13
A8: 5 | B8: Действующая | C8: Минобрнауки России | D8: Амурская область | E8: ВПО | F8: ФГБОУ ВПО | G8: ФГБОУ ВПО «АмГУ» | H8: Амурский государственный университет | I8: федеральное государственное бюджетное образовательное учреждение высшего профессионального образования «Амурский государственный университет» | J8: Отправлена на рассмотрение | K8: - | L8: да | M8: да | N8: 35 | O8: 26 | P8: 48 | Q8: 010000 Физико-математические науки, 030000 Гуманитарные науки, 040000 Социальные науки, 070000 Культура и искусство, 080000 Экономика и управление, 140000 Энергетика, энергетическое машиностроение и электротехника, 230000 Информатика и вычислительная техника, 280000 Безопасность жизнидеятельности, природообустройство и защита окружающей среды | R8: 010000 Физико-математические науки, 030000 Гуманитарные науки, 040000 Социальные науки, 070000 Культура и искусство, 080000 Экономика и управление, 140000 Энергетика, энергетическое машиностроение и электротехника, 230000 Информатика и вычислительная техника, 280000 Безопасность жизнидеятельности, природообустройство и защита окружающей среды | S8: 010000 Физико-математические науки, 030000 Гуманитарные науки, 040000 Социальные науки, 070000 Культура и искусство, 080000 Экономика и управление, 140000 Энергетика, энергетическое машиностроение и электротехника, 230000 Информатика и вычислительная техника, 280000 Безопасность жизнидеятельности, природообустройство и защита окружающей среды | T8: 38 | U8: 38 | V8: 38 | W8: 12 | X8: 12 | Y8: 12 | Z8: 2 | AA8: 2 | AB8: 2 | AC8: 10 | AD8: 10 | AE8: 10 | AF8: 0 | AG8: 0 | AH8: 0 | AI8: 12 | AJ8: 12 | AK8: 12 | AL8: _ | AM8: 1 | AN8: 0 | AO8: 0 | AP8: 0 | AQ8: 0 | AR8: 0 | AS8: 0 | AT8: 0 | AU8: 0 | AV8: 0 | AW8: 0 | AX8: 0 | AY8: 0 | AZ8: 0 | BA8: 0 | BB8: 0 | BC8: 0 | BD8: 0 | BE8: 0 | BF8: 0 | BG8: 0 | BH8: 0 | BI8: 0 | BJ8: 0 | BK8: 0 | BL8: 0 | BM8: 0 | BN8: 0 | BO8: 0 | BP8: 0 | BQ8: 0 | BR8: 0 | BS8: 0 | BT8: 0 | BU8: 0 | BV8: 0 | BW8: 0 | BX8: 0 | BY8: 0 | BZ8: 0 | CA8: 0 | CB8: 0 | CC8: 0 | CD8: 0 | CE8: =SUM(AM8,BI8) -> 1 | CF8: =SUM(N8,AN8,BJ8) -> 35 | CG8: =SUM(O8,AO8,BK8) -> 26 | CH8: =SUM(P8,AP8,BL8) -> 48 | CI8: =SUM(T8,AQ8,BM8) -> 38 | CJ8: =SUM(U8,AR8,BN8) -> 38 | CK8: =SUM(V8,AS8,BO8) -> 38 | CL8: =SUM(W8,AT8,BP8) -> 12 | CM8: =SUM(X8,AU8,BQ8) -> 12 | CN8: =SUM(Y8,AV8,BR8) -> 12 | CO8: =SUM(Z8,AW8,BS8) -> 2 | CP8: =SUM(AA8,AX8,BT8) -> 2 | ... CZ8: =SUM(AK8,BH8,CD8) -> 12
A9: 283 | B9: Действующая | C9: Минобрнауки России | D9: Тамбовская область | E9: ВПО | F9: ФГБОУ ВПО | G9: ФГБОУ ВПО «ТГТУ» | H9: Тамбовский государственный технический университет | I9: федеральное государственное бюджетное образовательное учреждение высшего профессионального образования «Тамбовский государственный технический университет» | J9: Отправлена на рассмотрение | K9: - | L9: да | M9: да | N9: 9 | O9: 17 | P9: 15 | Q9: 230115, 080000, 210303, 210400, 200402, 240902 | R9: 230115, 270802, 140409, 230400, 090303, 210400, 200402 | S9: 230115, 270802, 140409, 230400, 090303, 080000, 200402 | T9: 69 | U9: 132 | V9: 132 | W9: 22 | X9: 22 | Y9: 22 | Z9: 1 | AA9: 1 | AB9: 1 | AC9: 2 | AD9: 2 | AE9: 2 | AF9: 19 | AG9: 19 | AH9: 19 | AI9: 2 | AJ9: 2 | AK9: 2 | AM9: 0 | AN9: 0 | AO9: 0 | AP9: 0 | AQ9: 0 | AR9: 0 | AS9: 0 | AT9: 0 | AU9: 0 | AV9: 0 | AW9: 0 | AX9: 0 | AY9: 0 | AZ9: 0 | BA9: 0 | BB9: 0 | BC9: 0 | BD9: 0 | BE9: 0 | BF9: 0 | BG9: 0 | BH9: 0 | BI9: 0 | BJ9: 0 | BK9: 0 | BL9: 0 | BM9: 0 | BN9: 0 | BO9: 0 | BP9: 0 | BQ9: 0 | BR9: 0 | BS9: 0 | BT9: 0 | BU9: 0 | BV9: 0 | BW9: 0 | BX9: 0 | BY9: 0 | BZ9: 0 | CA9: 0 | CB9: 0 | CC9: 0 | CD9: 0 | CE9: =SUM(AM9,BI9) -> 0 | CF9: =SUM(N9,AN9,BJ9) -> 9 | CG9: =SUM(O9,AO9,BK9) -> 17 | CH9: =SUM(P9,AP9,BL9) -> 15 | CI9: =SUM(T9,AQ9,BM9) -> 69 | CJ9: =SUM(U9,AR9,BN9) -> 132 | CK9: =SUM(V9,AS9,BO9) -> 132 | CL9: =SUM(W9,AT9,BP9) -> 22 | CM9: =SUM(X9,AU9,BQ9) -> 22 | CN9: =SUM(Y9,AV9,BR9) -> 22 | CO9: =SUM(Z9,AW9,BS9) -> 1 | CP9: =SUM(AA9,AX9,BT9) -> 1 | ... CZ9: =SUM(AK9,BH9,CD9) -> 2
A10: 137 | B10: Действующая | C10: Минобрнауки России | D10: Москва | E10: ВПО | F10: ФГБОУ ВПО | G10: ФГБОУ ВПО «МГГУ им. М.А. Шолохова» | H10: Московский государственный гуманитарный университет имени М.А. Шолохова | I10: федеральное государственное бюджетное образовательное учреждение высшего профессионального образования «Московский государственный гуманитарный университет имени М.А. Шолохова» | J10: Отправлена на рассмотрение | K10: - | L10: да | M10: да | N10: 24 | O10: 35 | P10: 33 | Q10: Гуманитарные науки, Автоматизация и управление, Информатика и вычислительная техника, Образование и педагогика, Культура и искусство | R10: Гуманитарные науки, Экономика и управление, Естественные науки, Автоматизация и управление, Информатика и вычислительная техника, Образование и педагогика, Культура и искусство | S10: Гуманитарные науки, Экономика и управление, Естественные науки, Автоматизация и управление, Информатика и вычислительная техника, Образование и педагогика, Культура и искусство | T10: 16 | U10: 16 | V10: 16 | W10: 11 | X10: 11 | Y10: 11 | Z10: 0 | AA10: 1 | AB10: 1 | AC10: 0 | AD10: 1 | AE10: 1 | AF10: 11 | AG10: 9 | AH10: 9 | AI10: 11 | AJ10: 11 | AK10: 11 | AM10: 9 | AN10: 17 | AO10: 25 | AP10: 25 | AQ10: 19 | AR10: 18 | AS10: 18 | AT10: 13 | AU10: 13 | AV10: 13 | AW10: 6 | AX10: 6 | AY10: 6 | AZ10: 8 | BA10: 8 | BB10: 8 | BC10: 0 | BD10: 0 | BE10: 0 | BF10: 7 | BG10: 7 | BH10: 7 | BI10: 0 | BJ10: 0 | BK10: 0 | BL10: 0 | BM10: 0 | BN10: 0 | BO10: 0 | BP10: 0 | BQ10: 0 | BR10: 0 | BS10: 0 | BT10: 0 | BU10: 0 | BV10: 0 | BW10: 0 | BX10: 0 | BY10: 0 | BZ10: 0 | CA10: 0 | CB10: 0 | CC10: 0 | CD10: 0 | CE10: =SUM(AM10,BI10) -> 9 | CF10: =SUM(N10,AN10,BJ10) -> 41 | CG10: =SUM(O10,AO10,BK10) -> 60 | CH10: =SUM(P10,AP10,BL10) -> 58 | CI10: =SUM(T10,AQ10,BM10) -> 35 | CJ10: =SUM(U10,AR10,BN10) -> 34 | CK10: =SUM(V10,AS10,BO10) -> 34 | CL10: =SUM(W10,AT10,BP10) -> 24 | CM10: =SUM(X10,AU10,BQ10) -> 24 | CN10: =SUM(Y10,AV10,BR10) -> 24 | CO10: =SUM(Z10,AW10,BS10) -> 6 | CP10: =SUM(AA10,AX10,BT10) -> 7 | ... CZ10: =SUM(AK10,BH10,CD10) -> 18
A11: 140 | B11: Действующая | C11: Минобрнауки России | D11: Москва | E11: ВПО | F11: ФГАОУ ВПО | G11: МИЭТ | H11: Национальный исследовательский университет «МИЭТ» | I11: федеральное государственное автономное образовательное учреждение высшего профессионального образования «Национальный исследовательский университет «МИЭТ» | J11: Отправлена на рассмотрение | K11: - | L11: да | M11: да | N11: 18 | O11: 12 | P11: 3 | Q11: 070000, 080000, 200000, 210000, 230000 | R11: 070000, 080000, 200000, 210000, 230000 | S11: 080000, 210000, 230000 | T11: 20 | U11: 20 | V11: 20 | W11: 11 | X11: 11 | Y11: 11 | Z11: 0 | AA11: 0 | AB11: 0 | AC11: 8 | AD11: 8 | AE11: 8 | AF11: 3 | AG11: 3 | AH11: 3 | AI11: 8 | AJ11: 8 | AK11: 4 | AM11: 0 | AN11: 0 | AO11: 0 | AP11: 0 | AQ11: 0 | AR11: 0 | AS11: 0 | AT11: 0 | AU11: 0 | AV11: 0 | AW11: 0 | AX11: 0 | AY11: 0 | AZ11: 0 | BA11: 0 | BB11: 0 | BC11: 0 | BD11: 0 | BE11: 0 | BF11: 0 | BG11: 0 | BH11: 0 | BI11: 0 | BJ11: 0 | BK11: 0 | BL11: 0 | BM11: 0 | BN11: 0 | BO11: 0 | BP11: 0 | BQ11: 0 | BR11: 0 | BS11: 0 | BT11: 0 | BU11: 0 | BV11: 0 | BW11: 0 | BX11: 0 | BY11: 0 | BZ11: 0 | CA11: 0 | CB11: 0 | CC11: 0 | CD11: 0 | CE11: =SUM(AM11,BI11) -> 0 | CF11: =SUM(N11,AN11,BJ11) -> 18 | CG11: =SUM(O11,AO11,BK11) -> 12 | CH11: =SUM(P11,AP11,BL11) -> 3 | CI11: =SUM(T11,AQ11,BM11) -> 20 | CJ11: =SUM(U11,AR11,BN11) -> 20 | CK11: =SUM(V11,AS11,BO11) -> 20 | CL11: =SUM(W11,AT11,BP11) -> 11 | CM11: =SUM(X11,AU11,BQ11) -> 11 | CN11: =SUM(Y11,AV11,BR11) -> 11 | CO11: =SUM(Z11,AW11,BS11) -> 0 | CP11: =SUM(AA11,AX11,BT11) -> 0 | ... CZ11: =SUM(AK11,BH11,CD11) -> 4
A12: 229 | B12: Действующая | C12: Минобрнауки России | D12: Ярославская область | E12: ВПО | F12: ФГБОУ ВПО | G12: РГАТУ | H12: Рыбинский государственный авиационный технический университет имени П.А. Соловьева | I12: федеральное государственное бюджетное образовательное учреждение высшего профессионального образования «Рыбинский государственный авиационный технический университет имени П.А. Соловьева». | J12: Отправлена на рассмотрение | K12: - | L12: да | M12: да | N12: 17 | O12: 13 | P12: 11 | Q12: 080000, 100000, 210000, 220000, 230000 | R12: 080000, 100000, 210000, 220000, 230000 | S12: 080000,100000,230000,210000 | T12: 19 | U12: 19 | V12: 19 | W12: 11 | X12: 11 | Y12: 11 | Z12: 0 | AA12: 0 | AB12: 0 | AC12: 11 | AD12: 11 | AE12: 11 | AF12: 0 | AG12: 0 | AH12: 0 | AI12: 11 | AJ12: 11 | AK12: 11 | AL12: Все здания университета приспособлены для ЛОВЗ, кроме инвалидов-колясочников. | AM12: 0 | AN12: 0 | AO12: 0 | AP12: 0 | AQ12: 0 | AR12: 0 | AS12: 0 | AT12: 0 | AU12: 0 | AV12: 0 | AW12: 0 | AX12: 0 | AY12: 0 | AZ12: 0 | BA12: 0 | BB12: 0 | BC12: 0 | BD12: 0 | BE12: 0 | BF12: 0 | BG12: 0 | BH12: 0 | BI12: 0 | BJ12: 0 | BK12: 0 | BL12: 0 | BM12: 0 | BN12: 0 | BO12: 0 | BP12: 0 | BQ12: 0 | BR12: 0 | BS12: 0 | BT12: 0 | BU12: 0 | BV12: 0 | BW12: 0 | BX12: 0 | BY12: 0 | BZ12: 0 | CA12: 0 | CB12: 0 | CC12: 0 | CD12: 0 | CE12: =SUM(AM12,BI12) -> 0 | CF12: =SUM(N12,AN12,BJ12) -> 17 | CG12: =SUM(O12,AO12,BK12) -> 13 | CH12: =SUM(P12,AP12,BL12) -> 11 | CI12: =SUM(T12,AQ12,BM12) -> 19 | CJ12: =SUM(U12,AR12,BN12) -> 19 | CK12: =SUM(V12,AS12,BO12) -> 19 | CL12: =SUM(W12,AT12,BP12) -> 11 | CM12: =SUM(X12,AU12,BQ12) -> 11 | CN12: =SUM(Y12,AV12,BR12) -> 11 | CO12: =SUM(Z12,AW12,BS12) -> 0 | CP12: =SUM(AA12,AX12,BT12) -> 0 | ... CZ12: =SUM(AK12,BH12,CD12) -> 11
A13: 318 | B13: Действующая | C13: Минобрнауки России | D13: Республика Башкортостан | E13: ВПО | F13: ФГБОУ ВПО | G13: ФГБОУ ВПО «УГАТУ» | H13: Уфимский государственный авиационный технический университет | I13: федеральное государственное бюджетное образовательное учреждение высшего профессионального образования «Уфимский государственный авиационный технический университет» | J13: Отправлена на рассмотрение | K13: - | L13: да | M13: да | N13: 37 | O13: 45 | P13: 52 | Q13: Авотоматика и управление(220000), инфрорматика и вычислительная техника (230000), металлургия, машиностроение и материалообработка (15000), Экономика и управление (080000), Электронная техника, радиотехника и связь (210000), энергетика, энергетическое машиностроение и электротехника (140000) | R13: Авотоматика и управление(220000), инфрорматика и вычислительная техника (230000), металлургия, машиностроение и материалообработка (15000), Экономика и управление (080000), Электронная техника, радиотехника и связь (210000), энергетика, энергетическое машиностроение и электротехника (140000) | S13: Авотоматика и управление(220000), инфрорматика и вычислительная техника (230000), металлургия, машиностроение и материалообработка (15000), Экономика и управление (080000), Электронная техника, радиотехника и связь (210000), энергетика, энергетическое машиностроение и электротехника (140000) | T13: 75 | U13: 76 | V13: 76 | W13: 28 | X13: 29 | Y13: 29 | Z13: 0 | AA13: 0 | AB13: 0 | AC13: 0 | AD13: 7 | AE13: 15 | AF13: 28 | AG13: 22 | AH13: 14 | AI13: 20 | AJ13: 21 | AK13: 21 | AM13: 6 | AN13: 2 | AO13: 3 | AP13: 4 | AQ13: 20 | AR13: 20 | AS13: 16 | AT13: 20 | AU13: 20 | AV13: 16 | AW13: 0 | AX13: 0 | AY13: 0 | AZ13: 10 | BA13: 10 | BB13: 8 | BC13: 10 | BD13: 10 | BE13: 8 | BF13: 3 | BG13: 3 | BH13: 6 | BI13: 0 | BJ13: 0 | BK13: 0 | BL13: 0 | BM13: 0 | BN13: 0 | BO13: 0 | BP13: 0 | BQ13: 0 | BR13: 0 | BS13: 0 | BT13: 0 | BU13: 0 | BV13: 0 | BW13: 0 | BX13: 0 | BY13: 0 | BZ13: 0 | CA13: 0 | CB13: 0 | CC13: 0 | CD13: 0 | CE13: =SUM(AM13,BI13) -> 6 | CF13: =SUM(N13,AN13,BJ13) -> 39 | CG13: =SUM(O13,AO13,BK13) -> 48 | CH13: =SUM(P13,AP13,BL13) -> 56 | CI13: =SUM(T13,AQ13,BM13) -> 95 | CJ13: =SUM(U13,AR13,BN13) -> 96 | CK13: =SUM(V13,AS13,BO13) -> 92 | CL13: =SUM(W13,AT13,BP13) -> 48 | CM13: =SUM(X13,AU13,BQ13) -> 49 | CN13: =SUM(Y13,AV13,BR13) -> 45 | CO13: =SUM(Z13,AW13,BS13) -> 0 | CP13: =SUM(AA13,AX13,BT13) -> 0 | ... CZ13: =SUM(AK13,BH13,CD13) -> 27
A14: 334 | B14: Действующая | C14: Минобрнауки России | D14: Ростовская область | E14: ВПО | F14: ФГБОУ ВПО | G14: ФГБОУ ВПО «ЮРГТУ(НПИ)» | H14: Южно-Российский государственный технический университет (Новочеркасский политехнический институт) | I14: федеральное государственное бюджетное образовательное учреждение высшего профессионального образования «Южно-Российский государственный технический университет (Новочеркасский политехнический институт)» | J14: Отправлена на рассмотрение | K14: - | L14: да | M14: да | N14: 32 | O14: 29 | P14: 32 | Q14: "Гуманитарные науки", "Культура и исскуство","Экономика и управление","Геология, разведка и разработка полезных ископаемых","Эенергетика, энергетическое машиностроение и электротехника", "Металлургия, машиностроение и материалообработка", "Транспортные средства", "Электронная техника, радиотехника и связь", "Автоматика и управление", "Информатика и вычислительная техника", "Химическая и биотехнологии", "Технология продовольственныъх продуктов и потребительских товаров", "Архитектура и строительство", "Безопасность жизнедеятельности, природообустройтсво и защита окружающей среды","Социальные науки","Геодезия и землеустройство","Образование и педагогика", "Приборостроение и оптотехника" | R14: "Гуманитарные науки", "Культура и исскуство","Экономика и управление","Геология, разведка и разработка полезных ископаемых","Эенергетика, энергетическое машиностроение и электротехника", "Металлургия, машиностроение и материалообработка", "Транспортные средства", "Электронная техника, радиотехника и связь", "Автоматика и управление", "Информатика и вычислительная техника", "Химическая и биотехнологии", "Технология продовольственныъх продуктов и потребительских товаров", "Архитектура и строительство", "Безопасность жизнедеятельности, природообустройтсво и защита окружающей среды","Социальные науки","Геодезия и землеустройство","Образование и педагогика", "Приборостроение и оптотехника" | S14: "Гуманитарные науки", "Культура и исскуство","Экономика и управление","Геология, разведка и разработка полезных ископаемых","Эенергетика, энергетическое машиностроение и электротехника", "Металлургия, машиностроение и материалообработка", "Транспортные средства", "Электронная техника, радиотехника и связь", "Автоматика и управление", "Информатика и вычислительная техника", "Химическая и биотехнологии", "Технология продовольственныъх продуктов и потребительских товаров", "Архитектура и строительство", "Безопасность жизнедеятельности, природообустройтсво и защита окружающей среды","Социальные науки","Геодезия и землеустройство","Образование и педагогика", "Приборостроение и оптотехника" | T14: 156 | U14: 156 | V14: 156 | W14: 31 | X14: 31 | Y14: 31 | Z14: 0 | AA14: 0 | AB14: 0 | AC14: 2 | AD14: 2 | AE14: 2 | AF14: 29 | AG14: 29 | AH14: 29 | AI14: 2 | AJ14: 2 | AK14: 2 | AL14: Студенты инвалиды и ЛОВЗ обучаются в общем потоке. Университет располагает аудиториями, обеспечивающими частичные условия для получения профессионального образования, а также временного проживания (общежития). | AM14: 5 | AN14: 32 | AO14: 23 | AP14: 20 | AQ14: 109 | AR14: 109 | AS14: 108 | AT14: 17 | AU14: 17 | AV14: 17 | AW14: 0 | AX14: 0 | AY14: 0 | AZ14: 3 | BA14: 3 | BB14: 3 | BC14: 20 | BD14: 20 | BE14: 20 | BF14: 3 | BG14: 3 | BH14: 3 | BI14: 0 | BJ14: 0 | BK14: 0 | BL14: 0 | BM14: 0 | BN14: 0 | BO14: 0 | BP14: 0 | BQ14: 0 | BR14: 0 | BS14: 0 | BT14: 0 | BU14: 0 | BV14: 0 | BW14: 0 | BX14: 0 | BY14: 0 | BZ14: 0 | CA14: 0 | CB14: 0 | CC14: 0 | CD14: 0 | CE14: =SUM(AM14,BI14) -> 5 | CF14: =SUM(N14,AN14,BJ14) -> 64 | CG14: =SUM(O14,AO14,BK14) -> 52 | CH14: =SUM(P14,AP14,BL14) -> 52 | CI14: =SUM(T14,AQ14,BM14) -> 265 | CJ14: =SUM(U14,AR14,BN14) -> 265 | CK14: =SUM(V14,AS14,BO14) -> 264 | CL14: =SUM(W14,AT14,BP14) -> 48 | CM14: =SUM(X14,AU14,BQ14) -> 48 | CN14: =SUM(Y14,AV14,BR14) -> 48 | CO14: =SUM(Z14,AW14,BS14) -> 0 | CP14: =SUM(AA14,AX14,BT14) -> 0 | ... CZ14: =SUM(AK14,BH14,CD14) -> 5
A15: 1143 | B15: Действующая | C15: Минобрнауки России | D15: Москва | E15: ДПО | F15: ФГБОУ ДПО | G15: ФГБОУ ДПО «ГИНФО» | H15: Государственный институт новых форм обучения | I15: федеральное государственное бюджетное образовательное учреждение дополнительного профессионального образования «Государственный институт новых форм обучения» | J15: Отправлена на рассмотрение | K15: - | L15: да | M15: да | N15: 0 | O15: 0 | P15: 0 | Q15: нет | R15: нет | S15: нет | T15: 0 | U15: 0 | V15: 0 | W15: 0 | X15: 0 | Y15: 0 | Z15: 0 | AA15: 0 | AB15: 0 | AC15: 0 | AD15: 0 | AE15: 0 | AF15: 0 | AG15: 0 | AH15: 0 | AI15: 0 | AJ15: 0 | AK15: 0 | AL15: нет | AM15: 0 | AN15: 0 | AO15: 0 | AP15: 0 | AQ15: 0 | AR15: 0 | AS15: 0 | AT15: 0 | AU15: 0 | AV15: 0 | AW15: 0 | AX15: 0 | AY15: 0 | AZ15: 0 | BA15: 0 | BB15: 0 | BC15: 0 | BD15: 0 | BE15: 0 | BF15: 0 | BG15: 0 | BH15: 0 | BI15: 0 | BJ15: 0 | BK15: 0 | BL15: 0 | BM15: 0 | BN15: 0 | BO15: 0 | BP15: 0 | BQ15: 0 | BR15: 0 | BS15: 0 | BT15: 0 | BU15: 0 | BV15: 0 | BW15: 0 | BX15: 0 | BY15: 0 | BZ15: 0 | CA15: 0 | CB15: 0 | CC15: 0 | CD15: 0 | CE15: =SUM(AM15,BI15) -> 0 | CF15: =SUM(N15,AN15,BJ15) -> 0 | CG15: =SUM(O15,AO15,BK15) -> 0 | CH15: =SUM(P15,AP15,BL15) -> 0 | CI15: =SUM(T15,AQ15,BM15) -> 0 | CJ15: =SUM(U15,AR15,BN15) -> 0 | CK15: =SUM(V15,AS15,BO15) -> 0 | CL15: =SUM(W15,AT15,BP15) -> 0 | CM15: =SUM(X15,AU15,BQ15) -> 0 | CN15: =SUM(Y15,AV15,BR15) -> 0 | CO15: =SUM(Z15,AW15,BS15) -> 0 | CP15: =SUM(AA15,AX15,BT15) -> 0 | ... CZ15: =SUM(AK15,BH15,CD15) -> 0
A16: 16 | B16: Действующая | C16: Минобрнауки России | D16: Белгородская область | E16: ВПО | F16: ФГБОУ ВПО | G16: БГТУ им. В.Г.Шухова | H16: Белгородский государственный технологический университет им. В.Г.Шухова | I16: федеральное государственное бюджетное образовательное учреждение высшего профессионального образования «Белгородский государственный технологический университет им. В.Г.Шухова» | J16: Отправлена на рассмотрение | K16: - | L16: да | M16: да | N16: 33 | O16: 40 | P16: 37 | Q16: 270102.65, 120303.65, 270301.65, 280102.65, 140211.65, 140100.62, 140400.62, 080105.65, 080109.65, 080502.65, 151900.62, 151001.65, 260601.65, 220301.65, 220201.65, 230105.65, 231000.62 | R16: 270102.65, 120303.65, 270301.65, 280102.65, 140211.65, 140100.62, 140400.62, 080105.65, 080109.65, 080502.65, 151900.62, 151001.65, 151000.62, 260601.65, 220301.65, 230400.62,231000.62 | S16: 270102.65, 120303.65, 270301.65, 280102.65, 140211.65, 140100.62, 140400.62, 080105.65, 080109.65, 080502.65, 151900.62, 151001.65, 151000.62, 260601.65, 220301.65, 230400.62, 231000.62 270102.65, 270800.62, 120303.65, 270301.65, 280102.65, 140211.65, 140100.62, 140400.62, 080105.65, 080109.65, 080502.65, 080200.62, 080100.62, 151900.62, 151001.65, 151000.62, 260601.65, 220301.65, 230400.62, 231000.62 | T16: 38 | U16: 39 | V16: 39 | W16: 21 | X16: 22 | Y16: 22 | Z16: 0 | AA16: 0 | AB16: 0 | AC16: 4 | AD16: 4 | AE16: 4 | AF16: 17 | AG16: 18 | AH16: 18 | AI16: 21 | AJ16: 22 | AK16: 22 | AM16: 0 | AN16: 0 | AO16: 0 | AP16: 0 | AQ16: 0 | AR16: 0 | AS16: 0 | AT16: 0 | AU16: 0 | AV16: 0 | AW16: 0 | AX16: 0 | AY16: 0 | AZ16: 0 | BA16: 0 | BB16: 0 | BC16: 0 | BD16: 0 | BE16: 0 | BF16: 0 | BG16: 0 | BH16: 0 | BI16: 0 | BJ16: 0 | BK16: 0 | BL16: 0 | BM16: 0 | BN16: 0 | BO16: 0 | BP16: 0 | BQ16: 0 | BR16: 0 | BS16: 0 | BT16: 0 | BU16: 0 | BV16: 0 | BW16: 0 | BX16: 0 | BY16: 0 | BZ16: 0 | CA16: 0 | CB16: 0 | CC16: 0 | CD16: 0 | CE16: =SUM(AM16,BI16) -> 0 | CF16: =SUM(N16,AN16,BJ16) -> 33 | CG16: =SUM(O16,AO16,BK16) -> 40 | CH16: =SUM(P16,AP16,BL16) -> 37 | CI16: =SUM(T16,AQ16,BM16) -> 38 | CJ16: =SUM(U16,AR16,BN16) -> 39 | CK16: =SUM(V16,AS16,BO16) -> 39 | CL16: =SUM(W16,AT16,BP16) -> 21 | CM16: =SUM(X16,AU16,BQ16) -> 22 | CN16: =SUM(Y16,AV16,BR16) -> 22 | CO16: =SUM(Z16,AW16,BS16) -> 0 | CP16: =SUM(AA16,AX16,BT16) -> 0 | ... CZ16: =SUM(AK16,BH16,CD16) -> 22
A17: 19 | B17: Действующая | C17: Минобрнауки России | D17: Алтайский край | E17: ВПО | F17: ФГБОУ ВПО | G17: ФГБОУ ВПО «АГАО» | H17: Алтайская государственная академия образования имени В.М. Шукшина | I17: федеральное государственное бюджетное образовательное учреждение высшего профессионального образования «Алтайская государственная академия образования имени В.М. Шукшина» | J17: Отправлена на рассмотрение | K17: - | L17: да | M17: да | N17: 4 | O17: 3 | P17: 4 | Q17: 050100.62 Педагогическое образование - 3 чел. 050400.62 Психолого-педагогическое образование - 1 чел. | R17: 050100.62 Педагогическое образование - 3 чел. | S17: 050100.62 Педагогическое образование - 4 чел. | T17: 29 | U17: 27 | V17: 27 | W17: 3 | X17: 2 | Y17: 3 | Z17: 0 | AA17: 0 | AB17: 0 | AC17: 0 | AD17: 0 | AE17: 0 | AF17: 3 | AG17: 2 | AH17: 3 | AI17: 0 | AJ17: 0 | AK17: 0 | AM17: 0 | AN17: 0 | AO17: 0 | AP17: 0 | AQ17: 0 | AR17: 0 | AS17: 0 | AT17: 0 | AU17: 0 | AV17: 0 | AW17: 0 | AX17: 0 | AY17: 0 | AZ17: 0 | BA17: 0 | BB17: 0 | BC17: 0 | BD17: 0 | BE17: 0 | BF17: 0 | BG17: 0 | BH17: 0 | BI17: 0 | BJ17: 0 | BK17: 0 | BL17: 0 | BM17: 0 | BN17: 0 | BO17: 0 | BP17: 0 | BQ17: 0 | BR17: 0 | BS17: 0 | BT17: 0 | BU17: 0 | BV17: 0 | BW17: 0 | BX17: 0 | BY17: 0 | BZ17: 0 | CA17: 0 | CB17: 0 | CC17: 0 | CD17: 0 | CE17: =SUM(AM17,BI17) -> 0 | CF17: =SUM(N17,AN17,BJ17) -> 4 | CG17: =SUM(O17,AO17,BK17) -> 3 | CH17: =SUM(P17,AP17,BL17) -> 4 | CI17: =SUM(T17,AQ17,BM17) -> 29 | CJ17: =SUM(U17,AR17,BN17) -> 27 | CK17: =SUM(V17,AS17,BO17) -> 27 | CL17: =SUM(W17,AT17,BP17) -> 3 | CM17: =SUM(X17,AU17,BQ17) -> 2 | CN17: =SUM(Y17,AV17,BR17) -> 3 | CO17: =SUM(Z17,AW17,BS17) -> 0 | CP17: =SUM(AA17,AX17,BT17) -> 0 | ... CZ17: =SUM(AK17,BH17,CD17) -> 0
A18: 34 | B18: Действующая | C18: Минобрнауки России | D18: Волгоградская область | E18: ВПО | F18: ФГБОУ ВПО | G18: ФГБОУ ВПО «ВГСПУ» | H18: Волгоградский государственный социально-педагогический университет | I18: федеральное государственное бюджетное образовательное учреждение высшего профессионального образования «Волгоградский государственный социально-педагогический университет» | J18: Отправлена на рассмотрение | K18: - | L18: да | M18: да | N18: 67 | O18: 65 | P18: 50 | Q18: 050100.62 «Педагогическое образование», 080500 «Менеджмент», 080400.62 «Управление персоналом», 050400.62 «Психолого-педагогическое образование», 100400.62 «Туризм», 100100.62 «Сервис», 050700.62 «Специальное (дефектологическое) образование», 050601 «Музыкальное образование», 050200 «Физико-математическое образование» | R18: 050100.62 «Педагогическое образование», 080500 «Менеджмент», 080400.62 «Управление персоналом», 050400.62 «Психолого-педагогическое образование», 100400.62 «Туризм», 100100.62 «Сервис», 050700.62 «Специальное (дефектологическое) образование», 050601 «Музыкальное образование», 050200 «Физико-математическое образование» | S18: 050100.62 «Педагогическое образование», 080500 «Менеджмент», 080400.62 «Управление персоналом», 050400.62 «Психолого-педагогическое образование», 100400.62 «Туризм», 100100.62 «Сервис», 050700.62 «Специальное (дефектологическое) образование», 050601 «Музыкальное образование», 050200 «Физико-математическое образование» | T18: 11 | U18: 11 | V18: 11 | W18: 3 | X18: 3 | Y18: 3 | Z18: 0 | AA18: 1 | AB18: 1 | AC18: 0 | AD18: 2 | AE18: 2 | AF18: 3 | AG18: 2 | AH18: 2 | AI18: 0 | AJ18: 2 | AK18: 2 | AL18: Разрабатывается проект реконструкции здания университета (общежития), находящегося по адресу: г. Волгоград, ул. Хиросимы, д. 16, направленный на создание условий для времененого проживания инвалидов и ЛОВЗ | AM18: 0 | AN18: 0 | AO18: 0 | AP18: 0 | AQ18: 0 | AR18: 0 | AS18: 0 | AT18: 0 | AU18: 0 | AV18: 0 | AW18: 0 | AX18: 0 | AY18: 0 | AZ18: 0 | BA18: 0 | BB18: 0 | BC18: 0 | BD18: 0 | BE18: 0 | BF18: 0 | BG18: 0 | BH18: 0 | BI18: 0 | BJ18: 0 | BK18: 0 | BL18: 0 | BM18: 0 | BN18: 0 | BO18: 0 | BP18: 0 | BQ18: 0 | BR18: 0 | BS18: 0 | BT18: 0 | BU18: 0 | BV18: 0 | BW18: 0 | BX18: 0 | BY18: 0 | BZ18: 0 | CA18: 0 | CB18: 0 | CC18: 0 | CD18: 0 | CE18: =SUM(AM18,BI18) -> 0 | CF18: =SUM(N18,AN18,BJ18) -> 67 | CG18: =SUM(O18,AO18,BK18) -> 65 | CH18: =SUM(P18,AP18,BL18) -> 50 | CI18: =SUM(T18,AQ18,BM18) -> 11 | CJ18: =SUM(U18,AR18,BN18) -> 11 | CK18: =SUM(V18,AS18,BO18) -> 11 | CL18: =SUM(W18,AT18,BP18) -> 3 | CM18: =SUM(X18,AU18,BQ18) -> 3 | CN18: =SUM(Y18,AV18,BR18) -> 3 | CO18: =SUM(Z18,AW18,BS18) -> 0 | CP18: =SUM(AA18,AX18,BT18) -> 1 | ... CZ18: =SUM(AK18,BH18,CD18) -> 2
A19: 254 | B19: Действующая | C19: Минобрнауки России | D19: Самарская область | E19: ВПО | F19: ФГБОУ ВПО | G19: ФГБОУ ВПО «СГЭУ» | H19: Самарский государственный экономический университет | I19: федеральное государственное бюджетное образовательное учреждение высшего профессионального образования «Самарский государственный экономический университет» | J19: Отправлена на рассмотрение | K19: - | L19: да | M19: да | N19: 9 | O19: 9 | P19: 7 | Q19: Экономика и управление (080000) | R19: Экономика и управление (080000) | S19: Экономика и управление (080000) | T19: 38 | U19: 38 | V19: 38 | W19: 14 | X19: 14 | Y19: 14 | Z19: 0 | AA19: 0 | AB19: 0 | AC19: 0 | AD19: 0 | AE19: 0 | AF19: 38 | AG19: 38 | AH19: 38 | AI19: 8 | AJ19: 8 | AK19: 8 | AM19: 1 | AN19: 0 | AO19: 0 | AP19: 0 | AQ19: 2 | AR19: 2 | AS19: 2 | AT19: 2 | AU19: 2 | AV19: 2 | AW19: 0 | AX19: 0 | AY19: 0 | AZ19: 0 | BA19: 0 | BB19: 0 | BC19: 2 | BD19: 2 | BE19: 2 | BF19: 0 | BG19: 0 | BH19: 0 | BI19: 0 | BJ19: 0 | BK19: 0 | BL19: 0 | BM19: 0 | BN19: 0 | BO19: 0 | BP19: 0 | BQ19: 0 | BR19: 0 | BS19: 0 | BT19: 0 | BU19: 0 | BV19: 0 | BW19: 0 | BX19: 0 | BY19: 0 | BZ19: 0 | CA19: 0 | CB19: 0 | CC19: 0 | CD19: 0 | CE19: =SUM(AM19,BI19) -> 1 | CF19: =SUM(N19,AN19,BJ19) -> 9 | CG19: =SUM(O19,AO19,BK19) -> 9 | CH19: =SUM(P19,AP19,BL19) -> 7 | CI19: =SUM(T19,AQ19,BM19) -> 40 | CJ19: =SUM(U19,AR19,BN19) -> 40 | CK19: =SUM(V19,AS19,BO19) -> 40 | CL19: =SUM(W19,AT19,BP19) -> 16 | CM19: =SUM(X19,AU19,BQ19) -> 16 | CN19: =SUM(Y19,AV19,BR19) -> 16 | CO19: =SUM(Z19,AW19,BS19) -> 0 | CP19: =SUM(AA19,AX19,BT19) -> 0 | ... CZ19: =SUM(AK19,BH19,CD19) -> 8
A20: 59 | B20: Действующая | C20: Минобрнауки России | D20: Москва | E20: ВПО | F20: ФГАОУ ВПО | G20: НИТУ «МИСиС» | H20: Национальный исследовательский технологический университет «МИСиС» | I20: федеральное государственное автономное образовательное учреждение высшего профессионального образования «Национальный исследовательский технологический университет «МИСиС» | J20: - | K20: - | L20: да | M20: нет | N20: - | O20: - | P20: - | Q20: - | R20: - | S20: - | T20: - | U20: - | V20: - | W20: - | X20: - | Y20: - | Z20: - | AA20: - | AB20: - | AC20: - | AD20: - | AE20: - | AF20: - | AG20: - | AH20: - | AI20: - | AJ20: - | AK20: - | AL20: - | AM20: - | AN20: - | AO20: - | AP20: - | AQ20: - | AR20: - | AS20: - | AT20: - | AU20: - | AV20: - | AW20: - | AX20: - | AY20: - | AZ20: - | BA20: - | BB20: - | BC20: - | BD20: - | BE20: - | BF20: - | BG20: - | BH20: - | BI20: - | BJ20: - | BK20: - | BL20: - | BM20: - | BN20: - | BO20: - | BP20: - | BQ20: - | BR20: - | BS20: - | BT20: - | BU20: - | BV20: - | BW20: - | BX20: - | BY20: - | BZ20: - | CA20: - | CB20: - | CC20: - | CD20: - | CE20: =SUM(AM20,BI20) -> 0 | CF20: =SUM(N20,AN20,BJ20) -> 0 | CG20: =SUM(O20,AO20,BK20) -> 0 | CH20: =SUM(P20,AP20,BL20) -> 0 | CI20: =SUM(T20,AQ20,BM20) -> 0 | CJ20: =SUM(U20,AR20,BN20) -> 0 | CK20: =SUM(V20,AS20,BO20) -> 0 | CL20: =SUM(W20,AT20,BP20) -> 0 | CM20: =SUM(X20,AU20,BQ20) -> 0 | CN20: =SUM(Y20,AV20,BR20) -> 0 | CO20: =SUM(Z20,AW20,BS20) -> 0 | CP20: =SUM(AA20,AX20,BT20) -> 0 | ... CZ20: =SUM(AK20,BH20,CD20) -> 0
A21: 53 | B21: Действующая | C21: Минобрнауки России | D21: Республика Алтай | E21: ВПО | F21: ФГБОУ ВПО | G21: ГАГУ | H21: Горно-Алтайский государственный университет | I21: федеральное государственное бюджетное образовательное учреждение высшего профессионального образования «Горно-Алтайский государственный университет» | J21: Отправлена на рассмотрение | K21: - | L21: да | M21: да | N21: 20 | O21: 19 | P21: 23 | Q21: 01 Физико-математические науки, 02 Естественные науки, 03 Гуманитарные науки, 08 Экономика и управление, 10 Сфера обслуживания | R21: 01 Физико-математические науки, 02 Естественные науки, 03 Гуманитарные науки, 05 Образование и педагогика, 08 Экономика и управление, 10 Сфера обслуживания, 11 Сельское и рыбное хозяйство | S21: 01 Физико-математические науки, 02 Естественные науки, 03 Гуманитарные науки, 05 Образование и педагогика, 08 Экономика и управление, 11 Сельское и рыбное хозяйство | T21: 31 | U21: 32 | V21: 31 | W21: 16 | X21: 16 | Y21: 16 | Z21: 0 | AA21: 0 | AB21: 0 | AC21: 0 | AD21: 0 | AE21: 0 | AF21: 0 | AG21: 0 | AH21: 0 | AI21: 9 | AJ21: 9 | AK21: 9 | AM21: 0 | AN21: 0 | AO21: 0 | AP21: 0 | AQ21: 0 | AR21: 0 | AS21: 0 | AT21: 0 | AU21: 0 | AV21: 0 | AW21: 0 | AX21: 0 | AY21: 0 | AZ21: 0 | BA21: 0 | BB21: 0 | BC21: 0 | BD21: 0 | BE21: 0 | BF21: 0 | BG21: 0 | BH21: 0 | BI21: 0 | BJ21: 0 | BK21: 0 | BL21: 0 | BM21: 0 | BN21: 0 | BO21: 0 | BP21: 0 | BQ21: 0 | BR21: 0 | BS21: 0 | BT21: 0 | BU21: 0 | BV21: 0 | BW21: 0 | BX21: 0 | BY21: 0 | BZ21: 0 | CA21: 0 | CB21: 0 | CC21: 0 | CD21: 0 | CE21: =SUM(AM21,BI21) -> 0 | CF21: =SUM(N21,AN21,BJ21) -> 20 | CG21: =SUM(O21,AO21,BK21) -> 19 | CH21: =SUM(P21,AP21,BL21) -> 23 | CI21: =SUM(T21,AQ21,BM21) -> 31 | CJ21: =SUM(U21,AR21,BN21) -> 32 | CK21: =SUM(V21,AS21,BO21) -> 31 | CL21: =SUM(W21,AT21,BP21) -> 16 | CM21: =SUM(X21,AU21,BQ21) -> 16 | CN21: =SUM(Y21,AV21,BR21) -> 16 | CO21: =SUM(Z21,AW21,BS21) -> 0 | CP21: =SUM(AA21,AX21,BT21) -> 0 | ... CZ21: =SUM(AK21,BH21,CD21) -> 9
A22: 54 | B22: Действующая | C22: Минобрнауки России | D22: Москва | E22: ВПО | F22: ФГБОУ ВПО | G22: ФГБОУ ВПО «ГАСК» | H22: Государственная академия славянской культуры | I22: федеральное государственное бюджетное образовательное учреждение высшего профессионального образования «Государственная академия славянской культуры» | J22: - | K22: - | L22: да | M22: нет | N22: - | O22: - | P22: - | Q22: - | R22: - | S22: - | T22: - | U22: - | V22: - | W22: - | X22: - | Y22: - | Z22: - | AA22: - | AB22: - | AC22: - | AD22: - | AE22: - | AF22: - | AG22: - | AH22: - | AI22: - | AJ22: - | AK22: - | AL22: - | AM22: - | AN22: - | AO22: - | AP22: - | AQ22: - | AR22: - | AS22: - | AT22: - | AU22: - | AV22: - | AW22: - | AX22: - | AY22: - | AZ22: - | BA22: - | BB22: - | BC22: - | BD22: - | BE22: - | BF22: - | BG22: - | BH22: - | BI22: - | BJ22: - | BK22: - | BL22: - | BM22: - | BN22: - | BO22: - | BP22: - | BQ22: - | BR22: - | BS22: - | BT22: - | BU22: - | BV22: - | BW22: - | BX22: - | BY22: - | BZ22: - | CA22: - | CB22: - | CC22: - | CD22: - | CE22: =SUM(AM22,BI22) -> 0 | CF22: =SUM(N22,AN22,BJ22) -> 0 | CG22: =SUM(O22,AO22,BK22) -> 0 | CH22: =SUM(P22,AP22,BL22) -> 0 | CI22: =SUM(T22,AQ22,BM22) -> 0 | CJ22: =SUM(U22,AR22,BN22) -> 0 | CK22: =SUM(V22,AS22,BO22) -> 0 | CL22: =SUM(W22,AT22,BP22) -> 0 | CM22: =SUM(X22,AU22,BQ22) -> 0 | CN22: =SUM(Y22,AV22,BR22) -> 0 | CO22: =SUM(Z22,AW22,BS22) -> 0 | CP22: =SUM(AA22,AX22,BT22) -> 0 | ... CZ22: =SUM(AK22,BH22,CD22) -> 0
A23: 144 | B23: Действующая | C23: Минобрнауки России | D23: Москва | E23: ВПО | F23: ФГБОУ ВПО | G23: ФГБОУ ВПО «МГСУ» | H23: Московский государственный строительный университет | I23: федеральное государственное бюджетное образовательное учреждение высшего профессионального образования «Московский государственный строительный университет» | J23: Отправлена на рассмотрение | K23: - | L23: да | M23: да | N23: 36 | O23: 31 | P23: 28 | Q23: Экономика, Менеджмент, Строительство | R23: Экономика, Менеджмент, Строительство | S23: Экономика, Менеджмент, Строительство | T23: 72 | U23: 72 | V23: 72 | W23: 19 | X23: 19 | Y23: 19 | Z23: 0 | AA23: 0 | AB23: 0 | AC23: 5 | AD23: 5 | AE23: 5 | AF23: 14 | AG23: 14 | AH23: 14 | AI23: 19 | AJ23: 19 | AK23: 19 | AL23: Сведения представлены с учетом возможности нахождения в зданиях обучающихся с соматическими заболеваниями | AM23: 2 | AN23: 1 | AO23: 2 | AP23: 1 | AQ23: 31 | AR23: 40 | AS23: 40 | AT23: 17 | AU23: 24 | AV23: 24 | AW23: 0 | AX23: 0 | AY23: 0 | AZ23: 0 | BA23: 0 | BB23: 0 | BC23: 17 | BD23: 24 | BE23: 24 | BF23: 17 | BG23: 24 | BH23: 24 | BI23: 2 | BJ23: 0 | BK23: 0 | BL23: 0 | BM23: 2 | BN23: 2 | BO23: 2 | BP23: 0 | BQ23: 0 | BR23: 0 | BS23: 0 | BT23: 0 | BU23: 0 | BV23: 0 | BW23: 0 | BX23: 0 | BY23: 0 | BZ23: 0 | CA23: 0 | CB23: 0 | CC23: 0 | CD23: 0 | CE23: =SUM(AM23,BI23) -> 4 | CF23: =SUM(N23,AN23,BJ23) -> 37 | CG23: =SUM(O23,AO23,BK23) -> 33 | CH23: =SUM(P23,AP23,BL23) -> 29 | CI23: =SUM(T23,AQ23,BM23) -> 105 | CJ23: =SUM(U23,AR23,BN23) -> 114 | CK23: =SUM(V23,AS23,BO23) -> 114 | CL23: =SUM(W23,AT23,BP23) -> 36 | CM23: =SUM(X23,AU23,BQ23) -> 43 | CN23: =SUM(Y23,AV23,BR23) -> 43 | CO23: =SUM(Z23,AW23,BS23) -> 0 | CP23: =SUM(AA23,AX23,BT23) -> 0 | ... CZ23: =SUM(AK23,BH23,CD23) -> 43
A24: 60 | B24: Действующая | C24: Минобрнауки России | D24: Москва | E24: ВПО | F24: ФГБОУ ВПО | G24: ГУУ | H24: Государственный университет управления | I24: федеральное государственное бюджетное образовательное учреждение высшего профессионального образования «Государственный университет управления» | J24: Отправлена на рассмотрение | K24: - | L24: да | M24: да | N24: 74 | O24: 89 | P24: 79 | Q24: Юриспруденция Реклама и связи с общественностью Документоведение и архивоведение Экономика Менеджмент Государственное и муниципальное управление Прикладная математика и информатика Мировая экономика Финансы и кредит Налоги и налогообложение Маркетинг Управление персоналом Управление инновациями | R24: Юриспруденция Реклама и связи с общественностью Документоведение и архивоведение Экономика Менеджмент Государственное и муниципальное управление Прикладная математика и информатика Мировая экономика Финансы и кредит Налоги и налогообложение Маркетинг Управление персоналом Управление инновациями | S24: Юриспруденция Реклама и связи с общественностью Документоведение и архивоведение Экономика Менеджмент Государственное и муниципальное управление Прикладная математика и информатика Мировая экономика Финансы и кредит Налоги и налогообложение Маркетинг Управление персоналом Управление инновациями | T24: 9 | U24: 9 | V24: 10 | W24: 8 | X24: 8 | Y24: 9 | Z24: 4 | AA24: 4 | AB24: 5 | AC24: 2 | AD24: 2 | AE24: 2 | AF24: 2 | AG24: 2 | AH24: 2 | AI24: 8 | AJ24: 8 | AK24: 9 | AL24: - | AM24: 1 | AN24: 0 | AO24: 0 | AP24: 0 | AQ24: 3 | AR24: 3 | AS24: 3 | AT24: 2 | AU24: 2 | AV24: 2 | AW24: 1 | AX24: 1 | AY24: 1 | AZ24: 1 | BA24: 1 | BB24: 1 | BC24: 0 | BD24: 0 | BE24: 0 | BF24: 2 | BG24: 2 | BH24: 2 | BI24: 0 | BJ24: 0 | BK24: 0 | BL24: 0 | BM24: 0 | BN24: 0 | BO24: 0 | BP24: 0 | BQ24: 0 | BR24: 0 | BS24: 0 | BT24: 0 | BU24: 0 | BV24: 0 | BW24: 0 | BX24: 0 | BY24: 0 | BZ24: 0 | CA24: 0 | CB24: 0 | CC24: 0 | CD24: 0 | CE24: =SUM(AM24,BI24) -> 1 | CF24: =SUM(N24,AN24,BJ24) -> 74 | CG24: =SUM(O24,AO24,BK24) -> 89 | CH24: =SUM(P24,AP24,BL24) -> 79 | CI24: =SUM(T24,AQ24,BM24) -> 12 | CJ24: =SUM(U24,AR24,BN24) -> 12 | CK24: =SUM(V24,AS24,BO24) -> 13 | CL24: =SUM(W24,AT24,BP24) -> 10 | CM24: =SUM(X24,AU24,BQ24) -> 10 | CN24: =SUM(Y24,AV24,BR24) -> 11 | CO24: =SUM(Z24,AW24,BS24) -> 5 | CP24: =SUM(AA24,AX24,BT24) -> 5 | ... CZ24: =SUM(AK24,BH24,CD24) -> 11
A25: 63 | B25: Действующая | C25: Минобрнауки России | D25: Республика Дагестан | E25: ВПО | F25: ФГБОУ ВПО | G25: ФГБОУ ВПО «ДГТУ» | H25: Дагестанский государственный технический университет | I25: федеральное государственное бюджетное образовательное учреждение высшего профессионального образования «Дагестанский государственный технический университет» | J25: Отправлена на рассмотрение | K25: - | L25: да | M25: да | N25: 87 | O25: 80 | P25: 73 | Q25: 230000 - Информационная и вычислительная техника, 270000 - Архитектура и строительство, 030000 - Гуманитарные науки, 080000 - Экономика и управление, 100000 - Сфера обслуживания, 190000 - Транспортные средства, 240000 - Химическая и биотехнологии, 260000 - Технология продовольственных продуктов и потребительских товаров, 130000 - Геология, разведка и разработка полезных ископаемых, 140000 - Энергетика, энергетическое машиностроение и электротехника, 220000 - Автоматика и управление | R25: 230000 - Информационная и вычислительная техника, 270000 - Архитектура и строительство, 030000 - Гуманитарные науки, 080000 - Экономика и управление, 100000 - Сфера обслуживания, 190000 - Транспортные средства, 240000 - Химическая и биотехнологии, 260000 - Технология продовольственных продуктов и потребительских товаров, 130000 - Геология, разведка и разработка полезных ископаемых, 140000 - Энергетика, энергетическое машиностроение и электротехника, 220000 - Автоматика и управление, 280000 - Безопасность жизнедеятельности, природообустройство и защита окружающей среды | S25: 230000 - Информационная и вычислительная техника, 270000 - Архитектура и строительство, 030000 - Гуманитарные науки, 080000 - Экономика и управление, 100000 - Сфера обслуживания, 240000 - Химическая и биотехнологии, 260000 - Технология продовольственных продуктов и потребительских товаров, 130000 - Геология, разведка и разработка полезных ископаемых, 140000 - Энергетика, энергетическое машиностроение и электротехника, 220000 - Автоматика и управление, 280000 - Безопасность жизнедеятельности, природообустройство и защита окружающей среды | T25: 26 | U25: 26 | V25: 28 | W25: 14 | X25: 14 | Y25: 15 | Z25: 5 | AA25: 5 | AB25: 6 | AC25: 14 | AD25: 14 | AE25: 15 | AF25: 0 | AG25: 0 | AH25: 0 | AI25: 10 | AJ25: 11 | AK25: 13 | AM25: 3 | AN25: 5 | AO25: 3 | AP25: 3 | AQ25: 10 | AR25: 10 | AS25: 12 | AT25: 8 | AU25: 8 | AV25: 9 | AW25: 4 | AX25: 4 | AY25: 6 | AZ25: 10 | BA25: 10 | BB25: 12 | BC25: 0 | BD25: 0 | BE25: 0 | BF25: 8 | BG25: 8 | BH25: 10 | BI25: 0 | BJ25: 0 | BK25: 0 | BL25: 0 | BM25: 0 | BN25: 0 | BO25: 0 | BP25: 0 | BQ25: 0 | BR25: 0 | BS25: 0 | BT25: 0 | BU25: 0 | BV25: 0 | BW25: 0 | BX25: 0 | BY25: 0 | BZ25: 0 | CA25: 0 | CB25: 0 | CC25: 0 | CD25: 0 | CE25: =SUM(AM25,BI25) -> 3 | CF25: =SUM(N25,AN25,BJ25) -> 92 | CG25: =SUM(O25,AO25,BK25) -> 83 | CH25: =SUM(P25,AP25,BL25) -> 76 | CI25: =SUM(T25,AQ25,BM25) -> 36 | CJ25: =SUM(U25,AR25,BN25) -> 36 | CK25: =SUM(V25,AS25,BO25) -> 40 | CL25: =SUM(W25,AT25,BP25) -> 22 | CM25: =SUM(X25,AU25,BQ25) -> 22 | CN25: =SUM(Y25,AV25,BR25) -> 24 | CO25: =SUM(Z25,AW25,BS25) -> 9 | CP25: =SUM(AA25,AX25,BT25) -> 9 | ... CZ25: =SUM(AK25,BH25,CD25) -> 23
A26: 67 | B26: Действующая | C26: Минобрнауки России | D26: Хабаровский край | E26: ВПО | F26: ФГБОУ ВПО | G26: ДВГГУ | H26: Дальневосточный государственный гуманитарный университет | I26: федеральное государственное бюджетное образовательное учреждение высшего профессионального образования «Дальневосточный государственный гуманитарный университет» | J26: Отправлена на рассмотрение | K26: - | L26: да | M26: да | N26: 4 | O26: 16 | P26: 14 | Q26: 03.0000 Гуманитарные науки - 035700.62 Лингвистика, 031202.65 Перевод и переводоведение, 030301.65 Психология, | R26: 03.0000 Гуманитарные науки - 035700.62 Лингвистика, 031202.65 Перевод и переводоведение, 030602.65 Связи с общественностью, 030301.65 Психология; 04.0000 Социальные науки - 040101.65 Социальная работа; 05.0000 Образование и педагогика - 050716.65 Специальная психология, 050715.65 Логопедия, 050707.65 Педагогика и методика дошкольного образования; 07.0000 Культура и искусство - 07500.62 Дизайн, 070601.65 Дизайн. | S26: 03.0000 Гуманитарные науки - 035700.62 Лингвистика, 031202.65 Перевод и переводоведение, 030602.65 Связи с общественностью, 030301.65 Психология; 04.0000 Социальные науки - 040101.65 Социальная работа; 05.0000 Образование и педагогика - 050100.62 Педагогическое образование История, 050716.65 Специальная психология, 050715.65 Логопедия, 050707.65 Педагогика и методика дошкольного образования; 07.0000 Культура и искусство - 07500.62 Дизайн, 070601.65 Дизайн. | T26: 17 | U26: 17 | V26: 17 | W26: 12 | X26: 12 | Y26: 12 | Z26: 0 | AA26: 0 | AB26: 0 | AC26: 12 | AD26: 12 | AE26: 12 | AF26: 12 | AG26: 12 | AH26: 12 | AI26: 0 | AJ26: 0 | AK26: 0 | AM26: 0 | AN26: 0 | AO26: 0 | AP26: 0 | AQ26: 0 | AR26: 0 | AS26: 0 | AT26: 0 | AU26: 0 | AV26: 0 | AW26: 0 | AX26: 0 | AY26: 0 | AZ26: 0 | BA26: 0 | BB26: 0 | BC26: 0 | BD26: 0 | BE26: 0 | BF26: 0 | BG26: 0 | BH26: 0 | BI26: 0 | BJ26: 0 | BK26: 0 | BL26: 0 | BM26: 0 | BN26: 0 | BO26: 0 | BP26: 0 | BQ26: 0 | BR26: 0 | BS26: 0 | BT26: 0 | BU26: 0 | BV26: 0 | BW26: 0 | BX26: 0 | BY26: 0 | BZ26: 0 | CA26: 0 | CB26: 0 | CC26: 0 | CD26: 0 | CE26: =SUM(AM26,BI26) -> 0 | CF26: =SUM(N26,AN26,BJ26) -> 4 | CG26: =SUM(O26,AO26,BK26) -> 16 | CH26: =SUM(P26,AP26,BL26) -> 14 | CI26: =SUM(T26,AQ26,BM26) -> 17 | CJ26: =SUM(U26,AR26,BN26) -> 17 | CK26: =SUM(V26,AS26,BO26) -> 17 | CL26: =SUM(W26,AT26,BP26) -> 12 | CM26: =SUM(X26,AU26,BQ26) -> 12 | CN26: =SUM(Y26,AV26,BR26) -> 12 | CO26: =SUM(Z26,AW26,BS26) -> 0 | CP26: =SUM(AA26,AX26,BT26) -> 0 | ... CZ26: =SUM(AK26,BH26,CD26) -> 0
A27: 230 | B27: Действующая | C27: Минобрнауки России | D27: Рязанская область | E27: ВПО | F27: ФГБОУ ВПО | G27: ФГБОУ ВПО «РГРТУ» | H27: Рязанский государственный радиотехнический университет | I27: федеральное государственное бюджетное образовательное учреждение высшего профессионального образования «Рязанский государственный радиотехнический университет» | J27: Отправлена на рассмотрение | K27: - | L27: да | M27: да | N27: 16 | O27: 23 | P27: 20 | Q27: Количество обучающихся - 16 чел. По специальностям: 080000 "Экономика и управление", 210000 "Электронная техника, радиотехника и связь", 090000 "Информационная безопасность", 040000 "Социальные науки", 200000 "Приборостроение и оптотехника", 220000 "Автоматика и управление", 230000 "Информатика и вычислительная техника". | R27: Количество обучающихся - 23 чел. По специальностям: 080000 "Экономика и управление", 210000 "Электронная техника, радиотехника и связь", 090000 "Информационная безопасность", 040000 "Социальные науки", 200000 "Приборостроение и оптотехника", 220000 "Автоматика и управление", 230000 "Информатика и вычислительная техника", 010000 "Физико-математические науки". | S27: Количество обучающихся - 20 чел. По специальностям: 080000 "Экономика и управление", 210000 "Электронная техника, радиотехника и связь", 090000 "Информационная безопасность", 040000 "Социальные науки", 220000 "Автоматика и управление", 230000 "Информатика и вычислительная техника", 010000 "Физико-математические науки". | T27: 48 | U27: 51 | V27: 51 | W27: 11 | X27: 13 | Y27: 13 | Z27: 2 | AA27: 4 | AB27: 4 | AC27: 0 | AD27: 1 | AE27: 1 | AF27: 9 | AG27: 8 | AH27: 8 | AI27: 11 | AJ27: 13 | AK27: 13 | AL27: 0 | AM27: 1 | AN27: 0 | AO27: 0 | AP27: 0 | AQ27: 0 | AR27: 0 | AS27: 0 | AT27: 0 | AU27: 0 | AV27: 0 | AW27: 0 | AX27: 0 | AY27: 0 | AZ27: 0 | BA27: 0 | BB27: 0 | BC27: 0 | BD27: 0 | BE27: 0 | BF27: 0 | BG27: 0 | BH27: 0 | BI27: 0 | BJ27: 0 | BK27: 0 | BL27: 0 | BM27: 0 | BN27: 0 | BO27: 0 | BP27: 0 | BQ27: 0 | BR27: 0 | BS27: 0 | BT27: 0 | BU27: 0 | BV27: 0 | BW27: 0 | BX27: 0 | BY27: 0 | BZ27: 0 | CA27: 0 | CB27: 0 | CC27: 0 | CD27: 0 | CE27: =SUM(AM27,BI27) -> 1 | CF27: =SUM(N27,AN27,BJ27) -> 16 | CG27: =SUM(O27,AO27,BK27) -> 23 | CH27: =SUM(P27,AP27,BL27) -> 20 | CI27: =SUM(T27,AQ27,BM27) -> 48 | CJ27: =SUM(U27,AR27,BN27) -> 51 | CK27: =SUM(V27,AS27,BO27) -> 51 | CL27: =SUM(W27,AT27,BP27) -> 11 | CM27: =SUM(X27,AU27,BQ27) -> 13 | CN27: =SUM(Y27,AV27,BR27) -> 13 | CO27: =SUM(Z27,AW27,BS27) -> 2 | CP27: =SUM(AA27,AX27,BT27) -> 4 | ... CZ27: =SUM(AK27,BH27,CD27) -> 13
A28: 266 | B28: Действующая | C28: Минобрнауки России | D28: Ставропольский край | E28: ВПО | F28: ФГАОУ ВПО | G28: СКФУ | H28: Северо-Кавказский федеральный университет | I28: федеральное государственное автономное образовательное учреждение высшего профессионального образования «Северо-Кавказский федеральный университет» | J28: Отправлена на рассмотрение | K28: - | L28: да | M28: да | N28: 25 | O28: 32 | P28: 62 | Q28: 010000 - Физико-математические науки, 020000 - Естественные науки, 030000 - Гуманитарные науки, 040000 - Социальные науки, 050000 - Образование и педагогика, 060000 - Здравоохранение, 070000 - Культура и искусство, 080000 - Экономика и управление, 090000 - Информационная безопасность, 120000 - Геодезия и землеустройство, 130000 - Геология, разведка и разработка полезных ископаемых, 140000 - Энергетика, энергетическое машиностроение и электротехника, 270000 - Архитектура и строительство. | R28: 010000 - Физико-математические науки, 020000 - Естественные науки, 030000 - Гуманитарные науки, 040000 - Социальные науки, 050000 - Образование и педагогика, 060000 - Здравоохранение, 070000 - Культура и искусство, 080000 - Экономика и управление, 090000 - Информационная безопасность, 120000 - Геодезия и землеустройство, 130000 - Геология, разведка и разработка полезных ископаемых, 140000 - Энергетика, энергетическое машиностроение и электротехника, 270000 - Архитектура и строительство. | S28: 010000 - Физико-математические науки, 020000 - Естественные науки, 030000 - Гуманитарные науки, 040000 - Социальные науки, 050000 - Образование и педагогика, 060000 - Здравоохранение, 070000 - Культура и искусство, 080000 - Экономика и управление, 090000 - Информационная безопасность, 120000 - Геодезия и землеустройство, 130000 - Геология, разведка и разработка полезных ископаемых, 140000 - Энергетика, энергетическое машиностроение и электротехника, 270000 - Архитектура и строительство. | T28: 0 | U28: 67 | V28: 68 | W28: 0 | X28: 33 | Y28: 34 | Z28: 0 | AA28: 2 | AB28: 3 | AC28: 0 | AD28: 5 | AE28: 5 | AF28: 0 | AG28: 26 | AH28: 26 | AI28: 0 | AJ28: 0 | AK28: 0 | AL28: Информация за 2011 год не представлена в связи с тем, что Северо-Кавказский федеральный университет образован распоряженим Правительства Российской Федерации №226-р от 22.02.2012 г. | AM28: 6 | AN28: 0 | AO28: 0 | AP28: 35 | AQ28: 0 | AR28: 53 | AS28: 48 | AT28: 0 | AU28: 35 | AV28: 30 | AW28: 0 | AX28: 0 | AY28: 0 | AZ28: 0 | BA28: 0 | BB28: 0 | BC28: 0 | BD28: 35 | BE28: 30 | BF28: 0 | BG28: 0 | BH28: 0 | BI28: 5 | BJ28: 0 | BK28: 0 | BL28: 0 | BM28: 0 | BN28: 0 | BO28: 0 | BP28: 0 | BQ28: 0 | BR28: 0 | BS28: 0 | BT28: 0 | BU28: 0 | BV28: 0 | BW28: 0 | BX28: 0 | BY28: 0 | BZ28: 0 | CA28: 0 | CB28: 0 | CC28: 0 | CD28: 0 | CE28: =SUM(AM28,BI28) -> 11 | CF28: =SUM(N28,AN28,BJ28) -> 25 | CG28: =SUM(O28,AO28,BK28) -> 32 | CH28: =SUM(P28,AP28,BL28) -> 97 | CI28: =SUM(T28,AQ28,BM28) -> 0 | CJ28: =SUM(U28,AR28,BN28) -> 120 | CK28: =SUM(V28,AS28,BO28) -> 116 | CL28: =SUM(W28,AT28,BP28) -> 0 | CM28: =SUM(X28,AU28,BQ28) -> 68 | CN28: =SUM(Y28,AV28,BR28) -> 64 | CO28: =SUM(Z28,AW28,BS28) -> 0 | CP28: =SUM(AA28,AX28,BT28) -> 2 | ... CZ28: =SUM(AK28,BH28,CD28) -> 0
A29: 305 | B29: Действующая | C29: Минобрнауки России | D29: Ульяновская область | E29: ВПО | F29: ФГБОУ ВПО | G29: УлГТУ | H29: Ульяновский государственный технический университет | I29: федеральное государственное бюджетное образовательное учреждение высшего профессионального образования «Ульяновский государственный технический университет» | J29: Отправлена на рассмотрение | K29: - | L29: да | M29: да | N29: 22 | O29: 27 | P29: 32 | Q29: эконмика и управление, электронная техника, радиотехника и связь, архитектура и строительство, информатика и вычислительная техника,энегретика, энергетическое машиностроение и электротехника, гуманитарные науки | R29: эконмика и управление, электронная техника, радиотехника и связь, архитектура и строительство, информатика и вычислительная техника, энегретика, энергетическое машиностроение и электротехника, гуманитарные науки | S29: эконмика и управление, электронная техника, радиотехника и связь, архитектура и строительство, информатика и вычислительная техника, энегретика, энергетическое машиностроение и электротехника | T29: 103 | U29: 91 | V29: 92 | W29: 18 | X29: 18 | Y29: 19 | Z29: 1 | AA29: 1 | AB29: 1 | AC29: 16 | AD29: 16 | AE29: 17 | AF29: 1 | AG29: 1 | AH29: 1 | AI29: 0 | AJ29: 0 | AK29: 0 | AL29: без помещений | AM29: 1 | AN29: 0 | AO29: 0 | AP29: 0 | AQ29: 3 | AR29: 3 | AS29: 3 | AT29: 2 | AU29: 2 | AV29: 2 | AW29: 0 | AX29: 0 | AY29: 0 | AZ29: 1 | BA29: 1 | BB29: 1 | BC29: 1 | BD29: 1 | BE29: 1 | BF29: 0 | BG29: 0 | BH29: 0 | BI29: 0 | BJ29: 0 | BK29: 0 | BL29: 0 | BM29: 0 | BN29: 0 | BO29: 0 | BP29: 0 | BQ29: 0 | BR29: 0 | BS29: 0 | BT29: 0 | BU29: 0 | BV29: 0 | BW29: 0 | BX29: 0 | BY29: 0 | BZ29: 0 | CA29: 0 | CB29: 0 | CC29: 0 | CD29: 0 | CE29: =SUM(AM29,BI29) -> 1 | CF29: =SUM(N29,AN29,BJ29) -> 22 | CG29: =SUM(O29,AO29,BK29) -> 27 | CH29: =SUM(P29,AP29,BL29) -> 32 | CI29: =SUM(T29,AQ29,BM29) -> 106 | CJ29: =SUM(U29,AR29,BN29) -> 94 | CK29: =SUM(V29,AS29,BO29) -> 95 | CL29: =SUM(W29,AT29,BP29) -> 20 | CM29: =SUM(X29,AU29,BQ29) -> 20 | CN29: =SUM(Y29,AV29,BR29) -> 21 | CO29: =SUM(Z29,AW29,BS29) -> 1 | CP29: =SUM(AA29,AX29,BT29) -> 1 | ... CZ29: =SUM(AK29,BH29,CD29) -> 0
A30: 328 | B30: Действующая | C30: Минобрнауки России | D30: Забайкальский край | E30: ВПО | F30: ФГБОУ ВПО | G30: ФГБОУ ВПО «ЗабГУ» | H30: Забайкальский государственный университет | I30: федеральное государственное бюджетное образовательное учреждение высшего профессионального образования «Забайкальский государственный университет» | J30: Отправлена на рассмотрение | K30: - | L30: да | M30: да | N30: 36 | O30: 27 | P30: 2 | Q30: 022000, 030200, 030300, 031300, 031600, 035700, 040100, 040101, 033000, 040400, 050100, 050400, 050700, 072500, 080503, 080504, 270102 | R30: 022000, 030200, 030300, 030900, 031300, 031600, 035700, 040100, 040101, 040400, 050100, 050700, 071800, 072500, 080503, 270102 | S30: 030200, 030300, 030900, 031300, 031600, 035700, 040400, 050100, 071800, 072500 | T30: 29 | U30: 108 | V30: 108 | W30: 16 | X30: 31 | Y30: 31 | Z30: 0 | AA30: 0 | AB30: 0 | AC30: 0 | AD30: 0 | AE30: 0 | AF30: 0 | AG30: 0 | AH30: 0 | AI30: 0 | AJ30: 0 | AK30: 0 | AM30: 0 | AN30: 0 | AO30: 0 | AP30: 0 | AQ30: 0 | AR30: 0 | AS30: 0 | AT30: 0 | AU30: 0 | AV30: 0 | AW30: 0 | AX30: 0 | AY30: 0 | AZ30: 0 | BA30: 0 | BB30: 0 | BC30: 0 | BD30: 0 | BE30: 0 | BF30: 0 | BG30: 0 | BH30: 0 | BI30: 0 | BJ30: 0 | BK30: 0 | BL30: 0 | BM30: 0 | BN30: 0 | BO30: 0 | BP30: 0 | BQ30: 0 | BR30: 0 | BS30: 0 | BT30: 0 | BU30: 0 | BV30: 0 | BW30: 0 | BX30: 0 | BY30: 0 | BZ30: 0 | CA30: 0 | CB30: 0 | CC30: 0 | CD30: 0 | CE30: =SUM(AM30,BI30) -> 0 | CF30: =SUM(N30,AN30,BJ30) -> 36 | CG30: =SUM(O30,AO30,BK30) -> 27 | CH30: =SUM(P30,AP30,BL30) -> 2 | CI30: =SUM(T30,AQ30,BM30) -> 29 | CJ30: =SUM(U30,AR30,BN30) -> 108 | CK30: =SUM(V30,AS30,BO30) -> 108 | CL30: =SUM(W30,AT30,BP30) -> 16 | CM30: =SUM(X30,AU30,BQ30) -> 31 | CN30: =SUM(Y30,AV30,BR30) -> 31 | CO30: =SUM(Z30,AW30,BS30) -> 0 | CP30: =SUM(AA30,AX30,BT30) -> 0 | ... CZ30: =SUM(AK30,BH30,CD30) -> 0
A31: 336 | B31: Действующая | C31: Минобрнауки России | D31: Челябинская область | E31: ВПО | F31: ФГБОУ ВПО | G31: ФГБОУ ВПО «ЮУрГУ» (НИУ) | H31: Южно-Уральский государственный университет | I31: Федеральное государственное бюджетное образовательное учреждение высшего профессионального образования «Южно-Уральский государственный университет» (национальный исследовательский университет) | J31: Отправлена на рассмотрение | K31: - | L31: да | M31: да | N31: 73 | O31: 101 | P31: 83 | Q31: 030000 Гуманитраные науки, 050000 Образование и педагогика, 080000 Экономика и управление, 230000 Информатика и вычислительная техника, 260000 Технология продовольственных продуктов и потребительских товаров | R31: 010000 Физико-математические науки, 030000 Гуманитраные науки, 050000 Образование и педагогика, 080000 Экономика и управление, 140000 Энергетика, энергетическое машиностроение и электротехника,190000 Транспортные средства, 230000 Информатика и вычислительная техника, 260000 Технология продовольственных продуктов и потребительских товаров | S31: 030000 Гуманитраные науки, 050000 Образование и педагогика, 080000 Экономика и управление, 190000 Транспортные средства, 230000 Информатика и вычислительная техника, 260000 Технология продовольственных продуктов и потребительских товаров | T31: 56 | U31: 56 | V31: 56 | W31: 42 | X31: 42 | Y31: 42 | Z31: 1 | AA31: 1 | AB31: 1 | AC31: 35 | AD31: 35 | AE31: 35 | AF31: 6 | AG31: 6 | AH31: 6 | AI31: 42 | AJ31: 42 | AK31: 42 | AM31: 12 | AN31: 40 | AO31: 40 | AP31: 38 | AQ31: 23 | AR31: 24 | AS31: 25 | AT31: 23 | AU31: 24 | AV31: 25 | AW31: 1 | AX31: 1 | AY31: 1 | AZ31: 17 | BA31: 17 | BB31: 18 | BC31: 6 | BD31: 6 | BE31: 6 | BF31: 20 | BG31: 20 | BH31: 21 | BI31: 0 | BJ31: 0 | BK31: 0 | BL31: 0 | BM31: 0 | BN31: 0 | BO31: 0 | BP31: 0 | BQ31: 0 | BR31: 0 | BS31: 0 | BT31: 0 | BU31: 0 | BV31: 0 | BW31: 0 | BX31: 0 | BY31: 0 | BZ31: 0 | CA31: 0 | CB31: 0 | CC31: 0 | CD31: 0 | CE31: =SUM(AM31,BI31) -> 12 | CF31: =SUM(N31,AN31,BJ31) -> 113 | CG31: =SUM(O31,AO31,BK31) -> 141 | CH31: =SUM(P31,AP31,BL31) -> 121 | CI31: =SUM(T31,AQ31,BM31) -> 79 | CJ31: =SUM(U31,AR31,BN31) -> 80 | CK31: =SUM(V31,AS31,BO31) -> 81 | CL31: =SUM(W31,AT31,BP31) -> 65 | CM31: =SUM(X31,AU31,BQ31) -> 66 | CN31: =SUM(Y31,AV31,BR31) -> 67 | CO31: =SUM(Z31,AW31,BS31) -> 2 | CP31: =SUM(AA31,AX31,BT31) -> 2 | ... CZ31: =SUM(AK31,BH31,CD31) -> 63
A32: 96 | B32: Действующая | C32: Минобрнауки России | D32: Карачаево-Черкесская республика | E32: ВПО | F32: ФГБОУ ВПО | G32: СевКавГГТА | H32: Северо-Кавказская государственная гуманитарно-технологическая академия | I32: федеральное государственное бюджетное образовательное учреждение высшего профессионального образования «Северо-Кавказская государственная гуманитарно-технологическая академия» | J32: Отправлена на рассмотрение | K32: - | L32: да | M32: да | N32: 77 | O32: 46 | P32: 53 | Q32: 060000 здравоохранение, 070000 культура и исскуство, 080000 экономика и управление, 110000 сельское и рыбное хозяйство, 140000 энергетика, энергетическое машиностроение и электротехника, 150000 металлургия, машиностроение и материалообработка, 190000 транспортные средства, 230000 информатика и вычислительная техника, 260000 технология продовольственных продуктов и потребительских товаров, 270000 архитектура и строительство, 030000 гуманитарные науки | R32: 060000 здравоохранение, 070000 культура и исскуство, 080000 экономика и управление, 110000 сельское и рыбное хозяйство, 140000 энергетика, энергетическое машиностроение и электротехника, 150000 металлургия, машиностроение и материалообработка, 190000 транспортные средства, 230000 информатика и вычислительная техника, 260000 технология продовольственных продуктов и потребительских товаров, 270000 архитектура и строительство, 030000 гуманитарные науки | S32: 060000 здравоохранение, 070000 культура и исскуство, 080000 экономика и управление, 110000 сельское и рыбное хозяйство, 140000 энергетика, энергетическое машиностроение и электротехника, 150000 металлургия, машиностроение и материалообработка, 190000 транспортные средства, 230000 информатика и вычислительная техника, 260000 технология продовольственных продуктов и потребительских товаров, 270000 архитектура и строительство, 030000 гуманитарные науки | T32: 25 | U32: 26 | V32: 27 | W32: 24 | X32: 25 | Y32: 26 | Z32: 24 | AA32: 25 | AB32: 26 | AC32: 0 | AD32: 0 | AE32: 0 | AF32: 0 | AG32: 0 | AH32: 0 | AI32: 2 | AJ32: 2 | AK32: 2 | AM32: 1 | AN32: 0 | AO32: 0 | AP32: 0 | AQ32: 3 | AR32: 3 | AS32: 3 | AT32: 2 | AU32: 2 | AV32: 2 | AW32: 2 | AX32: 2 | AY32: 2 | AZ32: 0 | BA32: 0 | BB32: 0 | BC32: 0 | BD32: 0 | BE32: 0 | BF32: 1 | BG32: 1 | BH32: 1 | BI32: 0 | BJ32: 0 | BK32: 0 | BL32: 0 | BM32: 0 | BN32: 0 | BO32: 0 | BP32: 0 | BQ32: 0 | BR32: 0 | BS32: 0 | BT32: 0 | BU32: 0 | BV32: 0 | BW32: 0 | BX32: 0 | BY32: 0 | BZ32: 0 | CA32: 0 | CB32: 0 | CC32: 0 | CD32: 0 | CE32: =SUM(AM32,BI32) -> 1 | CF32: =SUM(N32,AN32,BJ32) -> 77 | CG32: =SUM(O32,AO32,BK32) -> 46 | CH32: =SUM(P32,AP32,BL32) -> 53 | CI32: =SUM(T32,AQ32,BM32) -> 28 | CJ32: =SUM(U32,AR32,BN32) -> 29 | CK32: =SUM(V32,AS32,BO32) -> 30 | CL32: =SUM(W32,AT32,BP32) -> 26 | CM32: =SUM(X32,AU32,BQ32) -> 27 | CN32: =SUM(Y32,AV32,BR32) -> 28 | CO32: =SUM(Z32,AW32,BS32) -> 26 | CP32: =SUM(AA32,AX32,BT32) -> 27 | ... CZ32: =SUM(AK32,BH32,CD32) -> 3
A33: 101 | B33: Действующая | C33: Минобрнауки России | D33: Владимирская область | E33: ВПО | F33: ФГБОУ ВПО | G33: ФГБОУ ВПО «КГТА им. В.А.Дегтярева» | H33: Ковровская государственная технологическая академия имени В.А.Дегтярева | I33: федеральное государственное бюджетное образовательное учреждение высшего профессионального образования «Ковровская государственная технологическая академия имени В.А.Дегтярева» | J33: Отправлена на рассмотрение | K33: - | L33: да | M33: да | N33: 19 | O33: 13 | P33: 9 | Q33: 030000, 080000, 190000, 200000, 220000, 230000 | R33: 030000, 080000, 190000, 200000, 220000, 230000 | S33: 030000, 080000, 190000, 200000, 220000, 230000 | T33: 37 | U33: 37 | V33: 37 | W33: 7 | X33: 7 | Y33: 7 | Z33: 0 | AA33: 0 | AB33: 0 | AC33: 0 | AD33: 0 | AE33: 0 | AF33: 7 | AG33: 7 | AH33: 7 | AI33: 7 | AJ33: 7 | AK33: 7 | AM33: 0 | AN33: 0 | AO33: 0 | AP33: 0 | AQ33: 0 | AR33: 0 | AS33: 0 | AT33: 0 | AU33: 0 | AV33: 0 | AW33: 0 | AX33: 0 | AY33: 0 | AZ33: 0 | BA33: 0 | BB33: 0 | BC33: 0 | BD33: 0 | BE33: 0 | BF33: 0 | BG33: 0 | BH33: 0 | BI33: 0 | BJ33: 0 | BK33: 0 | BL33: 0 | BM33: 0 | BN33: 0 | BO33: 0 | BP33: 0 | BQ33: 0 | BR33: 0 | BS33: 0 | BT33: 0 | BU33: 0 | BV33: 0 | BW33: 0 | BX33: 0 | BY33: 0 | BZ33: 0 | CA33: 0 | CB33: 0 | CC33: 0 | CD33: 0 | CE33: =SUM(AM33,BI33) -> 0 | CF33: =SUM(N33,AN33,BJ33) -> 19 | CG33: =SUM(O33,AO33,BK33) -> 13 | CH33: =SUM(P33,AP33,BL33) -> 9 | CI33: =SUM(T33,AQ33,BM33) -> 37 | CJ33: =SUM(U33,AR33,BN33) -> 37 | CK33: =SUM(V33,AS33,BO33) -> 37 | CL33: =SUM(W33,AT33,BP33) -> 7 | CM33: =SUM(X33,AU33,BQ33) -> 7 | CN33: =SUM(Y33,AV33,BR33) -> 7 | CO33: =SUM(Z33,AW33,BS33) -> 0 | CP33: =SUM(AA33,AX33,BT33) -> 0 | ... CZ33: =SUM(AK33,BH33,CD33) -> 7
A34: 131 | B34: Действующая | C34: Минобрнауки России | D34: Москва | E34: ВПО | F34: ФГБОУ ВПО | G34: МАИ | H34: Московский авиационный институт (национальный исследовательский университет) | I34: федеральное государственное бюджетное образовательное учреждение высшего профессионального образования «Московский авиационный институт (национальный исследовательский университет)» | J34: Отправлена на рассмотрение | K34: - | L34: да | M34: да | N34: 50 | O34: 56 | P34: 43 | Q34: Экономика и управление; Авиационная и ракетно-космическая техника; Приборостроение и оптотехника, радиотехника и связь; Электронная техника, радиотехника и связь; Автоматика и управление; Информатика и вычислительная техника | R34: Экономика и управление; Авиационная и ракетно-космическая техника; Приборостроение и оптотехника, радиотехника и связь; Электронная техника, радиотехника и связь; Автоматика и управление; Информатика и вычислительная техника | S34: Экономика и управление; Авиационная и ракетно-космическая техника; Приборостроение и оптотехника, радиотехника и связь; Электронная техника, радиотехника и связь; Автоматика и управление; Информатика и вычислительная техника | T34: 159 | U34: 158 | V34: 158 | W34: 43 | X34: 42 | Y34: 42 | Z34: 0 | AA34: 0 | AB34: 0 | AC34: 0 | AD34: 0 | AE34: 0 | AF34: 43 | AG34: 42 | AH34: 42 | AI34: 0 | AJ34: 0 | AK34: 0 | AM34: 2 | AN34: 0 | AO34: 0 | AP34: 0 | AQ34: 2 | AR34: 2 | AS34: 2 | AT34: 2 | AU34: 2 | AV34: 2 | AW34: 0 | AX34: 0 | AY34: 0 | AZ34: 0 | BA34: 0 | BB34: 0 | BC34: 2 | BD34: 2 | BE34: 2 | BF34: 0 | BG34: 0 | BH34: 0 | BI34: 0 | BJ34: 0 | BK34: 0 | BL34: 0 | BM34: 0 | BN34: 0 | BO34: 0 | BP34: 0 | BQ34: 0 | BR34: 0 | BS34: 0 | BT34: 0 | BU34: 0 | BV34: 0 | BW34: 0 | BX34: 0 | BY34: 0 | BZ34: 0 | CA34: 0 | CB34: 0 | CC34: 0 | CD34: 0 | CE34: =SUM(AM34,BI34) -> 2 | CF34: =SUM(N34,AN34,BJ34) -> 50 | CG34: =SUM(O34,AO34,BK34) -> 56 | CH34: =SUM(P34,AP34,BL34) -> 43 | CI34: =SUM(T34,AQ34,BM34) -> 161 | CJ34: =SUM(U34,AR34,BN34) -> 160 | CK34: =SUM(V34,AS34,BO34) -> 160 | CL34: =SUM(W34,AT34,BP34) -> 45 | CM34: =SUM(X34,AU34,BQ34) -> 44 | CN34: =SUM(Y34,AV34,BR34) -> 44 | CO34: =SUM(Z34,AW34,BS34) -> 0 | CP34: =SUM(AA34,AX34,BT34) -> 0 | ... CZ34: =SUM(AK34,BH34,CD34) -> 0
A35: 1593 | B35: Действующая | C35: Россвязь | D35: Москва | E35: ВПО | F35: ФГОБУ ВПО | G35: ФГОБУ ВПО МТУСИ | H35: Московский технический университет связи и информатики | I35: федеральное государственное образовательное бюджетное учреждение высшего профессионального образования Московский технический университет связи и информатики | J35: Отправлена на рассмотрение | K35: - | L35: да | M35: да | N35: 4 | O35: 5 | P35: 5 | Q35: 080000 - Экономика и управление, 210000 - Электронная техника, радиотехника и связь | R35: 080000 - Экономика и управление, 210000 - Электронная техника, радиотехника и связь | S35: 080000 - Экономика и управление, 210000 - Электронная техника, радиотехника и связь | T35: 37 | U35: 37 | V35: 37 | W35: 15 | X35: 15 | Y35: 15 | Z35: 0 | AA35: 0 | AB35: 0 | AC35: 1 | AD35: 1 | AE35: 1 | AF35: 14 | AG35: 14 | AH35: 14 | AI35: 5 | AJ35: 5 | AK35: 5 | AM35: 2 | AN35: 0 | AO35: 0 | AP35: 0 | AQ35: 2 | AR35: 2 | AS35: 2 | AT35: 2 | AU35: 2 | AV35: 2 | AW35: 0 | AX35: 0 | AY35: 0 | AZ35: 0 | BA35: 0 | BB35: 0 | BC35: 2 | BD35: 2 | BE35: 2 | BF35: 0 | BG35: 0 | BH35: 0 | BI35: 0 | BJ35: 0 | BK35: 0 | BL35: 0 | BM35: 0 | BN35: 0 | BO35: 0 | BP35: 0 | BQ35: 0 | BR35: 0 | BS35: 0 | BT35: 0 | BU35: 0 | BV35: 0 | BW35: 0 | BX35: 0 | BY35: 0 | BZ35: 0 | CA35: 0 | CB35: 0 | CC35: 0 | CD35: 0 | CE35: =SUM(AM35,BI35) -> 2 | CF35: =SUM(N35,AN35,BJ35) -> 4 | CG35: =SUM(O35,AO35,BK35) -> 5 | CH35: =SUM(P35,AP35,BL35) -> 5 | CI35: =SUM(T35,AQ35,BM35) -> 39 | CJ35: =SUM(U35,AR35,BN35) -> 39 | CK35: =SUM(V35,AS35,BO35) -> 39 | CL35: =SUM(W35,AT35,BP35) -> 17 | CM35: =SUM(X35,AU35,BQ35) -> 17 | CN35: =SUM(Y35,AV35,BR35) -> 17 | CO35: =SUM(Z35,AW35,BS35) -> 0 | CP35: =SUM(AA35,AX35,BT35) -> 0 | ... CZ35: =SUM(AK35,BH35,CD35) -> 5
A36: 146 | B36: Действующая | C36: Минобрнауки России | D36: Москва | E36: ВПО | F36: ФГБОУ ВПО | G36: Университет машиностроения | H36: Московский государственный машиностроительный университет (МАМИ) | I36: федеральное государственное бюджетное образовательное учреждение высшего профессионального образования «Московский государственный машиностроительный университет (МАМИ)» | J36: Отправлена на рассмотрение | K36: - | L36: да | M36: да | N36: 16 | O36: 16 | P36: 9 | Q36: 080000 - Экономика и упраление, 150000 - Металлургия, машиностроение и материалообработка, 190000 - Транспортные средства, 220000 - Автоматика и управление | R36: 080000 - Экономика и управление, 150000 - Металлургия, машиностроение и материалообработка, 190000 - Транспортные средства, 220000 - Автоматика и управление | S36: 080000 - Экономика и управление, 190000 - Транспортные средства, 280000 - Безопасность жизнедеятельности | T36: 12 | U36: 31 | V36: 31 | W36: 10 | X36: 19 | Y36: 19 | Z36: 0 | AA36: 0 | AB36: 0 | AC36: 10 | AD36: 19 | AE36: 19 | AF36: 0 | AG36: 0 | AH36: 0 | AI36: 10 | AJ36: 17 | AK36: 17 | AL36: Инвалиды и лица с ограниченными возможностями здоровья, обучающиеся в Университете машиностроения, имеют заболевания только соматического характера | AM36: 5 | AN36: 0 | AO36: 0 | AP36: 0 | AQ36: 21 | AR36: 29 | AS36: 49 | AT36: 9 | AU36: 13 | AV36: 24 | AW36: 0 | AX36: 0 | AY36: 0 | AZ36: 9 | BA36: 13 | BB36: 24 | BC36: 0 | BD36: 0 | BE36: 0 | BF36: 9 | BG36: 12 | BH36: 21 | BI36: 4 | BJ36: 0 | BK36: 0 | BL36: 0 | BM36: 4 | BN36: 4 | BO36: 4 | BP36: 4 | BQ36: 4 | BR36: 4 | BS36: 0 | BT36: 0 | BU36: 0 | BV36: 4 | BW36: 4 | BX36: 4 | BY36: 0 | BZ36: 0 | CA36: 0 | CB36: 4 | CC36: 4 | CD36: 4 | CE36: =SUM(AM36,BI36) -> 9 | CF36: =SUM(N36,AN36,BJ36) -> 16 | CG36: =SUM(O36,AO36,BK36) -> 16 | CH36: =SUM(P36,AP36,BL36) -> 9 | CI36: =SUM(T36,AQ36,BM36) -> 37 | CJ36: =SUM(U36,AR36,BN36) -> 64 | CK36: =SUM(V36,AS36,BO36) -> 84 | CL36: =SUM(W36,AT36,BP36) -> 23 | CM36: =SUM(X36,AU36,BQ36) -> 36 | CN36: =SUM(Y36,AV36,BR36) -> 47 | CO36: =SUM(Z36,AW36,BS36) -> 0 | CP36: =SUM(AA36,AX36,BT36) -> 0 | ... CZ36: =SUM(AK36,BH36,CD36) -> 42
A37: 114 | B37: Действующая | C37: Минобрнауки России | D37: Курская область | E37: ВПО | F37: ФГБОУ ВПО | G37: КГУ | H37: Курский государственный университет | I37: федеральное государственное бюджетное образовательное учреждение высшего профессионального образования «Курский государственный университет» | J37: Отправлена на рассмотрение | K37: - | L37: да | M37: да | N37: 28 | O37: 31 | P37: 30 | Q37: Педагогика и образование, гуманитарные науки, экономика и управление, социальные науки, безопасность жизнедеятельности, природоустройство и защита окружающей среды. | R37: Педагогика и образование, гуманитарные науки, экономика и управление, социальные науки, безопасность жизнедеятельности, природоустройство и защита окружающей среды, архитектура и строительство. | S37: Педагогика и образование, гуманитарные науки, экономика и управление, социальные науки, безопасность жизнедеятельности, природоустройство и защита окружающей среды, архитектура и строительство. | T37: 10 | U37: 10 | V37: 11 | W37: 10 | X37: 10 | Y37: 11 | Z37: 10 | AA37: 10 | AB37: 11 | AC37: 10 | AD37: 10 | AE37: 11 | AF37: 0 | AG37: 0 | AH37: 0 | AI37: 10 | AJ37: 10 | AK37: 11 | AM37: 0 | AN37: 0 | AO37: 0 | AP37: 0 | AQ37: 0 | AR37: 0 | AS37: 0 | AT37: 0 | AU37: 0 | AV37: 0 | AW37: 0 | AX37: 0 | AY37: 0 | AZ37: 0 | BA37: 0 | BB37: 0 | BC37: 0 | BD37: 0 | BE37: 0 | BF37: 0 | BG37: 0 | BH37: 0 | BI37: 0 | BJ37: 0 | BK37: 0 | BL37: 0 | BM37: 0 | BN37: 0 | BO37: 0 | BP37: 0 | BQ37: 0 | BR37: 0 | BS37: 0 | BT37: 0 | BU37: 0 | BV37: 0 | BW37: 0 | BX37: 0 | BY37: 0 | BZ37: 0 | CA37: 0 | CB37: 0 | CC37: 0 | CD37: 0 | CE37: =SUM(AM37,BI37) -> 0 | CF37: =SUM(N37,AN37,BJ37) -> 28 | CG37: =SUM(O37,AO37,BK37) -> 31 | CH37: =SUM(P37,AP37,BL37) -> 30 | CI37: =SUM(T37,AQ37,BM37) -> 10 | CJ37: =SUM(U37,AR37,BN37) -> 10 | CK37: =SUM(V37,AS37,BO37) -> 11 | CL37: =SUM(W37,AT37,BP37) -> 10 | CM37: =SUM(X37,AU37,BQ37) -> 10 | CN37: =SUM(Y37,AV37,BR37) -> 11 | CO37: =SUM(Z37,AW37,BS37) -> 10 | CP37: =SUM(AA37,AX37,BT37) -> 10 | ... CZ37: =SUM(AK37,BH37,CD37) -> 11
A38: 160 | B38: Действующая | C38: Минобрнауки России | D38: Москва | E38: ВПО | F38: ФГБОУ ВПО | G38: МПГУ | H38: Московский педагогический государственный университет | I38: федеральное государственное бюджетное образовательное учреждение высшего профессионального образования «Московский педагогический государственный университет» | J38: Отправлена на рассмотрение | K38: - | L38: да | M38: да | N38: 189 | O38: 219 | P38: 218 | Q38: Педагогическое образование, психолого-педагогическое образование, специальное (дефектологическое) образование, физико-матиматические науки, естественные науки | R38: Педагогическое образование, психолого-педагогическое образование, специальное (дефектологическое) образование, физико-матиматические науки, естественные науки | S38: Педагогическое образование, психолого-педагогическое образование, специальное (дефектологическое) образование, физико-матиматические науки, естественные науки | T38: 79 | U38: 79 | V38: 79 | W38: 46 | X38: 46 | Y38: 46 | Z38: 1 | AA38: 1 | AB38: 1 | AC38: 45 | AD38: 45 | AE38: 45 | AF38: 0 | AG38: 0 | AH38: 0 | AI38: 46 | AJ38: 46 | AK38: 46 | AM38: 0 | AN38: 0 | AO38: 0 | AP38: 0 | AQ38: 0 | AR38: 0 | AS38: 0 | AT38: 0 | AU38: 0 | AV38: 0 | AW38: 0 | AX38: 0 | AY38: 0 | AZ38: 0 | BA38: 0 | BB38: 0 | BC38: 0 | BD38: 0 | BE38: 0 | BF38: 0 | BG38: 0 | BH38: 0 | BI38: 0 | BJ38: 0 | BK38: 0 | BL38: 0 | BM38: 0 | BN38: 0 | BO38: 0 | BP38: 0 | BQ38: 0 | BR38: 0 | BS38: 0 | BT38: 0 | BU38: 0 | BV38: 0 | BW38: 0 | BX38: 0 | BY38: 0 | BZ38: 0 | CA38: 0 | CB38: 0 | CC38: 0 | CD38: 0 | CE38: =SUM(AM38,BI38) -> 0 | CF38: =SUM(N38,AN38,BJ38) -> 189 | CG38: =SUM(O38,AO38,BK38) -> 219 | CH38: =SUM(P38,AP38,BL38) -> 218 | CI38: =SUM(T38,AQ38,BM38) -> 79 | CJ38: =SUM(U38,AR38,BN38) -> 79 | CK38: =SUM(V38,AS38,BO38) -> 79 | CL38: =SUM(W38,AT38,BP38) -> 46 | CM38: =SUM(X38,AU38,BQ38) -> 46 | CN38: =SUM(Y38,AV38,BR38) -> 46 | CO38: =SUM(Z38,AW38,BS38) -> 1 | CP38: =SUM(AA38,AX38,BT38) -> 1 | ... CZ38: =SUM(AK38,BH38,CD38) -> 46
A39: 166 | B39: Действующая | C39: Минобрнауки России | D39: Нижегородская область | E39: ВПО | F39: ФГБОУ ВПО | G39: ННГАСУ | H39: Нижегородский государственный архитектурно-строительный университет | I39: федеральное государственное бюджетное образовательное учреждение высшего профессионального образования «Нижегородский государственный архитектурно-строительный университет» | J39: Отправлена на рассмотрение | K39: - | L39: да | M39: да | N39: 18 | O39: 14 | P39: 18 | Q39: 02 Естественные науки; 08 Экономика и управление; 12 Геодезия и землеустройство; 27 Архитектура и строительство | R39: 02 Естественные науки; 07 Культура и искусство; 08 Экономика и управление; 12 Геодезия и землеустройство; 27 Архитектура и строительство | S39: 02 Естественные науки; 07 Культура и искусство; 08 Экономика и управление; 12 Геодезия и землеустройство;22 Автоматика и упраление; 27 Архитектура и строительство | T39: 29 | U39: 29 | V39: 29 | W39: 13 | X39: 13 | Y39: 13 | Z39: 0 | AA39: 0 | AB39: 0 | AC39: 0 | AD39: 0 | AE39: 0 | AF39: 13 | AG39: 13 | AH39: 13 | AI39: 11 | AJ39: 11 | AK39: 11 | AL39: С учетом давности лет возведения корпусов вуза, в университете предусмотрены меры, обеспечивающие удовлетворение минимальных потребностей обучающихся, являющихся лицами с ограниченными возможностями здоровья и инвалидами. | AM39: 0 | AN39: 0 | AO39: 0 | AP39: 0 | AQ39: 0 | AR39: 0 | AS39: 0 | AT39: 0 | AU39: 0 | AV39: 0 | AW39: 0 | AX39: 0 | AY39: 0 | AZ39: 0 | BA39: 0 | BB39: 0 | BC39: 0 | BD39: 0 | BE39: 0 | BF39: 0 | BG39: 0 | BH39: 0 | BI39: 37 | BJ39: 0 | BK39: 0 | BL39: 0 | BM39: 0 | BN39: 0 | BO39: 0 | BP39: 0 | BQ39: 0 | BR39: 0 | BS39: 0 | BT39: 0 | BU39: 0 | BV39: 0 | BW39: 0 | BX39: 0 | BY39: 0 | BZ39: 0 | CA39: 0 | CB39: 0 | CC39: 0 | CD39: 0 | CE39: =SUM(AM39,BI39) -> 37 | CF39: =SUM(N39,AN39,BJ39) -> 18 | CG39: =SUM(O39,AO39,BK39) -> 14 | CH39: =SUM(P39,AP39,BL39) -> 18 | CI39: =SUM(T39,AQ39,BM39) -> 29 | CJ39: =SUM(U39,AR39,BN39) -> 29 | CK39: =SUM(V39,AS39,BO39) -> 29 | CL39: =SUM(W39,AT39,BP39) -> 13 | CM39: =SUM(X39,AU39,BQ39) -> 13 | CN39: =SUM(Y39,AV39,BR39) -> 13 | CO39: =SUM(Z39,AW39,BS39) -> 0 | CP39: =SUM(AA39,AX39,BT39) -> 0 | ... CZ39: =SUM(AK39,BH39,CD39) -> 11
A40: 167 | B40: Действующая | C40: Минобрнауки России | D40: Нижегородская область | E40: ВПО | F40: ФГБОУ ВПО | G40: НГЛУ | H40: Нижегородский государственный лингвистический университет им. Н.А. Добролюбова | I40: федеральное государственное бюджетное образовательное учреждение высшего профессионального образования «Нижегородский государственный лингвистический университет им. Н.А. Добролюбова» | J40: Отправлена на рассмотрение | K40: - | L40: да | M40: да | N40: 7 | O40: 6 | P40: 4 | Q40: 030000 Гуманитарные науки, 080000 Экономика и управление | R40: 030000 Гуманитарные науки, 080000 Экономика и управление | S40: 030000 Гуманитарные науки | T40: 5 | U40: 5 | V40: 5 | W40: 5 | X40: 5 | Y40: 5 | Z40: 0 | AA40: 0 | AB40: 0 | AC40: 0 | AD40: 0 | AE40: 0 | AF40: 5 | AG40: 5 | AH40: 5 | AI40: 5 | AJ40: 5 | AK40: 5 | AM40: 1 | AN40: 1 | AO40: 0 | AP40: 0 | AQ40: 1 | AR40: 0 | AS40: 0 | AT40: 1 | AU40: 0 | AV40: 0 | AW40: 0 | AX40: 0 | AY40: 0 | AZ40: 0 | BA40: 0 | BB40: 0 | BC40: 1 | BD40: 0 | BE40: 0 | BF40: 0 | BG40: 0 | BH40: 0 | BI40: 0 | BJ40: 0 | BK40: 0 | BL40: 0 | BM40: 0 | BN40: 0 | BO40: 0 | BP40: 0 | BQ40: 0 | BR40: 0 | BS40: 0 | BT40: 0 | BU40: 0 | BV40: 0 | BW40: 0 | BX40: 0 | BY40: 0 | BZ40: 0 | CA40: 0 | CB40: 0 | CC40: 0 | CD40: 0 | CE40: =SUM(AM40,BI40) -> 1 | CF40: =SUM(N40,AN40,BJ40) -> 8 | CG40: =SUM(O40,AO40,BK40) -> 6 | CH40: =SUM(P40,AP40,BL40) -> 4 | CI40: =SUM(T40,AQ40,BM40) -> 6 | CJ40: =SUM(U40,AR40,BN40) -> 5 | CK40: =SUM(V40,AS40,BO40) -> 5 | CL40: =SUM(W40,AT40,BP40) -> 6 | CM40: =SUM(X40,AU40,BQ40) -> 5 | CN40: =SUM(Y40,AV40,BR40) -> 5 | CO40: =SUM(Z40,AW40,BS40) -> 0 | CP40: =SUM(AA40,AX40,BT40) -> 0 | ... CZ40: =SUM(AK40,BH40,CD40) -> 5
A41: 168 | B41: Действующая | C41: Минобрнауки России | D41: Нижегородская область | E41: ВПО | F41: ФГБОУ ВПО | G41: НГПУ им. К. Минина | H41: Нижегородский государственный педагогический университет имени Козьмы Минина | I41: федеральное государственное бюджетное образовательное учреждение высшего профессионального образования «Нижегородский государственный педагогический университет имени Козьмы Минина» | J41: Отправлена на рассмотрение | K41: - | L41: да | M41: да | N41: 48 | O41: 25 | P41: 23 | Q41: 030000, 050000, 080000, 100000, 230000 | R41: 030000, 050000, 080000, 100000, 230000 | S41: 030000, 050000, 080000, 100000, 230000 | T41: 15 | U41: 15 | V41: 15 | W41: 15 | X41: 15 | Y41: 15 | Z41: 1 | AA41: 1 | AB41: 1 | AC41: 14 | AD41: 14 | AE41: 14 | AF41: 0 | AG41: 0 | AH41: 0 | AI41: 15 | AJ41: 15 | AK41: 15 | AM41: 0 | AN41: 0 | AO41: 0 | AP41: 0 | AQ41: 0 | AR41: 0 | AS41: 0 | AT41: 0 | AU41: 0 | AV41: 0 | AW41: 0 | AX41: 0 | AY41: 0 | AZ41: 0 | BA41: 0 | BB41: 0 | BC41: 0 | BD41: 0 | BE41: 0 | BF41: 0 | BG41: 0 | BH41: 0 | BI41: 0 | BJ41: 0 | BK41: 0 | BL41: 0 | BM41: 0 | BN41: 0 | BO41: 0 | BP41: 0 | BQ41: 0 | BR41: 0 | BS41: 0 | BT41: 0 | BU41: 0 | BV41: 0 | BW41: 0 | BX41: 0 | BY41: 0 | BZ41: 0 | CA41: 0 | CB41: 0 | CC41: 0 | CD41: 0 | CE41: =SUM(AM41,BI41) -> 0 | CF41: =SUM(N41,AN41,BJ41) -> 48 | CG41: =SUM(O41,AO41,BK41) -> 25 | CH41: =SUM(P41,AP41,BL41) -> 23 | CI41: =SUM(T41,AQ41,BM41) -> 15 | CJ41: =SUM(U41,AR41,BN41) -> 15 | CK41: =SUM(V41,AS41,BO41) -> 15 | CL41: =SUM(W41,AT41,BP41) -> 15 | CM41: =SUM(X41,AU41,BQ41) -> 15 | CN41: =SUM(Y41,AV41,BR41) -> 15 | CO41: =SUM(Z41,AW41,BS41) -> 1 | CP41: =SUM(AA41,AX41,BT41) -> 1 | ... CZ41: =SUM(AK41,BH41,CD41) -> 15
A42: 170 | B42: Действующая | C42: Минобрнауки России | D42: Нижегородская область | E42: ВПО | F42: ФГБОУ ВПО | G42: Нижегородский государственный университет им. Н.И. Лобачевского | H42: Нижегородский государственный университет им. Н.И. Лобачевского | I42: федеральное государственное бюджетное образовательное учреждение высшего профессионального образования «Нижегородский государственный университет им. Н.И. Лобачевского» | J42: Отправлена на рассмотрение | K42: - | L42: да | M42: да | N42: 110 | O42: 109 | P42: 107 | Q42: 010000 - физико-математические науки, 020000 - естественные науки, 030000 - гуманитарные науки, 040000 - социальные науки, 080000 - экономика и управление, 090000 - информационная безопасность | R42: 010000 - физико-математические науки, 020000 - естественные науки, 030000 - гуманитарные науки, 040000 - социальные науки, 080000 - экономика и управление, 090000 - информационная безопасность | S42: 010000 - физико-математические науки, 020000 - естественные науки, 030000 - гуманитарные науки, 040000 - социальные науки, 080000 - экономика и управление, 090000 - информационная безопасность | T42: 209 | U42: 211 | V42: 214 | W42: 25 | X42: 25 | Y42: 25 | Z42: 0 | AA42: 0 | AB42: 0 | AC42: 6 | AD42: 6 | AE42: 6 | AF42: 19 | AG42: 19 | AH42: 19 | AI42: 4 | AJ42: 4 | AK42: 4 | AM42: 9 | AN42: 13 | AO42: 11 | AP42: 6 | AQ42: 37 | AR42: 115 | AS42: 115 | AT42: 9 | AU42: 17 | AV42: 17 | AW42: 0 | AX42: 0 | AY42: 0 | AZ42: 0 | BA42: 0 | BB42: 0 | BC42: 0 | BD42: 0 | BE42: 0 | BF42: 0 | BG42: 0 | BH42: 0 | BI42: 0 | BJ42: 0 | BK42: 0 | BL42: 0 | BM42: 0 | BN42: 0 | BO42: 0 | BP42: 0 | BQ42: 0 | BR42: 0 | BS42: 0 | BT42: 0 | BU42: 0 | BV42: 0 | BW42: 0 | BX42: 0 | BY42: 0 | BZ42: 0 | CA42: 0 | CB42: 0 | CC42: 0 | CD42: 0 | CE42: =SUM(AM42,BI42) -> 9 | CF42: =SUM(N42,AN42,BJ42) -> 123 | CG42: =SUM(O42,AO42,BK42) -> 120 | CH42: =SUM(P42,AP42,BL42) -> 113 | CI42: =SUM(T42,AQ42,BM42) -> 246 | CJ42: =SUM(U42,AR42,BN42) -> 326 | CK42: =SUM(V42,AS42,BO42) -> 329 | CL42: =SUM(W42,AT42,BP42) -> 34 | CM42: =SUM(X42,AU42,BQ42) -> 42 | CN42: =SUM(Y42,AV42,BR42) -> 42 | CO42: =SUM(Z42,AW42,BS42) -> 0 | CP42: =SUM(AA42,AX42,BT42) -> 0 | ... CZ42: =SUM(AK42,BH42,CD42) -> 4
A43: 182 | B43: Действующая | C43: Минобрнауки России | D43: Омская область | E43: ВПО | F43: ФГБОУ ВПО | G43: ФГБОУ ВПО «ОмГПУ» | H43: Омский государственный педагогический университет | I43: федеральное государственное бюджетное образовательное учреждение высшего профессионального образования «Омский государственный педагогический университет» | J43: Отправлена на рассмотрение | K43: - | L43: да | M43: да | N43: 9 | O43: 6 | P43: 4 | Q43: 040000, 050000, 080000 | R43: 050000 | S43: 050000 | T43: 61 | U43: 61 | V43: 61 | W43: 44 | X43: 44 | Y43: 44 | Z43: 0 | AA43: 0 | AB43: 0 | AC43: 44 | AD43: 44 | AE43: 44 | AF43: 0 | AG43: 0 | AH43: 0 | AI43: 44 | AJ43: 44 | AK43: 44 | AL43: - | AM43: 1 | AN43: 0 | AO43: 0 | AP43: 0 | AQ43: 7 | AR43: 7 | AS43: 7 | AT43: 5 | AU43: 5 | AV43: 5 | AW43: 0 | AX43: 0 | AY43: 0 | AZ43: 5 | BA43: 5 | BB43: 5 | BC43: 0 | BD43: 0 | BE43: 0 | BF43: 0 | BG43: 0 | BH43: 0 | BI43: 0 | BJ43: 0 | BK43: 0 | BL43: 0 | BM43: 0 | BN43: 0 | BO43: 0 | BP43: 0 | BQ43: 0 | BR43: 0 | BS43: 0 | BT43: 0 | BU43: 0 | BV43: 0 | BW43: 0 | BX43: 0 | BY43: 0 | BZ43: 0 | CA43: 0 | CB43: 0 | CC43: 0 | CD43: 0 | CE43: =SUM(AM43,BI43) -> 1 | CF43: =SUM(N43,AN43,BJ43) -> 9 | CG43: =SUM(O43,AO43,BK43) -> 6 | CH43: =SUM(P43,AP43,BL43) -> 4 | CI43: =SUM(T43,AQ43,BM43) -> 68 | CJ43: =SUM(U43,AR43,BN43) -> 68 | CK43: =SUM(V43,AS43,BO43) -> 68 | CL43: =SUM(W43,AT43,BP43) -> 49 | CM43: =SUM(X43,AU43,BQ43) -> 49 | CN43: =SUM(Y43,AV43,BR43) -> 49 | CO43: =SUM(Z43,AW43,BS43) -> 0 | CP43: =SUM(AA43,AX43,BT43) -> 0 | ... CZ43: =SUM(AK43,BH43,CD43) -> 44
A44: 184 | B44: Действующая | C44: Минобрнауки России | D44: Омская область | E44: ВПО | F44: ФГБОУ ВПО | G44: ФГБОУ ВПО «ОмГУ им. Ф.М. Достоевского» | H44: Омский государственный университет им. Ф.М. Достоевского | I44: федеральное государственное бюджетное образовательное учреждение высшего профессионального образования «Омский государственный университет им. Ф.М. Достоевского» | J44: Отправлена на рассмотрение | K44: - | L44: да | M44: да | N44: 160 | O44: 125 | P44: 99 | Q44: 010000, 030000, 070000, 080000, 090000, 230000, 240000 | R44: 010000, 030000, 070000, 080000, 090000, 230000, 240000 | S44: 010000, 030000, 070000, 080000, 090000, 230000, 240000 | T44: 29 | U44: 29 | V44: 29 | W44: 13 | X44: 13 | Y44: 13 | Z44: 0 | AA44: 0 | AB44: 0 | AC44: 3 | AD44: 3 | AE44: 3 | AF44: 10 | AG44: 10 | AH44: 10 | AI44: 9 | AJ44: 9 | AK44: 9 | AM44: 0 | AN44: 0 | AO44: 0 | AP44: 0 | AQ44: 0 | AR44: 0 | AS44: 0 | AT44: 0 | AU44: 0 | AV44: 0 | AW44: 0 | AX44: 0 | AY44: 0 | AZ44: 0 | BA44: 0 | BB44: 0 | BC44: 0 | BD44: 0 | BE44: 0 | BF44: 0 | BG44: 0 | BH44: 0 | BI44: 0 | BJ44: 0 | BK44: 0 | BL44: 0 | BM44: 0 | BN44: 0 | BO44: 0 | BP44: 0 | BQ44: 0 | BR44: 0 | BS44: 0 | BT44: 0 | BU44: 0 | BV44: 0 | BW44: 0 | BX44: 0 | BY44: 0 | BZ44: 0 | CA44: 0 | CB44: 0 | CC44: 0 | CD44: 0 | CE44: =SUM(AM44,BI44) -> 0 | CF44: =SUM(N44,AN44,BJ44) -> 160 | CG44: =SUM(O44,AO44,BK44) -> 125 | CH44: =SUM(P44,AP44,BL44) -> 99 | CI44: =SUM(T44,AQ44,BM44) -> 29 | CJ44: =SUM(U44,AR44,BN44) -> 29 | CK44: =SUM(V44,AS44,BO44) -> 29 | CL44: =SUM(W44,AT44,BP44) -> 13 | CM44: =SUM(X44,AU44,BQ44) -> 13 | CN44: =SUM(Y44,AV44,BR44) -> 13 | CO44: =SUM(Z44,AW44,BS44) -> 0 | CP44: =SUM(AA44,AX44,BT44) -> 0 | ... CZ44: =SUM(AK44,BH44,CD44) -> 9
A45: 186 | B45: Действующая | C45: Минобрнауки России | D45: Оренбургская область | E45: ВПО | F45: ФГБОУ ВПО | G45: ФГБОУ ВПО «ОГПУ» | H45: Оренбургский государственный педагогический университет | I45: федеральное государственное бюджетное образовательное учреждение высшего профессионального образования «Оренбургский государственный педагогический университет» | J45: Отправлена на рассмотрение | K45: - | L45: да | M45: да | N45: 19 | O45: 12 | P45: 10 | Q45: 050000 образование и педагогика | R45: 050000 образование и педагогика | S45: 050000 образование и педагогика | T45: 18 | U45: 18 | V45: 18 | W45: 11 | X45: 11 | Y45: 11 | Z45: 0 | AA45: 0 | AB45: 0 | AC45: 2 | AD45: 2 | AE45: 2 | AF45: 9 | AG45: 9 | AH45: 9 | AI45: 1 | AJ45: 1 | AK45: 1 | AL45: Здания, которые эксплуатирует Униуверситет, нуждаются в переоборудовании и приспособлении для предоставления образовательных услуг и временного проживания обучающихся - инвалидов. Это обусловлено давностью постройки зданий, 4 из 11 зданий в которых ведётся образовательный процесс являются объектами культурного наследия. | AM45: 1 | AN45: 1 | AO45: 1 | AP45: 1 | AQ45: 1 | AR45: 1 | AS45: 1 | AT45: 1 | AU45: 1 | AV45: 1 | AW45: 0 | AX45: 0 | AY45: 0 | AZ45: 0 | BA45: 0 | BB45: 0 | BC45: 0 | BD45: 0 | BE45: 0 | BF45: 0 | BG45: 0 | BH45: 0 | BI45: 0 | BJ45: 0 | BK45: 0 | BL45: 0 | BM45: 0 | BN45: 0 | BO45: 0 | BP45: 0 | BQ45: 0 | BR45: 0 | BS45: 0 | BT45: 0 | BU45: 0 | BV45: 0 | BW45: 0 | BX45: 0 | BY45: 0 | BZ45: 0 | CA45: 0 | CB45: 0 | CC45: 0 | CD45: 0 | CE45: =SUM(AM45,BI45) -> 1 | CF45: =SUM(N45,AN45,BJ45) -> 20 | CG45: =SUM(O45,AO45,BK45) -> 13 | CH45: =SUM(P45,AP45,BL45) -> 11 | CI45: =SUM(T45,AQ45,BM45) -> 19 | CJ45: =SUM(U45,AR45,BN45) -> 19 | CK45: =SUM(V45,AS45,BO45) -> 19 | CL45: =SUM(W45,AT45,BP45) -> 12 | CM45: =SUM(X45,AU45,BQ45) -> 12 | CN45: =SUM(Y45,AV45,BR45) -> 12 | CO45: =SUM(Z45,AW45,BS45) -> 0 | CP45: =SUM(AA45,AX45,BT45) -> 0 | ... CZ45: =SUM(AK45,BH45,CD45) -> 1
A46: 194 | B46: Действующая | C46: Минобрнауки России | D46: Пензенская область | E46: ВПО | F46: ФГБОУ ВПО | G46: ФГБОУ ВПО «ПГУ» | H46: Пензенский государственный университет | I46: федеральное государственное бюджетное образовательное учреждение высшего профессионального образования «Пензенский государственный университет» | J46: Отправлена на рассмотрение | K46: - | L46: да | M46: да | N46: 32 | O46: 47 | P46: 57 | Q46: 060000,230000,080000,100000,190000,280000,030000 | R46: 060000,230000,080000,100000,190000,280000,030000,090000,150000 | S46: 060000,230000,080000,100000,190000,280000,030000,090000,150000,210000 | T46: 49 | U46: 126 | V46: 126 | W46: 18 | X46: 31 | Y46: 31 | Z46: 1 | AA46: 1 | AB46: 1 | AC46: 5 | AD46: 10 | AE46: 10 | AF46: 12 | AG46: 20 | AH46: 20 | AI46: 18 | AJ46: 31 | AK46: 31 | AL46: - | AM46: 3 | AN46: 1 | AO46: 3 | AP46: 3 | AQ46: 2 | AR46: 2 | AS46: 2 | AT46: 1 | AU46: 1 | AV46: 1 | AW46: 1 | AX46: 1 | AY46: 1 | AZ46: 1 | BA46: 1 | BB46: 1 | BC46: 0 | BD46: 0 | BE46: 0 | BF46: 1 | BG46: 1 | BH46: 1 | BI46: 0 | BJ46: 0 | BK46: 0 | BL46: 0 | BM46: 0 | BN46: 0 | BO46: 0 | BP46: 0 | BQ46: 0 | BR46: 0 | BS46: 0 | BT46: 0 | BU46: 0 | BV46: 0 | BW46: 0 | BX46: 0 | BY46: 0 | BZ46: 0 | CA46: 0 | CB46: 0 | CC46: 0 | CD46: 0 | CE46: =SUM(AM46,BI46) -> 3 | CF46: =SUM(N46,AN46,BJ46) -> 33 | CG46: =SUM(O46,AO46,BK46) -> 50 | CH46: =SUM(P46,AP46,BL46) -> 60 | CI46: =SUM(T46,AQ46,BM46) -> 51 | CJ46: =SUM(U46,AR46,BN46) -> 128 | CK46: =SUM(V46,AS46,BO46) -> 128 | CL46: =SUM(W46,AT46,BP46) -> 19 | CM46: =SUM(X46,AU46,BQ46) -> 32 | CN46: =SUM(Y46,AV46,BR46) -> 32 | CO46: =SUM(Z46,AW46,BS46) -> 2 | CP46: =SUM(AA46,AX46,BT46) -> 2 | ... CZ46: =SUM(AK46,BH46,CD46) -> 32
A47: 201 | B47: Действующая | C47: Минобрнауки России | D47: Самарская область | E47: ВПО | F47: ФГБОУ ВПО | G47: ПГСГА | H47: Поволжская государственная социально-гуманитарная академия | I47: федеральное государственное бюджетное образовательное учреждение высшего профессионального образования «Поволжская государственная социально-гуманитарная академия» | J47: Отправлена на рассмотрение | K47: - | L47: да | M47: да | N47: 46 | O47: 38 | P47: 41 | Q47: 030000 Гуманитарные науки (030301.65 Психология, 030601.65 Журналистика, 034400.62 Физическая культура для лиц с отклонениями в состоянии здоровья (адаптивная физическая культура)), 050000 Образование и педагогика (050101.65 Химия, 050103.65 География, 050202.65 Информатика, 050203.65 Физика, 050301.65 Русский язык и литература, 050303.65 Иностранный язык, 050401.65 История, 050706.65 Педагогика и психология, 050708.65 Педагогика и методика начального образования, 050712.65 Тифлопедагогика, 050713.65 Сурдопедагогика, 050715.65 Логопедия, 050716.65 Специальная психология, 050601.65 Музыкальное образование), 050100.62 Педагогическое образование, 050400.62 Психолого-педагогическое образование, 050700.62 Специальное (дефектологическое) образование, 080000 Экономика и управление (080507.65 Менеджмент организации) | R47: 030000 Гуманитарные науки (030301.65 Психология, 030601.65 Журналистика, 034400.62 Физическая культура для лиц с отклонениями в состоянии здоровья (адаптивная физическая культура)), 050000 Образование и педагогика (050101.65 Химия, 050103.65 География, 050202.65 Информатика, 050203.65 Физика, 050301.65 Русский язык и литература, 050303.65 Иностранный язык, 050401.65 История, 050706.65 Педагогика и психология, 050708.65 Педагогика и методика начального образования, 050712.65 Тифлопедагогика, 050713.65 Сурдопедагогика, 050715.65 Логопедия, 050716.65 Специальная психология, 050601.65 Музыкальное образование), 050100.62 Педагогическое образование, 050400.62 Психолого-педагогическое образование, 050700.62 Специальное (дефектологическое) образование, 080000 Экономика и управление (080507.65 Менеджмент организации) | S47: 030000 Гуманитарные науки (034400.62 Физическая культура для лиц с отклонениями в состоянии здоровья (адаптивная физическая культура)), 050000 Образование и педагогика (050101.65 Химия, 050103.65 География, 050202.65 Информатика, 050203.65 Физика, 050301.65 Русский язык и литература, 050401.65 История, 050706.65 Педагогика и психология, 050708.65 Педагогика и методика начального образования, 050713.65 Сурдопедагогика, 050715.65 Логопедия, 050716.65 Специальная психология, 050601.65 Музыкальное образование), 050100.62 Педагогическое образование, 050400.62 Психолого-педагогическое образование, 050700.62 Специальное (дефектологическое) образование | T47: 26 | U47: 26 | V47: 26 | W47: 3 | X47: 3 | Y47: 3 | Z47: 0 | AA47: 0 | AB47: 0 | AC47: 0 | AD47: 0 | AE47: 0 | AF47: 0 | AG47: 0 | AH47: 0 | AI47: 0 | AJ47: 0 | AK47: 0 | AL47: 0 | AM47: 0 | AN47: 0 | AO47: 0 | AP47: 0 | AQ47: 0 | AR47: 0 | AS47: 0 | AT47: 0 | AU47: 0 | AV47: 0 | AW47: 0 | AX47: 0 | AY47: 0 | AZ47: 0 | BA47: 0 | BB47: 0 | BC47: 0 | BD47: 0 | BE47: 0 | BF47: 0 | BG47: 0 | BH47: 0 | BI47: 0 | BJ47: 0 | BK47: 0 | BL47: 0 | BM47: 0 | BN47: 0 | BO47: 0 | BP47: 0 | BQ47: 0 | BR47: 0 | BS47: 0 | BT47: 0 | BU47: 0 | BV47: 0 | BW47: 0 | BX47: 0 | BY47: 0 | BZ47: 0 | CA47: 0 | CB47: 0 | CC47: 0 | CD47: 0 | CE47: =SUM(AM47,BI47) -> 0 | CF47: =SUM(N47,AN47,BJ47) -> 46 | CG47: =SUM(O47,AO47,BK47) -> 38 | CH47: =SUM(P47,AP47,BL47) -> 41 | CI47: =SUM(T47,AQ47,BM47) -> 26 | CJ47: =SUM(U47,AR47,BN47) -> 26 | CK47: =SUM(V47,AS47,BO47) -> 26 | CL47: =SUM(W47,AT47,BP47) -> 3 | CM47: =SUM(X47,AU47,BQ47) -> 3 | CN47: =SUM(Y47,AV47,BR47) -> 3 | CO47: =SUM(Z47,AW47,BS47) -> 0 | CP47: =SUM(AA47,AX47,BT47) -> 0 | ... CZ47: =SUM(AK47,BH47,CD47) -> 0
A48: 209 | B48: Действующая | C48: Минобрнауки России | D48: Москва | E48: ВПО | F48: ФГБОУ ВПО | G48: ФГБОУ ВПО «РЭУ им. Г.В. Плеханова» | H48: Российский экономический университет имени Г.В. Плеханова | I48: федеральное государственное бюджетное образовательное учреждение высшего профессионального образования «Российский экономический университет имени Г.В. Плеханова» | J48: Отправлена на рассмотрение | K48: - | L48: да | M48: да | N48: 35 | O48: 59 | P48: 25 | Q48: экономика, менеджмент | R48: экономика, менеджмент | S48: экономика, менеджмент | T48: 12 | U48: 12 | V48: 12 | W48: 7 | X48: 7 | Y48: 7 | Z48: 1 | AA48: 1 | AB48: 1 | AC48: 0 | AD48: 0 | AE48: 0 | AF48: 5 | AG48: 5 | AH48: 5 | AI48: 1 | AJ48: 1 | AK48: 1 | AM48: 0 | AN48: 0 | AO48: 0 | AP48: 0 | AQ48: 0 | AR48: 0 | AS48: 0 | AT48: 0 | AU48: 0 | AV48: 0 | AW48: 0 | AX48: 0 | AY48: 0 | AZ48: 0 | BA48: 0 | BB48: 0 | BC48: 0 | BD48: 0 | BE48: 0 | BF48: 0 | BG48: 0 | BH48: 0 | BI48: 0 | BJ48: 0 | BK48: 0 | BL48: 0 | BM48: 0 | BN48: 0 | BO48: 0 | BP48: 0 | BQ48: 0 | BR48: 0 | BS48: 0 | BT48: 0 | BU48: 0 | BV48: 0 | BW48: 0 | BX48: 0 | BY48: 0 | BZ48: 0 | CA48: 0 | CB48: 0 | CC48: 0 | CD48: 0 | CE48: =SUM(AM48,BI48) -> 0 | CF48: =SUM(N48,AN48,BJ48) -> 35 | CG48: =SUM(O48,AO48,BK48) -> 59 | CH48: =SUM(P48,AP48,BL48) -> 25 | CI48: =SUM(T48,AQ48,BM48) -> 12 | CJ48: =SUM(U48,AR48,BN48) -> 12 | CK48: =SUM(V48,AS48,BO48) -> 12 | CL48: =SUM(W48,AT48,BP48) -> 7 | CM48: =SUM(X48,AU48,BQ48) -> 7 | CN48: =SUM(Y48,AV48,BR48) -> 7 | CO48: =SUM(Z48,AW48,BS48) -> 1 | CP48: =SUM(AA48,AX48,BT48) -> 1 | ... CZ48: =SUM(AK48,BH48,CD48) -> 1
A49: 1672 | B49: Действующая | C49: Минсельхоз России | D49: Вологодская область | E49: ВПО | F49: ФГБОУ ВПО | G49: ФГБОУ ВПО ВГМХА им. Н.В. Верещагина | H49: Вологодская государственная молочнохозяйственная академия имени Н.В. Верещагина | I49: федеральное государственное бюджетное образовательное учреждение высшего профессионального образования «Вологодская государственная молочнохозяйственная академия имени Н.В. Верещагина» | J49: Отправлена на рассмотрение | K49: - | L49: да | M49: да | N49: 4 | O49: 4 | P49: 3 | Q49: 080000 Экономика и управление, 110000 Сельское и рыбное хозяйство, 220000 Автоматика и управление | R49: 110000 Сельское и рыбное хозяйство, 220000 Автоматика и управление | S49: 110000 Сельское и рыбное хозяйство, 220000 Автоматика и управление | T49: 18 | U49: 21 | V49: 21 | W49: 18 | X49: 21 | Y49: 21 | Z49: 0 | AA49: 0 | AB49: 0 | AC49: 3 | AD49: 3 | AE49: 4 | AF49: 15 | AG49: 18 | AH49: 17 | AI49: 3 | AJ49: 3 | AK49: 4 | AL49: Изменение количества уч.зданий и общежитий произошло в результате присоединения Института повышения квалификации и переподготовки в 2011 г. | AM49: 0 | AN49: 0 | AO49: 0 | AP49: 0 | AQ49: 0 | AR49: 0 | AS49: 0 | AT49: 0 | AU49: 0 | AV49: 0 | AW49: 0 | AX49: 0 | AY49: 0 | AZ49: 0 | BA49: 0 | BB49: 0 | BC49: 0 | BD49: 0 | BE49: 0 | BF49: 0 | BG49: 0 | BH49: 0 | BI49: 0 | BJ49: 0 | BK49: 0 | BL49: 0 | BM49: 0 | BN49: 0 | BO49: 0 | BP49: 0 | BQ49: 0 | BR49: 0 | BS49: 0 | BT49: 0 | BU49: 0 | BV49: 0 | BW49: 0 | BX49: 0 | BY49: 0 | BZ49: 0 | CA49: 0 | CB49: 0 | CC49: 0 | CD49: 0 | CE49: =SUM(AM49,BI49) -> 0 | CF49: =SUM(N49,AN49,BJ49) -> 4 | CG49: =SUM(O49,AO49,BK49) -> 4 | CH49: =SUM(P49,AP49,BL49) -> 3 | CI49: =SUM(T49,AQ49,BM49) -> 18 | CJ49: =SUM(U49,AR49,BN49) -> 21 | CK49: =SUM(V49,AS49,BO49) -> 21 | CL49: =SUM(W49,AT49,BP49) -> 18 | CM49: =SUM(X49,AU49,BQ49) -> 21 | CN49: =SUM(Y49,AV49,BR49) -> 21 | CO49: =SUM(Z49,AW49,BS49) -> 0 | CP49: =SUM(AA49,AX49,BT49) -> 0 | ... CZ49: =SUM(AK49,BH49,CD49) -> 4
A50: 214 | B50: Действующая | C50: Минобрнауки России | D50: Свердловская область | E50: ВПО | F50: ФГАОУ ВПО | G50: ФГАОУ ВПО РГППУ | H50: Российский государственный профессионально-педагогический университет | I50: федеральное государственное автономное образовательное учреждение высшего профессионального образования «Российский государственный профессионально-педагогический университет» | J50: Отправлена на рассмотрение | K50: - | L50: да | M50: да | N50: 41 | O50: 33 | P50: 29 | Q50: 030000, 040000, 050000, 080000, 150000 | R50: 030000, 040000, 050000, 070000, 080000, 150000, 220000 | S50: 030000, 040000, 050000, 070000, 080000, 100000, 150000, 220000 | T50: 23 | U50: 24 | V50: 24 | W50: 20 | X50: 20 | Y50: 20 | Z50: 0 | AA50: 0 | AB50: 0 | AC50: 0 | AD50: 0 | AE50: 0 | AF50: 20 | AG50: 20 | AH50: 20 | AI50: 20 | AJ50: 20 | AK50: 20 | AL50: здания на праве оперативного управления | AM50: 6 | AN50: 6 | AO50: 5 | AP50: 3 | AQ50: 13 | AR50: 13 | AS50: 10 | AT50: 13 | AU50: 13 | AV50: 10 | AW50: 2 | AX50: 2 | AY50: 2 | AZ50: 0 | BA50: 0 | BB50: 0 | BC50: 11 | BD50: 11 | BE50: 8 | BF50: 13 | BG50: 13 | BH50: 10 | BI50: 13 | BJ50: 0 | BK50: 0 | BL50: 0 | BM50: 13 | BN50: 13 | BO50: 13 | BP50: 0 | BQ50: 0 | BR50: 0 | BS50: 0 | BT50: 0 | BU50: 0 | BV50: 0 | BW50: 0 | BX50: 0 | BY50: 13 | BZ50: 13 | CA50: 13 | CB50: 0 | CC50: 0 | CD50: 0 | CE50: =SUM(AM50,BI50) -> 19 | CF50: =SUM(N50,AN50,BJ50) -> 47 | CG50: =SUM(O50,AO50,BK50) -> 38 | CH50: =SUM(P50,AP50,BL50) -> 32 | CI50: =SUM(T50,AQ50,BM50) -> 49 | CJ50: =SUM(U50,AR50,BN50) -> 50 | CK50: =SUM(V50,AS50,BO50) -> 47 | CL50: =SUM(W50,AT50,BP50) -> 33 | CM50: =SUM(X50,AU50,BQ50) -> 33 | CN50: =SUM(Y50,AV50,BR50) -> 30 | CO50: =SUM(Z50,AW50,BS50) -> 2 | CP50: =SUM(AA50,AX50,BT50) -> 2 | ... CZ50: =SUM(AK50,BH50,CD50) -> 30
A51: 219 | B51: Действующая | C51: Минобрнауки России | D51: Москва | E51: ВПО | F51: ФГБОУ ВПО | G51: РГУ нефти и газа имени И. М. Губкина | H51: Российский государственный университет нефти и газа имени И. М. Губкина | I51: федеральное государственное бюджетное образовательное учреждение высшего профессионального образования «Российский государственный университет нефти и газа имени И. М. Губкина» | J51: - | K51: - | L51: да | M51: да | N51: 1 | O51: 1 | P51: 1 | Q51: 020000 | R51: 020000 | S51: 020000 | T51: 14 | U51: 14 | V51: 14 | W51: 8 | X51: 8 | Y51: 8 | Z51: 8 | AA51: 8 | AB51: 8 | AC51: 0 | AD51: 0 | AE51: 0 | AF51: 0 | AG51: 0 | AH51: 0 | AI51: 8 | AJ51: 8 | AK51: 8 | AL51: нет | AM51: 0 | AN51: 0 | AO51: 0 | AP51: 0 | AQ51: 0 | AR51: 0 | AS51: 0 | AT51: 0 | AU51: 0 | AV51: 0 | AW51: 0 | AX51: 0 | AY51: 0 | AZ51: 0 | BA51: 0 | BB51: 0 | BC51: 0 | BD51: 0 | BE51: 0 | BF51: 0 | BG51: 0 | BH51: 0 | BI51: 0 | BJ51: 0 | BK51: 0 | BL51: 0 | BM51: 0 | BN51: 0 | BO51: 0 | BP51: 0 | BQ51: 0 | BR51: 0 | BS51: 0 | BT51: 0 | BU51: 0 | BV51: 0 | BW51: 0 | BX51: 0 | BY51: 0 | BZ51: 0 | CA51: 0 | CB51: 0 | CC51: 0 | CD51: 0 | CE51: =SUM(AM51,BI51) -> 0 | CF51: =SUM(N51,AN51,BJ51) -> 1 | CG51: =SUM(O51,AO51,BK51) -> 1 | CH51: =SUM(P51,AP51,BL51) -> 1 | CI51: =SUM(T51,AQ51,BM51) -> 14 | CJ51: =SUM(U51,AR51,BN51) -> 14 | CK51: =SUM(V51,AS51,BO51) -> 14 | CL51: =SUM(W51,AT51,BP51) -> 8 | CM51: =SUM(X51,AU51,BQ51) -> 8 | CN51: =SUM(Y51,AV51,BR51) -> 8 | CO51: =SUM(Z51,AW51,BS51) -> 8 | CP51: =SUM(AA51,AX51,BT51) -> 8 | ... CZ51: =SUM(AK51,BH51,CD51) -> 8
A52: 227 | B52: Действующая | C52: Минобрнауки России | D52: Ростовская область | E52: ВПО | F52: ФГБОУ ВПО | G52: РГСУ | H52: Ростовский государственный строительный университет | I52: федеральное государственное бюджетное образовательное учреждение высшего профессионального образования «Ростовский государственный строительный университет» | J52: Отправлена на рассмотрение | K52: - | L52: да | M52: да | N52: 17 | O52: 14 | P52: 26 | Q52: 080100 - 1 чел., 080502 - 1 чел, 080105 - 1 чел.,080801 - 1 чел., 080109 - 3 чел., 120303 - 3 чел., 190603 - 1 чел., 270106 - 1 чел., 270109 - 3 чел., 270112 - 1 чел., 270303 - 1 чел. | R52: 271101 - 1 чел., 270109 - 4 чел., 080109 - 3 чел., 270115 - 1 чел., 270303 - 1 чел., 270112 - 1 чел., 120303 - 2 чел., 080200 - 1 чел. | S52: 080100 - 5 чел., 080200 - 3 чел., 072500 - 2 чел., 230400 - 1 чел., 271101 - 2 чел., 270800 - 6 чел., 280700 - 1 чел., 270109 - 2 чел., 120303 - 1 чел., 270303 - 1 чел., 080109 - 2 чел. | T52: 33 | U52: 33 | V52: 33 | W52: 20 | X52: 20 | Y52: 20 | Z52: 0 | AA52: 0 | AB52: 0 | AC52: 20 | AD52: 20 | AE52: 20 | AF52: 0 | AG52: 0 | AH52: 0 | AI52: 20 | AJ52: 20 | AK52: 20 | AM52: 0 | AN52: 0 | AO52: 0 | AP52: 0 | AQ52: 0 | AR52: 0 | AS52: 0 | AT52: 0 | AU52: 0 | AV52: 0 | AW52: 0 | AX52: 0 | AY52: 0 | AZ52: 0 | BA52: 0 | BB52: 0 | BC52: 0 | BD52: 0 | BE52: 0 | BF52: 0 | BG52: 0 | BH52: 0 | BI52: 0 | BJ52: 0 | BK52: 0 | BL52: 0 | BM52: 0 | BN52: 0 | BO52: 0 | BP52: 0 | BQ52: 0 | BR52: 0 | BS52: 0 | BT52: 0 | BU52: 0 | BV52: 0 | BW52: 0 | BX52: 0 | BY52: 0 | BZ52: 0 | CA52: 0 | CB52: 0 | CC52: 0 | CD52: 0 | CE52: =SUM(AM52,BI52) -> 0 | CF52: =SUM(N52,AN52,BJ52) -> 17 | CG52: =SUM(O52,AO52,BK52) -> 14 | CH52: =SUM(P52,AP52,BL52) -> 26 | CI52: =SUM(T52,AQ52,BM52) -> 33 | CJ52: =SUM(U52,AR52,BN52) -> 33 | CK52: =SUM(V52,AS52,BO52) -> 33 | CL52: =SUM(W52,AT52,BP52) -> 20 | CM52: =SUM(X52,AU52,BQ52) -> 20 | CN52: =SUM(Y52,AV52,BR52) -> 20 | CO52: =SUM(Z52,AW52,BS52) -> 0 | CP52: =SUM(AA52,AX52,BT52) -> 0 | ... CZ52: =SUM(AK52,BH52,CD52) -> 20
A53: 233 | B53: Действующая | C53: Минобрнауки России | D53: Санкт-Петербург | E53: ВПО | F53: ФГБОУ ВПО | G53: ФГБОУ ВПО «СПГХПА им. А.Л. Штиглица» | H53: Санкт - Петербургская государственная художественно - промышленная академия имени А.Л. Штиглица | I53: федеральное государственное бюджетное образовательное учреждение высшего профессионального образования «Санкт - Петербургская государственная художественно - промышленная академия имени А.Л. Штиглица» | J53: Отправлена на рассмотрение | K53: - | L53: да | M53: да | N53: 13 | O53: 12 | P53: 11 | Q53: 070000 Культура и искусство | R53: 070000 Культура и искусство | S53: 070000 Культура и искусство | T53: 7 | U53: 7 | V53: 7 | W53: 7 | X53: 7 | Y53: 7 | Z53: 7 | AA53: 7 | AB53: 7 | AC53: 7 | AD53: 7 | AE53: 7 | AF53: 7 | AG53: 7 | AH53: 7 | AI53: 1 | AJ53: 1 | AK53: 1 | AL53: Образовательные услуги и проживание предоставляется для ЛОВЗ по слуху | AM53: 0 | AN53: 0 | AO53: 0 | AP53: 0 | AQ53: 0 | AR53: 0 | AS53: 0 | AT53: 0 | AU53: 0 | AV53: 0 | AW53: 0 | AX53: 0 | AY53: 0 | AZ53: 0 | BA53: 0 | BB53: 0 | BC53: 0 | BD53: 0 | BE53: 0 | BF53: 0 | BG53: 0 | BH53: 0 | BI53: 0 | BJ53: 0 | BK53: 0 | BL53: 0 | BM53: 0 | BN53: 0 | BO53: 0 | BP53: 0 | BQ53: 0 | BR53: 0 | BS53: 0 | BT53: 0 | BU53: 0 | BV53: 0 | BW53: 0 | BX53: 0 | BY53: 0 | BZ53: 0 | CA53: 0 | CB53: 0 | CC53: 0 | CD53: 0 | CE53: =SUM(AM53,BI53) -> 0 | CF53: =SUM(N53,AN53,BJ53) -> 13 | CG53: =SUM(O53,AO53,BK53) -> 12 | CH53: =SUM(P53,AP53,BL53) -> 11 | CI53: =SUM(T53,AQ53,BM53) -> 7 | CJ53: =SUM(U53,AR53,BN53) -> 7 | CK53: =SUM(V53,AS53,BO53) -> 7 | CL53: =SUM(W53,AT53,BP53) -> 7 | CM53: =SUM(X53,AU53,BQ53) -> 7 | CN53: =SUM(Y53,AV53,BR53) -> 7 | CO53: =SUM(Z53,AW53,BS53) -> 7 | CP53: =SUM(AA53,AX53,BT53) -> 7 | ... CZ53: =SUM(AK53,BH53,CD53) -> 1
A54: 136 | B54: Реорганизация (присоединение к другому учреждению Минобрнауки России) | C54: Минобрнауки России | D54: Москва | E54: ВПО | F54: ФГБОУ ВПО | G54: ФГБОУ ВПО «МГГУ» | H54: Московский государственный горный университет | I54: федеральное государственное бюджетное образовательное учреждение высшего профессионального образования «Московский государственный горный университет» | J54: Отправлена на рассмотрение | K54: - | L54: да | M54: да | N54: 3 | O54: 5 | P54: 5 | Q54: Горное дело, менеджмент, технология художественной обработки материалов | R54: Горное дело, менеджмент, технология художественной обработки материалов, информатика и вычислительная техника | S54: Горное дело, менеджмент, технология художественной обработки материалов, информатика и вычислительная техника | T54: 63 | U54: 63 | V54: 63 | W54: 38 | X54: 38 | Y54: 38 | Z54: 0 | AA54: 0 | AB54: 0 | AC54: 0 | AD54: 1 | AE54: 1 | AF54: 38 | AG54: 37 | AH54: 37 | AI54: 6 | AJ54: 6 | AK54: 6 | AL54: Имеющиеся специальности не предусматривают возможности последующего трудоустройства для лиц с ограниченными возможностями здоровья. | AM54: 0 | AN54: 0 | AO54: 0 | AP54: 0 | AQ54: 0 | AR54: 0 | AS54: 0 | AT54: 0 | AU54: 0 | AV54: 0 | AW54: 0 | AX54: 0 | AY54: 0 | AZ54: 0 | BA54: 0 | BB54: 0 | BC54: 0 | BD54: 0 | BE54: 0 | BF54: 0 | BG54: 0 | BH54: 0 | BI54: 0 | BJ54: 0 | BK54: 0 | BL54: 0 | BM54: 0 | BN54: 0 | BO54: 0 | BP54: 0 | BQ54: 0 | BR54: 0 | BS54: 0 | BT54: 0 | BU54: 0 | BV54: 0 | BW54: 0 | BX54: 0 | BY54: 0 | BZ54: 0 | CA54: 0 | CB54: 0 | CC54: 0 | CD54: 0 | CE54: =SUM(AM54,BI54) -> 0 | CF54: =SUM(N54,AN54,BJ54) -> 3 | CG54: =SUM(O54,AO54,BK54) -> 5 | CH54: =SUM(P54,AP54,BL54) -> 5 | CI54: =SUM(T54,AQ54,BM54) -> 63 | CJ54: =SUM(U54,AR54,BN54) -> 63 | CK54: =SUM(V54,AS54,BO54) -> 63 | CL54: =SUM(W54,AT54,BP54) -> 38 | CM54: =SUM(X54,AU54,BQ54) -> 38 | CN54: =SUM(Y54,AV54,BR54) -> 38 | CO54: =SUM(Z54,AW54,BS54) -> 0 | CP54: =SUM(AA54,AX54,BT54) -> 0 | ... CZ54: =SUM(AK54,BH54,CD54) -> 6
A55: 252 | B55: Действующая | C55: Минобрнауки России | D55: Самарская область | E55: ВПО | F55: ФГБОУ ВПО | G55: СамГТУ | H55: Самарский государственный технический университет | I55: федеральное государственное бюджетное образовательное учреждение высшего профессионального образования «Самарский государственный технический университет» | J55: Отправлена на рассмотрение | K55: - | L55: да | M55: да | N55: 53 | O55: 44 | P55: 27 | Q55: Укрупненные группы не созданы, т. к инвалиды и ЛОВЗ обучаются на основании заключения медико-социальной экспертизы, согласно которой они могут обучатся на технических специальностях | R55: Укрупненные группы не созданы, т. к инвалиды и ЛОВЗ обучаются на основании заключения медико-социальной экспертизы, согласно которой они могут обучатся на технических специальностях | S55: Укрупненные группы не созданы, т. к инвалиды и ЛОВЗ обучаются на основании заключения медико-социальной экспертизы, согласно которой они могут обучатся на технических специальностях | T55: 133 | U55: 133 | V55: 133 | W55: 12 | X55: 12 | Y55: 12 | Z55: 12 | AA55: 12 | AB55: 12 | AC55: 0 | AD55: 0 | AE55: 0 | AF55: 0 | AG55: 0 | AH55: 0 | AI55: 12 | AJ55: 12 | AK55: 12 | AL55: Инвалиды-колясочники обучение в университете не проходят | AM55: 1 | AN55: 7 | AO55: 8 | AP55: 8 | AQ55: 4 | AR55: 4 | AS55: 4 | AT55: 4 | AU55: 4 | AV55: 4 | AW55: 4 | AX55: 4 | AY55: 4 | AZ55: 0 | BA55: 0 | BB55: 0 | BC55: 0 | BD55: 0 | BE55: 0 | BF55: 4 | BG55: 4 | BH55: 4 | BI55: 9 | BJ55: 0 | BK55: 0 | BL55: 0 | BM55: 0 | BN55: 0 | BO55: 0 | BP55: 0 | BQ55: 0 | BR55: 0 | BS55: 0 | BT55: 0 | BU55: 0 | BV55: 0 | BW55: 0 | BX55: 0 | BY55: 0 | BZ55: 0 | CA55: 0 | CB55: 0 | CC55: 0 | CD55: 0 | CE55: =SUM(AM55,BI55) -> 10 | CF55: =SUM(N55,AN55,BJ55) -> 60 | CG55: =SUM(O55,AO55,BK55) -> 52 | CH55: =SUM(P55,AP55,BL55) -> 35 | CI55: =SUM(T55,AQ55,BM55) -> 137 | CJ55: =SUM(U55,AR55,BN55) -> 137 | CK55: =SUM(V55,AS55,BO55) -> 137 | CL55: =SUM(W55,AT55,BP55) -> 16 | CM55: =SUM(X55,AU55,BQ55) -> 16 | CN55: =SUM(Y55,AV55,BR55) -> 16 | CO55: =SUM(Z55,AW55,BS55) -> 16 | CP55: =SUM(AA55,AX55,BT55) -> 16 | ... CZ55: =SUM(AK55,BH55,CD55) -> 16
A56: 253 | B56: Действующая | C56: Минобрнауки России | D56: Самарская область | E56: ВПО | F56: ФГБОУ ВПО | G56: СамГУ | H56: Самарский государственный университет | I56: федеральное государственное бюджетное образовательное учреждение высшего профессионального образования «Самарский государственный университет» | J56: Отправлена на рассмотрение | K56: - | L56: да | M56: да | N56: 77 | O56: 44 | P56: 31 | Q56: 010000 Физико-математические науки, 020000 Естественные науки, 030000 Гуманитарные науки, 040000 Социальные науки, 050000 Образование и педагогика, 080000 Экономика и управление, 090000 Информационная безопасность | R56: 010000 Физико-математические науки, 020000 Естественные науки, 030000 Гуманитарные науки, 040000 Социальные науки, 050000 Образование и педагогика, 080000 Экономика и управление, 090000 Информационная безопасность | S56: 010000 Физико-математические науки, 020000 Естественные науки, 030000 Гуманитарные науки, 040000 Социальные науки, 050000 Образование и педагогика, 080000 Экономика и управление, 090000 Информационная безопасность | T56: 10 | U56: 10 | V56: 10 | W56: 9 | X56: 9 | Y56: 9 | Z56: 9 | AA56: 9 | AB56: 9 | AC56: 0 | AD56: 0 | AE56: 0 | AF56: 0 | AG56: 0 | AH56: 0 | AI56: 9 | AJ56: 9 | AK56: 9 | AM56: 1 | AN56: 0 | AO56: 0 | AP56: 0 | AQ56: 1 | AR56: 1 | AS56: 1 | AT56: 1 | AU56: 1 | AV56: 1 | AW56: 0 | AX56: 0 | AY56: 0 | AZ56: 1 | BA56: 1 | BB56: 1 | BC56: 0 | BD56: 0 | BE56: 0 | BF56: 1 | BG56: 1 | BH56: 1 | BI56: 0 | BJ56: 0 | BK56: 0 | BL56: 0 | BM56: 0 | BN56: 0 | BO56: 0 | BP56: 0 | BQ56: 0 | BR56: 0 | BS56: 0 | BT56: 0 | BU56: 0 | BV56: 0 | BW56: 0 | BX56: 0 | BY56: 0 | BZ56: 0 | CA56: 0 | CB56: 0 | CC56: 0 | CD56: 0 | CE56: =SUM(AM56,BI56) -> 1 | CF56: =SUM(N56,AN56,BJ56) -> 77 | CG56: =SUM(O56,AO56,BK56) -> 44 | CH56: =SUM(P56,AP56,BL56) -> 31 | CI56: =SUM(T56,AQ56,BM56) -> 11 | CJ56: =SUM(U56,AR56,BN56) -> 11 | CK56: =SUM(V56,AS56,BO56) -> 11 | CL56: =SUM(W56,AT56,BP56) -> 10 | CM56: =SUM(X56,AU56,BQ56) -> 10 | CN56: =SUM(Y56,AV56,BR56) -> 10 | CO56: =SUM(Z56,AW56,BS56) -> 9 | CP56: =SUM(AA56,AX56,BT56) -> 9 | ... CZ56: =SUM(AK56,BH56,CD56) -> 10
A57: 258 | B57: Действующая | C57: Минобрнауки России | D57: Саратовская область | E57: ВПО | F57: ФГБОУ ВПО | G57: СГУ | H57: Саратовский государственный университет имени Н.Г. Чернышевского | I57: федеральное государственное бюджетное образовательное учреждение высшего профессионального образования «Саратовский государственный университет имени Н.Г. Чернышевского» | J57: Отправлена на рассмотрение | K57: - | L57: да | M57: да | N57: 87 | O57: 81 | P57: 76 | Q57: 050000 Образование и педагогика, 030000 Гуманитарные науки, 080000 Экономика и управление,020000 естественные науки,230000 информатика и вычислительная техника, 090000 информационная безопастность, 010000 физико-математические науки, 040000 социальные науки, 240000 химическая и биотехнологии, 140000 энергетика, энергетическое машиностроение и электротехника, 210000 электронная техника, радиотехника и связь, 200000 приборостроение и оптотехника, 130000 геология, разведка и разработка полезных ископаемых | R57: 050000 Образование и педагогика, 030000 Гуманитарные науки, 080000 Экономика и управление,020000 естественные науки,230000 информатика и вычислительная техника, 090000 информационная безопастность, 010000 физико-математические науки, 040000 социальные науки, 280000 безопастность жизнедеятельности, природообустройство и защита окружающей среды, 210000 электронная техника, радиотехника и связь, 200000 приборостроение и оптотехника, 130000 геология, разведка и разработка полезных ископаемых,150000 металлургия, машиностроение и материалообработка, 120000 геодезия и землеустройство | S57: 050000 Образование и педагогика, 030000 Гуманитарные науки, 080000 Экономика и управление,020000 естественные науки,230000 информатика и вычислительная техника, 090000 информационная безопастность, 010000 физико-математические науки, 040000 социальные науки, 240000 химическая и биотехнологии, 140000 энергетика, энергетическое машиностроение и электротехника, 210000 электронная техника, радиотехника и связь, 200000 приборостроение и оптотехника, 130000 геология, разведка и разработка полезных ископаемых,240000 химическая и биотехнологии,120000 геодезия и землеустройство | T57: 230 | U57: 230 | V57: 230 | W57: 37 | X57: 37 | Y57: 37 | Z57: 6 | AA57: 6 | AB57: 6 | AC57: 25 | AD57: 25 | AE57: 25 | AF57: 1 | AG57: 1 | AH57: 1 | AI57: 36 | AJ57: 36 | AK57: 36 | AM57: 1 | AN57: 16 | AO57: 10 | AP57: 8 | AQ57: 25 | AR57: 26 | AS57: 26 | AT57: 6 | AU57: 7 | AV57: 7 | AW57: 0 | AX57: 2 | AY57: 3 | AZ57: 5 | BA57: 5 | BB57: 4 | BC57: 0 | BD57: 0 | BE57: 0 | BF57: 4 | BG57: 5 | BH57: 5 | BI57: 0 | BJ57: 0 | BK57: 0 | BL57: 0 | BM57: 0 | BN57: 0 | BO57: 0 | BP57: 0 | BQ57: 0 | BR57: 0 | BS57: 0 | BT57: 0 | BU57: 0 | BV57: 0 | BW57: 0 | BX57: 0 | BY57: 0 | BZ57: 0 | CA57: 0 | CB57: 0 | CC57: 0 | CD57: 0 | CE57: =SUM(AM57,BI57) -> 1 | CF57: =SUM(N57,AN57,BJ57) -> 103 | CG57: =SUM(O57,AO57,BK57) -> 91 | CH57: =SUM(P57,AP57,BL57) -> 84 | CI57: =SUM(T57,AQ57,BM57) -> 255 | CJ57: =SUM(U57,AR57,BN57) -> 256 | CK57: =SUM(V57,AS57,BO57) -> 256 | CL57: =SUM(W57,AT57,BP57) -> 43 | CM57: =SUM(X57,AU57,BQ57) -> 44 | CN57: =SUM(Y57,AV57,BR57) -> 44 | CO57: =SUM(Z57,AW57,BS57) -> 6 | CP57: =SUM(AA57,AX57,BT57) -> 8 | ... CZ57: =SUM(AK57,BH57,CD57) -> 41
A58: 261 | B58: Действующая | C58: Минобрнауки России | D58: Магаданская область | E58: ВПО | F58: ФГБОУ ВПО | G58: СВГУ | H58: Северо-Восточный государственный университет | I58: федеральное государственное бюджетное образовательное учреждение высшего профессионального образования «Северо-Восточный государственный университет» | J58: Отправлена на рассмотрение | K58: - | L58: да | M58: да | N58: 14 | O58: 13 | P58: 13 | Q58: 030000, 050000, 080000, 130000, 190000 | R58: 030000, 080000, 130000, 190000, 230000, 270000 | S58: 030000, 050000, 080000, 190000, 230000 | T58: 10 | U58: 10 | V58: 10 | W58: 7 | X58: 7 | Y58: 7 | Z58: 5 | AA58: 5 | AB58: 5 | AC58: 2 | AD58: 2 | AE58: 2 | AF58: 0 | AG58: 0 | AH58: 0 | AI58: 10 | AJ58: 10 | AK58: 10 | AM58: 0 | AN58: 0 | AO58: 0 | AP58: 0 | AQ58: 0 | AR58: 0 | AS58: 0 | AT58: 0 | AU58: 0 | AV58: 0 | AW58: 0 | AX58: 0 | AY58: 0 | AZ58: 0 | BA58: 0 | BB58: 0 | BC58: 0 | BD58: 0 | BE58: 0 | BF58: 0 | BG58: 0 | BH58: 0 | BI58: 0 | BJ58: 0 | BK58: 0 | BL58: 0 | BM58: 0 | BN58: 0 | BO58: 0 | BP58: 0 | BQ58: 0 | BR58: 0 | BS58: 0 | BT58: 0 | BU58: 0 | BV58: 0 | BW58: 0 | BX58: 0 | BY58: 0 | BZ58: 0 | CA58: 0 | CB58: 0 | CC58: 0 | CD58: 0 | CE58: =SUM(AM58,BI58) -> 0 | CF58: =SUM(N58,AN58,BJ58) -> 14 | CG58: =SUM(O58,AO58,BK58) -> 13 | CH58: =SUM(P58,AP58,BL58) -> 13 | CI58: =SUM(T58,AQ58,BM58) -> 10 | CJ58: =SUM(U58,AR58,BN58) -> 10 | CK58: =SUM(V58,AS58,BO58) -> 10 | CL58: =SUM(W58,AT58,BP58) -> 7 | CM58: =SUM(X58,AU58,BQ58) -> 7 | CN58: =SUM(Y58,AV58,BR58) -> 7 | CO58: =SUM(Z58,AW58,BS58) -> 5 | CP58: =SUM(AA58,AX58,BT58) -> 5 | ... CZ58: =SUM(AK58,BH58,CD58) -> 10
A59: 290 | B59: Действующая | C59: Минобрнауки России | D59: Тюменская область | E59: ВПО | F59: ФГБОУ ВПО | G59: ТГСПА им. Д.И. Менделеева | H59: Тобольская государственная социально-педагогическая академия им. Д.И. Менделеева | I59: федеральное государственное бюджетное образовательное учреждение высшего профессионального образования «Тобольская государственная социально-педагогическая академия им. Д.И. Менделеева» | J59: Отправлена на рассмотрение | K59: - | L59: да | M59: да | N59: 15 | O59: 10 | P59: 9 | Q59: 010000 Физико-математические науки, 040000 Социальные науки, 050000 Образование и педагогика | R59: 010000 Физико-математические науки, 040000 Социальные науки, 050000 Образование и педагогика | S59: 010000 Физико-математические науки, 040000 Социальные науки, 050000 Образование и педагогика | T59: 26 | U59: 27 | V59: 27 | W59: 12 | X59: 13 | Y59: 13 | Z59: 3 | AA59: 5 | AB59: 6 | AC59: 9 | AD59: 8 | AE59: 7 | AF59: 14 | AG59: 15 | AH59: 15 | AI59: 12 | AJ59: 13 | AK59: 13 | AM59: 1 | AN59: 0 | AO59: 0 | AP59: 0 | AQ59: 0 | AR59: 0 | AS59: 0 | AT59: 0 | AU59: 0 | AV59: 0 | AW59: 0 | AX59: 0 | AY59: 0 | AZ59: 0 | BA59: 0 | BB59: 0 | BC59: 0 | BD59: 0 | BE59: 0 | BF59: 0 | BG59: 0 | BH59: 0 | BI59: 1 | BJ59: 0 | BK59: 0 | BL59: 0 | BM59: 0 | BN59: 0 | BO59: 0 | BP59: 0 | BQ59: 0 | BR59: 0 | BS59: 0 | BT59: 0 | BU59: 0 | BV59: 0 | BW59: 0 | BX59: 0 | BY59: 0 | BZ59: 0 | CA59: 0 | CB59: 0 | CC59: 0 | CD59: 0 | CE59: =SUM(AM59,BI59) -> 2 | CF59: =SUM(N59,AN59,BJ59) -> 15 | CG59: =SUM(O59,AO59,BK59) -> 10 | CH59: =SUM(P59,AP59,BL59) -> 9 | CI59: =SUM(T59,AQ59,BM59) -> 26 | CJ59: =SUM(U59,AR59,BN59) -> 27 | CK59: =SUM(V59,AS59,BO59) -> 27 | CL59: =SUM(W59,AT59,BP59) -> 12 | CM59: =SUM(X59,AU59,BQ59) -> 13 | CN59: =SUM(Y59,AV59,BR59) -> 13 | CO59: =SUM(Z59,AW59,BS59) -> 3 | CP59: =SUM(AA59,AX59,BT59) -> 5 | ... CZ59: =SUM(AK59,BH59,CD59) -> 13
A60: 44 | B60: Действующая | C60: Минобрнауки России | D60: Воронежская область | E60: ВПО | F60: ФГБОУ ВПО | G60: ФГБОУ ВПО «ВГТУ» | H60: Воронежский государственный технический университет | I60: федеральное государственное бюджетное образовательное учреждение высшего профессионального образования «Воронежский государственный технический университет» | J60: Отправлена на рассмотрение | K60: - | L60: да | M60: да | N60: 0 | O60: 0 | P60: 0 | Q60: 0 | R60: 0 | S60: 0 | T60: 60 | U60: 60 | V60: 60 | W60: 8 | X60: 8 | Y60: 8 | Z60: 0 | AA60: 0 | AB60: 0 | AC60: 0 | AD60: 0 | AE60: 0 | AF60: 0 | AG60: 0 | AH60: 0 | AI60: 0 | AJ60: 0 | AK60: 0 | AM60: 0 | AN60: 0 | AO60: 0 | AP60: 0 | AQ60: 0 | AR60: 0 | AS60: 0 | AT60: 0 | AU60: 0 | AV60: 0 | AW60: 0 | AX60: 0 | AY60: 0 | AZ60: 0 | BA60: 0 | BB60: 0 | BC60: 0 | BD60: 0 | BE60: 0 | BF60: 0 | BG60: 0 | BH60: 0 | BI60: 0 | BJ60: 0 | BK60: 0 | BL60: 0 | BM60: 0 | BN60: 0 | BO60: 0 | BP60: 0 | BQ60: 0 | BR60: 0 | BS60: 0 | BT60: 0 | BU60: 0 | BV60: 0 | BW60: 0 | BX60: 0 | BY60: 0 | BZ60: 0 | CA60: 0 | CB60: 0 | CC60: 0 | CD60: 0 | CE60: =SUM(AM60,BI60) -> 0 | CF60: =SUM(N60,AN60,BJ60) -> 0 | CG60: =SUM(O60,AO60,BK60) -> 0 | CH60: =SUM(P60,AP60,BL60) -> 0 | CI60: =SUM(T60,AQ60,BM60) -> 60 | CJ60: =SUM(U60,AR60,BN60) -> 60 | CK60: =SUM(V60,AS60,BO60) -> 60 | CL60: =SUM(W60,AT60,BP60) -> 8 | CM60: =SUM(X60,AU60,BQ60) -> 8 | CN60: =SUM(Y60,AV60,BR60) -> 8 | CO60: =SUM(Z60,AW60,BS60) -> 0 | CP60: =SUM(AA60,AX60,BT60) -> 0 | ... CZ60: =SUM(AK60,BH60,CD60) -> 0
A61: 311 | B61: Действующая | C61: Минобрнауки России | D61: Свердловская область | E61: ВПО | F61: ФГБОУ ВПО | G61: УГЛТУ | H61: Уральский государственный лесотехнический университет | I61: федеральное государственное бюджетное образовательное учреждение высшего профессионального образования «Уральский государственный лесотехнический университет» | J61: Отправлена на рассмотрение | K61: - | L61: да | M61: да | N61: 4 | O61: 5 | P61: 8 | Q61: 280202.65 "Инженерная защита окружающей среды", 190700.62 "Технология транспортных процессов", 080114 "Экономика и бухгалтерский учет" | R61: 280202.65 "Инженерная защита окружающей среды", 151000.62 "Технологические машины и оборудование", 190700.62 "Технология транспортных процессов", 080114 "Экономика и бухгалтерский учет" | S61: 280202.65 "Инженерная защита окружающей среды", 151000.62 "Технологические машины и оборудование", 190700.62 "Технология транспортных процессов",190600.62 "Эксплуатация транспортных и технологических машин и комплексов", 250400.62 "Технология лесозаготовительных и деревообрабатывающих производств", 080109.65 "Бухгалтерский учет, анализ и аудит", 080114 "Экономика и бухгалтерский учет" | T61: 92 | U61: 102 | V61: 102 | W61: 26 | X61: 26 | Y61: 26 | Z61: 4 | AA61: 6 | AB61: 6 | AC61: 3 | AD61: 3 | AE61: 3 | AF61: 19 | AG61: 17 | AH61: 17 | AI61: 4 | AJ61: 6 | AK61: 6 | AM61: 0 | AN61: 0 | AO61: 0 | AP61: 0 | AQ61: 0 | AR61: 0 | AS61: 0 | AT61: 0 | AU61: 0 | AV61: 0 | AW61: 0 | AX61: 0 | AY61: 0 | AZ61: 0 | BA61: 0 | BB61: 0 | BC61: 0 | BD61: 0 | BE61: 0 | BF61: 0 | BG61: 0 | BH61: 0 | BI61: 0 | BJ61: 0 | BK61: 0 | BL61: 0 | BM61: 0 | BN61: 0 | BO61: 0 | BP61: 0 | BQ61: 0 | BR61: 0 | BS61: 0 | BT61: 0 | BU61: 0 | BV61: 0 | BW61: 0 | BX61: 0 | BY61: 0 | BZ61: 0 | CA61: 0 | CB61: 0 | CC61: 0 | CD61: 0 | CE61: =SUM(AM61,BI61) -> 0 | CF61: =SUM(N61,AN61,BJ61) -> 4 | CG61: =SUM(O61,AO61,BK61) -> 5 | CH61: =SUM(P61,AP61,BL61) -> 8 | CI61: =SUM(T61,AQ61,BM61) -> 92 | CJ61: =SUM(U61,AR61,BN61) -> 102 | CK61: =SUM(V61,AS61,BO61) -> 102 | CL61: =SUM(W61,AT61,BP61) -> 26 | CM61: =SUM(X61,AU61,BQ61) -> 26 | CN61: =SUM(Y61,AV61,BR61) -> 26 | CO61: =SUM(Z61,AW61,BS61) -> 4 | CP61: =SUM(AA61,AX61,BT61) -> 6 | ... CZ61: =SUM(AK61,BH61,CD61) -> 6
A62: 162 | B62: Действующая | C62: Минобрнауки России | D62: Москва | E62: ВПО | F62: ФГБОУ ВПО | G62: ФГБОУ ВПО «НИУ «МЭИ» | H62: Национальный исследовательский университет «МЭИ» | I62: федеральное государственное бюджетное образовательное учреждение высшего профессионального образования «Национальный исследовательский университет «МЭИ» | J62: Отправлена на рассмотрение | K62: - | L62: да | M62: да | N62: 32 | O62: 34 | P62: 29 | Q62: 010000 Физико-математические науки;030000 Гуманитарные науки;080000 Экономика и управление;140000 Энергетика,энергетическое машиностроение и электротехника;200000 Приборостроение и оптотехника; 210000 Электронная техника,радиотехника и связь;220000 Автоматика и управление; 230000 Информатика и вычислительная техника. | R62: 010000 Физико-математические науки;030000 Гуманитарные науки;080000 Экономика и управление;090000 Информационная безопасность; 140000 Энергетика,энергетическое машиностроение и электротехника;200000 Приборостроение и оптотехника; 210000 Электронная техника,радиотехника и связь;220000 Автоматика и управление; 230000 Информатика и вычислительная техника. | S62: 010000 Физико-математические науки;030000 Гуманитарные науки;080000 Экономика и управление;090000 Информационная безопасность; 140000 Энергетика,энергетическое машиностроение и электротехника;200000 Приборостроение и оптотехника; 210000 Электронная техника,радиотехника и связь;220000 Автоматика и управление; 230000 Информатика и вычислительная техника. | T62: 257 | U62: 257 | V62: 257 | W62: 48 | X62: 48 | Y62: 48 | Z62: 0 | AA62: 0 | AB62: 0 | AC62: 0 | AD62: 0 | AE62: 0 | AF62: 48 | AG62: 48 | AH62: 48 | AI62: 0 | AJ62: 0 | AK62: 0 | AM62: 3 | AN62: 8 | AO62: 9 | AP62: 6 | AQ62: 13 | AR62: 18 | AS62: 18 | AT62: 7 | AU62: 12 | AV62: 12 | AW62: 6 | AX62: 6 | AY62: 6 | AZ62: 7 | BA62: 7 | BB62: 7 | BC62: 0 | BD62: 5 | BE62: 5 | BF62: 7 | BG62: 7 | BH62: 7 | BI62: 0 | BJ62: 0 | BK62: 0 | BL62: 0 | BM62: 0 | BN62: 0 | BO62: 0 | BP62: 0 | BQ62: 0 | BR62: 0 | BS62: 0 | BT62: 0 | BU62: 0 | BV62: 0 | BW62: 0 | BX62: 0 | BY62: 0 | BZ62: 0 | CA62: 0 | CB62: 0 | CC62: 0 | CD62: 0 | CE62: =SUM(AM62,BI62) -> 3 | CF62: =SUM(N62,AN62,BJ62) -> 40 | CG62: =SUM(O62,AO62,BK62) -> 43 | CH62: =SUM(P62,AP62,BL62) -> 35 | CI62: =SUM(T62,AQ62,BM62) -> 270 | CJ62: =SUM(U62,AR62,BN62) -> 275 | CK62: =SUM(V62,AS62,BO62) -> 275 | CL62: =SUM(W62,AT62,BP62) -> 55 | CM62: =SUM(X62,AU62,BQ62) -> 60 | CN62: =SUM(Y62,AV62,BR62) -> 60 | CO62: =SUM(Z62,AW62,BS62) -> 6 | CP62: =SUM(AA62,AX62,BT62) -> 6 | ... CZ62: =SUM(AK62,BH62,CD62) -> 7
A63: 202 | B63: Действующая | C63: Минобрнауки России | D63: Самарская область | E63: ВПО | F63: ФГБОУ ВПО | G63: ФГБОУ ВПО «ПВГУС» | H63: Поволжский государственный университет сервиса | I63: федеральное государственное бюджетное образовательное учреждение высшего профессионального образования «Поволжский государственный университет сервиса» | J63: Отправлена на рассмотрение | K63: - | L63: да | M63: да | N63: 34 | O63: 45 | P63: 50 | Q63: 04,07,08,10,15,22,23,26 | R63: 04,07,08,09,10,21,22,23,26 | S63: 04,07,08,09,10,21,22,23,26 | T63: 7 | U63: 7 | V63: 7 | W63: 7 | X63: 7 | Y63: 7 | Z63: 7 | AA63: 7 | AB63: 7 | AC63: 0 | AD63: 0 | AE63: 0 | AF63: 0 | AG63: 0 | AH63: 0 | AI63: 7 | AJ63: 7 | AK63: 7 | AM63: 1 | AN63: 1 | AO63: 1 | AP63: 1 | AQ63: 1 | AR63: 1 | AS63: 2 | AT63: 1 | AU63: 1 | AV63: 1 | AW63: 1 | AX63: 1 | AY63: 1 | AZ63: 0 | BA63: 0 | BB63: 0 | BC63: 0 | BD63: 0 | BE63: 0 | BF63: 1 | BG63: 1 | BH63: 1 | BI63: 0 | BJ63: 0 | BK63: 0 | BL63: 0 | BM63: 0 | BN63: 0 | BO63: 0 | BP63: 0 | BQ63: 0 | BR63: 0 | BS63: 0 | BT63: 0 | BU63: 0 | BV63: 0 | BW63: 0 | BX63: 0 | BY63: 0 | BZ63: 0 | CA63: 0 | CB63: 0 | CC63: 0 | CD63: 0 | CE63: =SUM(AM63,BI63) -> 1 | CF63: =SUM(N63,AN63,BJ63) -> 35 | CG63: =SUM(O63,AO63,BK63) -> 46 | CH63: =SUM(P63,AP63,BL63) -> 51 | CI63: =SUM(T63,AQ63,BM63) -> 8 | CJ63: =SUM(U63,AR63,BN63) -> 8 | CK63: =SUM(V63,AS63,BO63) -> 9 | CL63: =SUM(W63,AT63,BP63) -> 8 | CM63: =SUM(X63,AU63,BQ63) -> 8 | CN63: =SUM(Y63,AV63,BR63) -> 8 | CO63: =SUM(Z63,AW63,BS63) -> 8 | CP63: =SUM(AA63,AX63,BT63) -> 8 | ... CZ63: =SUM(AK63,BH63,CD63) -> 8
A64: 237 | B64: Действующая | C64: Минобрнауки России | D64: Санкт-Петербург | E64: ВПО | F64: ФГБОУ ВПО | G64: Горный университет | H64: Национальный минерально-сырьевой университет «Горный» | I64: федеральное государственное бюджетное образовательное учреждение высшего профессионального образования «Национальный минерально-сырьевой университет «Горный» | J64: Отправлена на рассмотрение | K64: - | L64: да | M64: да | N64: 237 | O64: 128 | P64: 46 | Q64: 080000,120000,130000,140000,150000, 190000,200000,220000,230000,280000 | R64: 080000,120000,130000,140000,150000, 190000,200000,220000,230000,280000 | S64: 080000,120000,130000,140000,150000, 190000,200000,220000,230000,280000 | T64: 145 | U64: 150 | V64: 162 | W64: 16 | X64: 16 | Y64: 16 | Z64: 0 | AA64: 0 | AB64: 0 | AC64: 16 | AD64: 16 | AE64: 16 | AF64: 0 | AG64: 0 | AH64: 0 | AI64: 16 | AJ64: 16 | AK64: 16 | AM64: 0 | AN64: 0 | AO64: 0 | AP64: 0 | AQ64: 0 | AR64: 0 | AS64: 0 | AT64: 0 | AU64: 0 | AV64: 0 | AW64: 0 | AX64: 0 | AY64: 0 | AZ64: 0 | BA64: 0 | BB64: 0 | BC64: 0 | BD64: 0 | BE64: 0 | BF64: 0 | BG64: 0 | BH64: 0 | BI64: 0 | BJ64: 0 | BK64: 0 | BL64: 0 | BM64: 0 | BN64: 0 | BO64: 0 | BP64: 0 | BQ64: 0 | BR64: 0 | BS64: 0 | BT64: 0 | BU64: 0 | BV64: 0 | BW64: 0 | BX64: 0 | BY64: 0 | BZ64: 0 | CA64: 0 | CB64: 0 | CC64: 0 | CD64: 0 | CE64: =SUM(AM64,BI64) -> 0 | CF64: =SUM(N64,AN64,BJ64) -> 237 | CG64: =SUM(O64,AO64,BK64) -> 128 | CH64: =SUM(P64,AP64,BL64) -> 46 | CI64: =SUM(T64,AQ64,BM64) -> 145 | CJ64: =SUM(U64,AR64,BN64) -> 150 | CK64: =SUM(V64,AS64,BO64) -> 162 | CL64: =SUM(W64,AT64,BP64) -> 16 | CM64: =SUM(X64,AU64,BQ64) -> 16 | CN64: =SUM(Y64,AV64,BR64) -> 16 | CO64: =SUM(Z64,AW64,BS64) -> 0 | CP64: =SUM(AA64,AX64,BT64) -> 0 | ... CZ64: =SUM(AK64,BH64,CD64) -> 16
A65: 322 | B65: Действующая | C65: Минобрнауки России | D65: Республика Хакасия | E65: ВПО | F65: ФГБОУ ВПО | G65: ХГУ | H65: Хакасский государственный университет им. Н.Ф. Катанова | I65: федеральное государственное бюджетное образовательное учреждение высшего профессионального образования «Хакасский государственный университет им. Н.Ф. Катанова» | J65: Отправлена на рассмотрение | K65: - | L65: да | M65: да | N65: 28 | O65: 21 | P65: 16 | Q65: 050000 ОБРАЗОВАНИЕ И ПЕДАГОГИКА, 070000 КУЛЬТУРА И ИСКУССТВО, 080000 ЭКОНОМИКА И УПРАВЛЕНИЕ, 100000 СФЕРА ОБСЛУЖИВАНИЯ, 110000 СЕЛЬСКОЕ И РЫБНОЕ ХОЗЯЙСТВО, 030000 ГУМАНИТАРНЫЕ НАУКИ, 230000 ИНФОРМАТИКА И ВЫЧИСЛИТЕЛЬНАЯ ТЕХНИКА | R65: 050000 ОБРАЗОВАНИЕ И ПЕДАГОГИКА, 070000 КУЛЬТУРА И ИСКУССТВО, 080000 ЭКОНОМИКА И УПРАВЛЕНИЕ, 110000 СЕЛЬСКОЕ И РЫБНОЕ ХОЗЯЙСТВО, 030000 ГУМАНИТАРНЫЕ НАУКИ, 230000 ИНФОРМАТИКА И ВЫЧИСЛИТЕЛЬНАЯ ТЕХНИКА | S65: 050000 ОБРАЗОВАНИЕ И ПЕДАГОГИКА, 070000 КУЛЬТУРА И ИСКУССТВО, 080000 ЭКОНОМИКА И УПРАВЛЕНИЕ, 110000 СЕЛЬСКОЕ И РЫБНОЕ ХОЗЯЙСТВО, 030000 ГУМАНИТАРНЫЕ НАУКИ, 230000 ИНФОРМАТИКА И ВЫЧИСЛИТЕЛЬНАЯ ТЕХНИКА | T65: 48 | U65: 48 | V65: 48 | W65: 37 | X65: 37 | Y65: 37 | Z65: 19 | AA65: 24 | AB65: 24 | AC65: 13 | AD65: 9 | AE65: 9 | AF65: 5 | AG65: 4 | AH65: 4 | AI65: 18 | AJ65: 17 | AK65: 17 | AL65: При определении зданий, обеспечивающих условия для получения образования и временного проживания инвалидов, нами не учитывались условия для инвалидов с нарушениями функций опорно - двигательного аппарата в тяжелой степени, поскольку такие в ВУЗе не обучаются. | AM65: 0 | AN65: 0 | AO65: 0 | AP65: 0 | AQ65: 0 | AR65: 0 | AS65: 0 | AT65: 0 | AU65: 0 | AV65: 0 | AW65: 0 | AX65: 0 | AY65: 0 | AZ65: 0 | BA65: 0 | BB65: 0 | BC65: 0 | BD65: 0 | BE65: 0 | BF65: 0 | BG65: 0 | BH65: 0 | BI65: 0 | BJ65: 0 | BK65: 0 | BL65: 0 | BM65: 0 | BN65: 0 | BO65: 0 | BP65: 0 | BQ65: 0 | BR65: 0 | BS65: 0 | BT65: 0 | BU65: 0 | BV65: 0 | BW65: 0 | BX65: 0 | BY65: 0 | BZ65: 0 | CA65: 0 | CB65: 0 | CC65: 0 | CD65: 0 | CE65: =SUM(AM65,BI65) -> 0 | CF65: =SUM(N65,AN65,BJ65) -> 28 | CG65: =SUM(O65,AO65,BK65) -> 21 | CH65: =SUM(P65,AP65,BL65) -> 16 | CI65: =SUM(T65,AQ65,BM65) -> 48 | CJ65: =SUM(U65,AR65,BN65) -> 48 | CK65: =SUM(V65,AS65,BO65) -> 48 | CL65: =SUM(W65,AT65,BP65) -> 37 | CM65: =SUM(X65,AU65,BQ65) -> 37 | CN65: =SUM(Y65,AV65,BR65) -> 37 | CO65: =SUM(Z65,AW65,BS65) -> 19 | CP65: =SUM(AA65,AX65,BT65) -> 24 | ... CZ65: =SUM(AK65,BH65,CD65) -> 17
A66: 325 | B66: Действующая | C66: Минобрнауки России | D66: Вологодская область | E66: ВПО | F66: ФГБОУ ВПО | G66: ЧГУ | H66: Череповецкий государственный университет | I66: федеральное государственное бюджетное образовательное учреждение высшего профессионального образования «Череповецкий государственный университет» | J66: Отправлена на рассмотрение | K66: - | L66: да | M66: да | N66: 59 | O66: 49 | P66: 38 | Q66: 030000 Гуманитарные науки, 040000 Социальные науки, 050000 Образование и педагогика, 080000 Экономика и управление, 190000 Транспортные средства, 220000 Автоматика и управление, 230000 Информатика и вычислительная техника, 270000 Строительство и архитектура | R66: 020000 Естественные науки, 030000 Гуманитарные науки, 040000 Социальные науки, 050000 Образование и педагогика, 080000 Экономика и управление, 090000 Информационная безопасность, 220000 Автоматика и управление, 230000 Информатика и вычислительная техника, 270000 Строительство и архитектура | S66: 020000 Естественные науки, 030000 Гуманитарные науки, 040000 Социальные науки, 050000 Образование и педагогика, 080000 Экономика и управление, 090000 Информационная безопасность, 220000 Автоматика и управление, 230000 Информатика и вычислительная техника, 270000 Строительство и архитектура | T66: 28 | U66: 28 | V66: 28 | W66: 18 | X66: 18 | Y66: 18 | Z66: 0 | AA66: 0 | AB66: 0 | AC66: 0 | AD66: 1 | AE66: 1 | AF66: 18 | AG66: 17 | AH66: 17 | AI66: 5 | AJ66: 6 | AK66: 6 | AM66: 0 | AN66: 0 | AO66: 0 | AP66: 0 | AQ66: 0 | AR66: 0 | AS66: 0 | AT66: 0 | AU66: 0 | AV66: 0 | AW66: 0 | AX66: 0 | AY66: 0 | AZ66: 0 | BA66: 0 | BB66: 0 | BC66: 0 | BD66: 0 | BE66: 0 | BF66: 0 | BG66: 0 | BH66: 0 | BI66: 0 | BJ66: 0 | BK66: 0 | BL66: 0 | BM66: 0 | BN66: 0 | BO66: 0 | BP66: 0 | BQ66: 0 | BR66: 0 | BS66: 0 | BT66: 0 | BU66: 0 | BV66: 0 | BW66: 0 | BX66: 0 | BY66: 0 | BZ66: 0 | CA66: 0 | CB66: 0 | CC66: 0 | CD66: 0 | CE66: =SUM(AM66,BI66) -> 0 | CF66: =SUM(N66,AN66,BJ66) -> 59 | CG66: =SUM(O66,AO66,BK66) -> 49 | CH66: =SUM(P66,AP66,BL66) -> 38 | CI66: =SUM(T66,AQ66,BM66) -> 28 | CJ66: =SUM(U66,AR66,BN66) -> 28 | CK66: =SUM(V66,AS66,BO66) -> 28 | CL66: =SUM(W66,AT66,BP66) -> 18 | CM66: =SUM(X66,AU66,BQ66) -> 18 | CN66: =SUM(Y66,AV66,BR66) -> 18 | CO66: =SUM(Z66,AW66,BS66) -> 0 | CP66: =SUM(AA66,AX66,BT66) -> 0 | ... CZ66: =SUM(AK66,BH66,CD66) -> 6
A67: 249 | B67: Действующая | C67: Минобрнауки России | D67: Санкт-Петербург | E67: ВПО | F67: ФГБОУ ВПО | G67: ФГБОУ ВПО «СПбГТЭУ» | H67: Санкт-Петербургский государственный торгово-экономический университет | I67: федеральное государственное бюджетное образовательное учреждение высшего профессионального образования «Санкт-Петербургский государственный торгово-экономический университет» | J67: Отправлена на рассмотрение | K67: - | L67: да | M67: да | N67: 5 | O67: 7 | P67: 7 | Q67: 080502.65, 080109.65, 080100.62, 080200.62 | R67: 080502.65, 080109.65, 080100.62, 080200.62 | S67: 080502.65, 080109.65, 080100.62, 080200.62 | T67: 5 | U67: 14 | V67: 14 | W67: 5 | X67: 9 | Y67: 9 | Z67: 0 | AA67: 0 | AB67: 0 | AC67: 5 | AD67: 9 | AE67: 9 | AF67: 0 | AG67: 0 | AH67: 0 | AI67: 5 | AJ67: 9 | AK67: 9 | AL67: - | AM67: 0 | AN67: 0 | AO67: 0 | AP67: 0 | AQ67: 0 | AR67: 0 | AS67: 0 | AT67: 0 | AU67: 0 | AV67: 0 | AW67: 0 | AX67: 0 | AY67: 0 | AZ67: 0 | BA67: 0 | BB67: 0 | BC67: 0 | BD67: 0 | BE67: 0 | BF67: 0 | BG67: 0 | BH67: 0 | BI67: 0 | BJ67: 0 | BK67: 0 | BL67: 0 | BM67: 0 | BN67: 0 | BO67: 0 | BP67: 0 | BQ67: 0 | BR67: 0 | BS67: 0 | BT67: 0 | BU67: 0 | BV67: 0 | BW67: 0 | BX67: 0 | BY67: 0 | BZ67: 0 | CA67: 0 | CB67: 0 | CC67: 0 | CD67: 0 | CE67: =SUM(AM67,BI67) -> 0 | CF67: =SUM(N67,AN67,BJ67) -> 5 | CG67: =SUM(O67,AO67,BK67) -> 7 | CH67: =SUM(P67,AP67,BL67) -> 7 | CI67: =SUM(T67,AQ67,BM67) -> 5 | CJ67: =SUM(U67,AR67,BN67) -> 14 | CK67: =SUM(V67,AS67,BO67) -> 14 | CL67: =SUM(W67,AT67,BP67) -> 5 | CM67: =SUM(X67,AU67,BQ67) -> 9 | CN67: =SUM(Y67,AV67,BR67) -> 9 | CO67: =SUM(Z67,AW67,BS67) -> 0 | CP67: =SUM(AA67,AX67,BT67) -> 0 | ... CZ67: =SUM(AK67,BH67,CD67) -> 9
A68: 327 | B68: Действующая | C68: Минобрнауки России | D68: Чеченская республика | E68: ВПО | F68: ФГБОУ ВПО | G68: ФГБОУ ВПО «Чеченский государственный университет» | H68: Чеченский государственный университет | I68: федеральное государственное бюджетное образовательное учреждение высшего профессионального образования «Чеченский государственный университет» | J68: Отправлена на рассмотрение | K68: - | L68: да | M68: да | N68: 77 | O68: 121 | P68: 125 | Q68: физико-математические науки, естественные науки, гуманитарные науки, социальные науки, образование и педагогика, здравоохранение, культура и искусство, экономика и управление, сфера обслуживания, сельское и рыбное хозяйство. | R68: физико-математические науки, естественные науки, гуманитарные науки, социальные науки, образование и педагогика, здравоохранение, культура и искусство, экономика и управление, сфера обслуживания, сельское и рыбное хозяйство. | S68: физико-математические науки, естественные науки, гуманитарные науки, социальные науки, образование и педагогика, здравоохранение, культура и искусство, экономика и управление, сфера обслуживания, сельское и рыбное хозяйство. | T68: 14 | U68: 16 | V68: 16 | W68: 12 | X68: 14 | Y68: 14 | Z68: 1 | AA68: 3 | AB68: 3 | AC68: 1 | AD68: 1 | AE68: 1 | AF68: 11 | AG68: 11 | AH68: 11 | AI68: 1 | AJ68: 3 | AK68: 3 | AM68: 0 | AN68: 0 | AO68: 0 | AP68: 0 | AQ68: 0 | AR68: 0 | AS68: 0 | AT68: 0 | AU68: 0 | AV68: 0 | AW68: 0 | AX68: 0 | AY68: 0 | AZ68: 0 | BA68: 0 | BB68: 0 | BC68: 0 | BD68: 0 | BE68: 0 | BF68: 0 | BG68: 0 | BH68: 0 | BI68: 0 | BJ68: 0 | BK68: 0 | BL68: 0 | BM68: 0 | BN68: 0 | BO68: 0 | BP68: 0 | BQ68: 0 | BR68: 0 | BS68: 0 | BT68: 0 | BU68: 0 | BV68: 0 | BW68: 0 | BX68: 0 | BY68: 0 | BZ68: 0 | CA68: 0 | CB68: 0 | CC68: 0 | CD68: 0 | CE68: =SUM(AM68,BI68) -> 0 | CF68: =SUM(N68,AN68,BJ68) -> 77 | CG68: =SUM(O68,AO68,BK68) -> 121 | CH68: =SUM(P68,AP68,BL68) -> 125 | CI68: =SUM(T68,AQ68,BM68) -> 14 | CJ68: =SUM(U68,AR68,BN68) -> 16 | CK68: =SUM(V68,AS68,BO68) -> 16 | CL68: =SUM(W68,AT68,BP68) -> 12 | CM68: =SUM(X68,AU68,BQ68) -> 14 | CN68: =SUM(Y68,AV68,BR68) -> 14 | CO68: =SUM(Z68,AW68,BS68) -> 1 | CP68: =SUM(AA68,AX68,BT68) -> 3 | ... CZ68: =SUM(AK68,BH68,CD68) -> 3
A69: 333 | B69: Действующая | C69: Минобрнауки России | D69: Ханты-Мансийский автономный округ - Югра | E69: ВПО | F69: ФГБОУ ВПО | G69: ЮГУ | H69: Югорский государственный университет | I69: федеральное государственное бюджетное образовательное учреждение высшего профессионального образования «Югорский государственный университет» | J69: Отправлена на рассмотрение | K69: - | L69: да | M69: да | N69: 14 | O69: 15 | P69: 10 | Q69: 020000, 050000, 080000, 130000, 230000 | R69: 020000, 030000, 050000, 080000, 130000, 190000, 230000 | S69: 030000, 080000, 130000 | T69: 18 | U69: 18 | V69: 17 | W69: 18 | X69: 18 | Y69: 17 | Z69: 17 | AA69: 17 | AB69: 16 | AC69: 1 | AD69: 1 | AE69: 1 | AF69: 0 | AG69: 0 | AH69: 0 | AI69: 18 | AJ69: 18 | AK69: 17 | AM69: 6 | AN69: 4 | AO69: 10 | AP69: 9 | AQ69: 9 | AR69: 9 | AS69: 9 | AT69: 9 | AU69: 9 | AV69: 9 | AW69: 2 | AX69: 2 | AY69: 2 | AZ69: 8 | BA69: 8 | BB69: 8 | BC69: 0 | BD69: 0 | BE69: 0 | BF69: 0 | BG69: 2 | BH69: 2 | BI69: 0 | BJ69: 0 | BK69: 0 | BL69: 0 | BM69: 0 | BN69: 0 | BO69: 0 | BP69: 0 | BQ69: 0 | BR69: 0 | BS69: 0 | BT69: 0 | BU69: 0 | BV69: 0 | BW69: 0 | BX69: 0 | BY69: 0 | BZ69: 0 | CA69: 0 | CB69: 0 | CC69: 0 | CD69: 0 | CE69: =SUM(AM69,BI69) -> 6 | CF69: =SUM(N69,AN69,BJ69) -> 18 | CG69: =SUM(O69,AO69,BK69) -> 25 | CH69: =SUM(P69,AP69,BL69) -> 19 | CI69: =SUM(T69,AQ69,BM69) -> 27 | CJ69: =SUM(U69,AR69,BN69) -> 27 | CK69: =SUM(V69,AS69,BO69) -> 26 | CL69: =SUM(W69,AT69,BP69) -> 27 | CM69: =SUM(X69,AU69,BQ69) -> 27 | CN69: =SUM(Y69,AV69,BR69) -> 26 | CO69: =SUM(Z69,AW69,BS69) -> 19 | CP69: =SUM(AA69,AX69,BT69) -> 19 | ... CZ69: =SUM(AK69,BH69,CD69) -> 19
A70: 324 | B70: Действующая | C70: Минобрнауки России | D70: Челябинская область | E70: ВПО | F70: ФГБОУ ВПО | G70: ФГБОУ ВПО «ЧелГУ» | H70: Челябинский государственный университет | I70: федеральное государственное бюджетное образовательное учреждение высшего профессионального образования «Челябинский государственный университет» | J70: Отправлена на рассмотрение | K70: - | L70: да | M70: да | N70: 182 | O70: 165 | P70: 150 | Q70: 010000 Физико-математические науки, 020000 Естественные науки, 030000 Гуманитарные науки, 040000 Социальные науки, 050000 Образование и педагогика, 080000 Экономика и управление, 090000 Информационная безопосность, 230000 Информатика и вычислительная техника | R70: 010000 Физико-математические науки, 020000 Естественные науки, 030000 Гуманитарные науки, 040000 Социальные науки, 050000 Образование и педагогика, 080000 Экономика и управление, 090000 Информационная безопосность, 230000 Информатика и вычислительная техника | S70: 010000 Физико-математические науки, 020000 Естественные науки, 030000 Гуманитарные науки, 040000 Социальные науки, 050000 Образование и педагогика, 080000 Экономика и управление, 090000 Информационная безопосность, 230000 Информатика и вычислительная техника | T70: 43 | U70: 43 | V70: 43 | W70: 11 | X70: 11 | Y70: 11 | Z70: 5 | AA70: 5 | AB70: 5 | AC70: 4 | AD70: 4 | AE70: 6 | AF70: 2 | AG70: 2 | AH70: 0 | AI70: 8 | AJ70: 8 | AK70: 8 | AM70: 3 | AN70: 8 | AO70: 5 | AP70: 6 | AQ70: 10 | AR70: 10 | AS70: 10 | AT70: 7 | AU70: 7 | AV70: 7 | AW70: 0 | AX70: 0 | AY70: 0 | AZ70: 7 | BA70: 7 | BB70: 7 | BC70: 0 | BD70: 0 | BE70: 0 | BF70: 7 | BG70: 7 | BH70: 7 | BI70: 13 | BJ70: 0 | BK70: 0 | BL70: 0 | BM70: 0 | BN70: 0 | BO70: 0 | BP70: 0 | BQ70: 0 | BR70: 0 | BS70: 0 | BT70: 0 | BU70: 0 | BV70: 0 | BW70: 0 | BX70: 0 | BY70: 0 | BZ70: 0 | CA70: 0 | CB70: 0 | CC70: 0 | CD70: 0 | CE70: =SUM(AM70,BI70) -> 16 | CF70: =SUM(N70,AN70,BJ70) -> 190 | CG70: =SUM(O70,AO70,BK70) -> 170 | CH70: =SUM(P70,AP70,BL70) -> 156 | CI70: =SUM(T70,AQ70,BM70) -> 53 | CJ70: =SUM(U70,AR70,BN70) -> 53 | CK70: =SUM(V70,AS70,BO70) -> 53 | CL70: =SUM(W70,AT70,BP70) -> 18 | CM70: =SUM(X70,AU70,BQ70) -> 18 | CN70: =SUM(Y70,AV70,BR70) -> 18 | CO70: =SUM(Z70,AW70,BS70) -> 5 | CP70: =SUM(AA70,AX70,BT70) -> 5 | ... CZ70: =SUM(AK70,BH70,CD70) -> 15
A71: 342 | B71: Действующая | C71: Минобрнауки России | D71: Ярославская область | E71: ВПО | F71: ФГБОУ ВПО | G71: ЯрГУ | H71: Ярославский государственный университет им. П.Г. Демидова | I71: федеральное государственное бюджетное образовательное учреждение высшего профессионального образования «Ярославский государственный университет им. П.Г. Демидова» | J71: Отправлена на рассмотрение | K71: - | L71: да | M71: да | N71: 49 | O71: 50 | P71: 41 | Q71: Физико-математические науки,естественные науки, гуманитарные науки,социальные науки,культура и искусство,экономика и управление, информационная безопасность,электронная техника,радиотехника и связь | R71: Физико-математические науки,естественные науки, гуманитарные науки,социальные науки,культура и искусство,экономика и управление, информационная безопасность,электронная техника,радиотехника и связь | S71: Физико-математические науки, гуманитарные науки,социальные науки,экономика и управление, информационная безопасность,электронная техника,радиотехника и связь,сфера обслуживания | T71: 39 | U71: 39 | V71: 39 | W71: 35 | X71: 35 | Y71: 35 | Z71: 0 | AA71: 0 | AB71: 0 | AC71: 1 | AD71: 1 | AE71: 1 | AF71: 34 | AG71: 34 | AH71: 34 | AI71: 35 | AJ71: 35 | AK71: 35 | AM71: 0 | AN71: 0 | AO71: 0 | AP71: 0 | AQ71: 0 | AR71: 0 | AS71: 0 | AT71: 0 | AU71: 0 | AV71: 0 | AW71: 0 | AX71: 0 | AY71: 0 | AZ71: 0 | BA71: 0 | BB71: 0 | BC71: 0 | BD71: 0 | BE71: 0 | BF71: 0 | BG71: 0 | BH71: 0 | BI71: 0 | BJ71: 0 | BK71: 0 | BL71: 0 | BM71: 0 | BN71: 0 | BO71: 0 | BP71: 0 | BQ71: 0 | BR71: 0 | BS71: 0 | BT71: 0 | BU71: 0 | BV71: 0 | BW71: 0 | BX71: 0 | BY71: 0 | BZ71: 0 | CA71: 0 | CB71: 0 | CC71: 0 | CD71: 0 | CE71: =SUM(AM71,BI71) -> 0 | CF71: =SUM(N71,AN71,BJ71) -> 49 | CG71: =SUM(O71,AO71,BK71) -> 50 | CH71: =SUM(P71,AP71,BL71) -> 41 | CI71: =SUM(T71,AQ71,BM71) -> 39 | CJ71: =SUM(U71,AR71,BN71) -> 39 | CK71: =SUM(V71,AS71,BO71) -> 39 | CL71: =SUM(W71,AT71,BP71) -> 35 | CM71: =SUM(X71,AU71,BQ71) -> 35 | CN71: =SUM(Y71,AV71,BR71) -> 35 | CO71: =SUM(Z71,AW71,BS71) -> 0 | CP71: =SUM(AA71,AX71,BT71) -> 0 | ... CZ71: =SUM(AK71,BH71,CD71) -> 35
A72: 284 | B72: Действующая | C72: Минобрнауки России | D72: Тамбовская область | E72: ВПО | F72: ФГБОУ ВПО | G72: ФГБОУ ВПО «Тамбовский государственный университет имени Г.Р. Державина» | H72: Тамбовский государственный университет имени Г.Р. Державина | I72: федеральное государственное бюджетное образовательное учреждение высшего профессионального образования «Тамбовский государственный университет имени Г.Р. Державина» | J72: Отправлена на рассмотрение | K72: - | L72: да | M72: да | N72: 85 | O72: 26 | P72: 23 | Q72: 030000 - гуманитарные науки 050000 - образование и педагогика 060000 - здравоохранение 070000 культура и искусство 080000 - экономика и управление 090000 - информационная безопасность 230000 информатика и вычислительная техника | R72: 020000 - естественные науки 030000 - гуманитарные науки 050000 - образование и педагогика 060000 - здравоохранение 070000 культура и искусство 080000 - экономика и управление 090000 - информационная безопасность 230000 информатика и вычислительная техника | S72: 030000 - гуманитарные науки 060000 - здравоохранение 070000 культура и искусство 080000 - экономика и управление 090000 - информационная безопасность 230000 информатика и вычислительная техника | T72: 90 | U72: 87 | V72: 78 | W72: 42 | X72: 43 | Y72: 43 | Z72: 0 | AA72: 0 | AB72: 0 | AC72: 42 | AD72: 43 | AE72: 43 | AF72: 0 | AG72: 0 | AH72: 0 | AI72: 42 | AJ72: 43 | AK72: 43 | AL72: - | AM72: 0 | AN72: 0 | AO72: 0 | AP72: 0 | AQ72: 0 | AR72: 0 | AS72: 0 | AT72: 0 | AU72: 0 | AV72: 0 | AW72: 0 | AX72: 0 | AY72: 0 | AZ72: 0 | BA72: 0 | BB72: 0 | BC72: 0 | BD72: 0 | BE72: 0 | BF72: 0 | BG72: 0 | BH72: 0 | BI72: 0 | BJ72: 0 | BK72: 0 | BL72: 0 | BM72: 0 | BN72: 0 | BO72: 0 | BP72: 0 | BQ72: 0 | BR72: 0 | BS72: 0 | BT72: 0 | BU72: 0 | BV72: 0 | BW72: 0 | BX72: 0 | BY72: 0 | BZ72: 0 | CA72: 0 | CB72: 0 | CC72: 0 | CD72: 0 | CE72: =SUM(AM72,BI72) -> 0 | CF72: =SUM(N72,AN72,BJ72) -> 85 | CG72: =SUM(O72,AO72,BK72) -> 26 | CH72: =SUM(P72,AP72,BL72) -> 23 | CI72: =SUM(T72,AQ72,BM72) -> 90 | CJ72: =SUM(U72,AR72,BN72) -> 87 | CK72: =SUM(V72,AS72,BO72) -> 78 | CL72: =SUM(W72,AT72,BP72) -> 42 | CM72: =SUM(X72,AU72,BQ72) -> 43 | CN72: =SUM(Y72,AV72,BR72) -> 43 | CO72: =SUM(Z72,AW72,BS72) -> 0 | CP72: =SUM(AA72,AX72,BT72) -> 0 | ... CZ72: =SUM(AK72,BH72,CD72) -> 43
A73: 1507 | B73: Действующая | C73: Минобрнауки России | D73: Красноярский край | E73: ВПО | F73: ФГАОУ ВПО | G73: ФГАОУ ВПО «СФУ» | H73: Сибирский федеральный университет | I73: Федеральное государственное автономное образовательное учреждение высшего профессионального образования «Сибирский федеральный университет» | J73: Отправлена на рассмотрение | K73: - | L73: да | M73: да | N73: 89 | O73: 47 | P73: 69 | Q73: 010000.62, 20000.62, 030000.62/.65, 040000.62/.65, 050000.62/.65, 080000.62/.65, 090000.62/.65, 150000.62, 210000.62, 230000.62/.65, 270000.62/.65, 020000.68,050000.68,220000.68 | R73: 010000.62, 20000.62, 030000.62/.65, 040000.62/.65, 050000.62/.65, 080000.62/.65, 090000.62/.65, 150000.62, 210000.62, 230000.62/.65, 260000.62, 270000.62/.65, 020000.68, 050000.68, 220000.68 | S73: 010000.62, 20000.62, 030000.62/.65, 040000.62/.65, 050000.62/.65, 080000.62/.65, 090000.62/.65, 150000.62, 210000.62, 230000.62/.65, 260000.62, 270000.62/.65, 020000.68, 050000.68, 220000.68 | T73: 172 | U73: 181 | V73: 181 | W73: 76 | X73: 84 | Y73: 84 | Z73: 0 | AA73: 7 | AB73: 7 | AC73: 5 | AD73: 5 | AE73: 5 | AF73: 71 | AG73: 72 | AH73: 72 | AI73: 76 | AJ73: 81 | AK73: 84 | AL73: в столбце 4,5,6 - указано количество студентов инвалидов I и II группы, дети - инвалиды (очной и заочной формы обучения) | AM73: 8 | AN73: 24 | AO73: 16 | AP73: 7 | AQ73: 35 | AR73: 35 | AS73: 35 | AT73: 17 | AU73: 17 | AV73: 17 | AW73: 3 | AX73: 3 | AY73: 3 | AZ73: 3 | BA73: 3 | BB73: 3 | BC73: 11 | BD73: 11 | BE73: 11 | BF73: 17 | BG73: 17 | BH73: 17 | BI73: 6 | BJ73: 0 | BK73: 0 | BL73: 0 | BM73: 0 | BN73: 0 | BO73: 0 | BP73: 0 | BQ73: 0 | BR73: 0 | BS73: 0 | BT73: 0 | BU73: 0 | BV73: 0 | BW73: 0 | BX73: 0 | BY73: 0 | BZ73: 0 | CA73: 0 | CB73: 0 | CC73: 0 | CD73: 0 | CE73: =SUM(AM73,BI73) -> 14 | CF73: =SUM(N73,AN73,BJ73) -> 113 | CG73: =SUM(O73,AO73,BK73) -> 63 | CH73: =SUM(P73,AP73,BL73) -> 76 | CI73: =SUM(T73,AQ73,BM73) -> 207 | CJ73: =SUM(U73,AR73,BN73) -> 216 | CK73: =SUM(V73,AS73,BO73) -> 216 | CL73: =SUM(W73,AT73,BP73) -> 93 | CM73: =SUM(X73,AU73,BQ73) -> 101 | CN73: =SUM(Y73,AV73,BR73) -> 101 | CO73: =SUM(Z73,AW73,BS73) -> 3 | CP73: =SUM(AA73,AX73,BT73) -> 10 | ... CZ73: =SUM(AK73,BH73,CD73) -> 101
A74: 1763 | B74: Действующая | C74: Росморречфлот | D74: Новосибирская область | E74: ВПО | F74: ФБОУ ВПО | G74: ФБОУ ВПО «НГАВТ» | H74: Новосибирская государственная академия водного транспорта | I74: Федеральное бюджетное образовательное учреждение высшего профессионального образования «Новосибирская государственная академия водного транспорта» | J74: Отправлена на рассмотрение | K74: - | L74: да | M74: да | N74: 11 | O74: 8 | P74: 7 | Q74: 080000, 140000, 180000, 190000, 230000, 270000, 280000 | R74: 080000, 1400000, 190000, 270000, 280000 | S74: 080000, 140000, 190000, 270000, 280000 | T74: 12 | U74: 12 | V74: 12 | W74: 12 | X74: 12 | Y74: 12 | Z74: 0 | AA74: 0 | AB74: 0 | AC74: 0 | AD74: 0 | AE74: 0 | AF74: 12 | AG74: 12 | AH74: 12 | AI74: 6 | AJ74: 6 | AK74: 6 | AM74: 7 | AN74: 0 | AO74: 1 | AP74: 1 | AQ74: 17 | AR74: 17 | AS74: 17 | AT74: 16 | AU74: 16 | AV74: 16 | AW74: 0 | AX74: 0 | AY74: 0 | AZ74: 0 | BA74: 0 | BB74: 0 | BC74: 16 | BD74: 16 | BE74: 16 | BF74: 5 | BG74: 5 | BH74: 5 | BI74: 0 | BJ74: 0 | BK74: 0 | BL74: 0 | BM74: 0 | BN74: 0 | BO74: 0 | BP74: 0 | BQ74: 0 | BR74: 0 | BS74: 0 | BT74: 0 | BU74: 0 | BV74: 0 | BW74: 0 | BX74: 0 | BY74: 0 | BZ74: 0 | CA74: 0 | CB74: 0 | CC74: 0 | CD74: 0 | CE74: =SUM(AM74,BI74) -> 7 | CF74: =SUM(N74,AN74,BJ74) -> 11 | CG74: =SUM(O74,AO74,BK74) -> 9 | CH74: =SUM(P74,AP74,BL74) -> 8 | CI74: =SUM(T74,AQ74,BM74) -> 29 | CJ74: =SUM(U74,AR74,BN74) -> 29 | CK74: =SUM(V74,AS74,BO74) -> 29 | CL74: =SUM(W74,AT74,BP74) -> 28 | CM74: =SUM(X74,AU74,BQ74) -> 28 | CN74: =SUM(Y74,AV74,BR74) -> 28 | CO74: =SUM(Z74,AW74,BS74) -> 0 | CP74: =SUM(AA74,AX74,BT74) -> 0 | ... CZ74: =SUM(AK74,BH74,CD74) -> 11
A75: 1530 | B75: Действующая | C75: Минобрнауки России | D75: Псковская область | E75: ВПО | F75: ФГБОУ ВПО | G75: ФГБОУ ВПО «Псковский государственный университет» | H75: Псковский государственный университет | I75: Федеральное государственное бюджетное образовательное учреждение высшего профессионального образования «Псковский государственный университет» | J75: Отправлена на рассмотрение | K75: - | L75: да | M75: да | N75: 17 | O75: 10 | P75: 15 | Q75: 030000 Гуманитарные науки; 050000 Образование и педагогика; 140000 Энергетика, энергетическое машиностроение и электроника; 150000 Металлургия, машиностроение и металлообработка; 210000 Электронная техника, радиотехника и связь. | R75: 030000 Гуманитарные науки; 040000 Социальные науки; 050000 Образование и педагогика; 100000 Сфера обслуживания; 140000 Энергетика, энергетическое машиностроение и электроника. | S75: 030000 Гуманитарные науки; 040000 Социальные науки; 050000 Образование и педагогика; 100000 Сфера обслуживания; 140000 Энергетика, энергетическое машиностроение и электроника; 150000 Металлургия, машиностроение и металлообработка; 230000 Информатика и вычислительная техника. | T75: 70 | U75: 72 | V75: 72 | W75: 37 | X75: 39 | Y75: 39 | Z75: 0 | AA75: 1 | AB75: 1 | AC75: 0 | AD75: 0 | AE75: 0 | AF75: 70 | AG75: 70 | AH75: 70 | AI75: 7 | AJ75: 7 | AK75: 7 | AM75: 1 | AN75: 3 | AO75: 1 | AP75: 1 | AQ75: 6 | AR75: 6 | AS75: 6 | AT75: 3 | AU75: 3 | AV75: 3 | AW75: 0 | AX75: 0 | AY75: 0 | AZ75: 0 | BA75: 0 | BB75: 0 | BC75: 3 | BD75: 3 | BE75: 3 | BF75: 0 | BG75: 0 | BH75: 0 | BI75: 0 | BJ75: 0 | BK75: 0 | BL75: 0 | BM75: 0 | BN75: 0 | BO75: 0 | BP75: 0 | BQ75: 0 | BR75: 0 | BS75: 0 | BT75: 0 | BU75: 0 | BV75: 0 | BW75: 0 | BX75: 0 | BY75: 0 | BZ75: 0 | CA75: 0 | CB75: 0 | CC75: 0 | CD75: 0 | CE75: =SUM(AM75,BI75) -> 1 | CF75: =SUM(N75,AN75,BJ75) -> 20 | CG75: =SUM(O75,AO75,BK75) -> 11 | CH75: =SUM(P75,AP75,BL75) -> 16 | CI75: =SUM(T75,AQ75,BM75) -> 76 | CJ75: =SUM(U75,AR75,BN75) -> 78 | CK75: =SUM(V75,AS75,BO75) -> 78 | CL75: =SUM(W75,AT75,BP75) -> 40 | CM75: =SUM(X75,AU75,BQ75) -> 42 | CN75: =SUM(Y75,AV75,BR75) -> 42 | CO75: =SUM(Z75,AW75,BS75) -> 0 | CP75: =SUM(AA75,AX75,BT75) -> 1 | ... CZ75: =SUM(AK75,BH75,CD75) -> 7
A76: 25 | B76: Действующая | C76: Минобрнауки России | D76: Брянская область | E76: ВПО | F76: ФГБОУ ВПО | G76: ФГБОУ ВПО «БГТУ» | H76: Брянский государственный технический университет | I76: федеральное государственное бюджетное образовательное учреждение высшего профессионального образования«Брянский государственный технический университет» | J76: Отправлена на рассмотрение | K76: - | L76: да | M76: да | N76: 39 | O76: 29 | P76: 24 | Q76: 010000 - "Физико-математические науки", 080000 - "Экономика и управление", 090000 - "Информационная безопасность", 150000 - "Металлургия, машиностроение и материалообработка", 190000 - "Транспортные средства", 140000 - "Энергетика , энергетическое машиностроение и электротехника", 220000 - "Автоматика и управление", 230000 - "Информатика и вычислительная техника" | R76: 010000 - "Физико-математические науки", 080000 - "Экономика и управление", 090000 - "Информационная безопасность", 150000 - "Металлургия, машиностроение и материалообработка", 190000 - "Транспортные средства", 140000 - "Энергетика , энергетическое машиностроение и электротехника", 220000 - "Автоматика и управление", 230000 - "Информатика и вычислительная техника" | S76: 010000 - "Физико-математические науки", 080000 - "Экономика и управление", 090000 - "Информационная безопасность", 150000 - "Металлургия, машиностроение и материалообработка", 190000 - "Транспортные средства", 140000 - "Энергетика , энергетическое машиностроение и электротехника", 220000 - "Автоматика и управление", 230000 - "Информатика и вычислительная техника" | T76: 21 | U76: 22 | V76: 22 | W76: 17 | X76: 18 | Y76: 18 | Z76: 0 | AA76: 1 | AB76: 1 | AC76: 17 | AD76: 18 | AE76: 18 | AF76: 4 | AG76: 4 | AH76: 4 | AI76: 17 | AJ76: 18 | AK76: 18 | AM76: 1 | AN76: 0 | AO76: 0 | AP76: 0 | AQ76: 3 | AR76: 3 | AS76: 3 | AT76: 2 | AU76: 2 | AV76: 2 | AW76: 0 | AX76: 0 | AY76: 0 | AZ76: 2 | BA76: 2 | BB76: 2 | BC76: 1 | BD76: 1 | BE76: 1 | BF76: 2 | BG76: 2 | BH76: 2 | BI76: 2 | BJ76: 0 | BK76: 0 | BL76: 0 | BM76: 2 | BN76: 2 | BO76: 2 | BP76: 2 | BQ76: 2 | BR76: 2 | BS76: 0 | BT76: 0 | BU76: 0 | BV76: 2 | BW76: 2 | BX76: 2 | BY76: 0 | BZ76: 0 | CA76: 0 | CB76: 0 | CC76: 0 | CD76: 0 | CE76: =SUM(AM76,BI76) -> 3 | CF76: =SUM(N76,AN76,BJ76) -> 39 | CG76: =SUM(O76,AO76,BK76) -> 29 | CH76: =SUM(P76,AP76,BL76) -> 24 | CI76: =SUM(T76,AQ76,BM76) -> 26 | CJ76: =SUM(U76,AR76,BN76) -> 27 | CK76: =SUM(V76,AS76,BO76) -> 27 | CL76: =SUM(W76,AT76,BP76) -> 21 | CM76: =SUM(X76,AU76,BQ76) -> 22 | CN76: =SUM(Y76,AV76,BR76) -> 22 | CO76: =SUM(Z76,AW76,BS76) -> 0 | CP76: =SUM(AA76,AX76,BT76) -> 1 | ... CZ76: =SUM(AK76,BH76,CD76) -> 20
A77: 87 | B77: Действующая | C77: Минобрнауки России | D77: Республика Татарстан | E77: ВПО | F77: ФГБОУ ВПО | G77: КНИТУ-КАИ | H77: Казанский национальный исследовательский технический университет им. А.Н. Туполева-КАИ | I77: федеральное государственное бюджетное образовательное учреждение высшего профессионального образования «Казанский национальный исследовательский технический университет им. А.Н. Туполева-КАИ» | J77: Отправлена на рассмотрение | K77: - | L77: да | M77: да | N77: 16 | O77: 22 | P77: 26 | Q77: 210400.62 | R77: 210400.62, 210700.62, 150100.62 | S77: 210400.62, 210700.62, 150100.62 | T77: 198 | U77: 198 | V77: 198 | W77: 43 | X77: 43 | Y77: 43 | Z77: 2 | AA77: 2 | AB77: 2 | AC77: 0 | AD77: 0 | AE77: 0 | AF77: 0 | AG77: 0 | AH77: 0 | AI77: 0 | AJ77: 0 | AK77: 0 | AM77: 8 | AN77: 0 | AO77: 0 | AP77: 0 | AQ77: 17 | AR77: 20 | AS77: 18 | AT77: 18 | AU77: 20 | AV77: 18 | AW77: 0 | AX77: 0 | AY77: 0 | AZ77: 0 | BA77: 0 | BB77: 0 | BC77: 0 | BD77: 0 | BE77: 0 | BF77: 0 | BG77: 0 | BH77: 0 | BI77: 0 | BJ77: 0 | BK77: 0 | BL77: 0 | BM77: 0 | BN77: 0 | BO77: 0 | BP77: 0 | BQ77: 0 | BR77: 0 | BS77: 0 | BT77: 0 | BU77: 0 | BV77: 0 | BW77: 0 | BX77: 0 | BY77: 0 | BZ77: 0 | CA77: 0 | CB77: 0 | CC77: 0 | CD77: 0 | CE77: =SUM(AM77,BI77) -> 8 | CF77: =SUM(N77,AN77,BJ77) -> 16 | CG77: =SUM(O77,AO77,BK77) -> 22 | CH77: =SUM(P77,AP77,BL77) -> 26 | CI77: =SUM(T77,AQ77,BM77) -> 215 | CJ77: =SUM(U77,AR77,BN77) -> 218 | CK77: =SUM(V77,AS77,BO77) -> 216 | CL77: =SUM(W77,AT77,BP77) -> 61 | CM77: =SUM(X77,AU77,BQ77) -> 63 | CN77: =SUM(Y77,AV77,BR77) -> 61 | CO77: =SUM(Z77,AW77,BS77) -> 2 | CP77: =SUM(AA77,AX77,BT77) -> 2 | ... CZ77: =SUM(AK77,BH77,CD77) -> 0
A78: 88 | B78: Действующая | C78: Минобрнауки России | D78: Республика Татарстан | E78: ВПО | F78: ГОУ ВПО | G78: ФГБОУ ВПО «КНИТУ» | H78: Казанский национальный исследовательский технологический университет | I78: федеральное государственное бюджетное образовательное учреждение высшего профессионального образования «Казанский национальный исследовательский технологический университет» | J78: Отправлена на рассмотрение | K78: - | L78: да | M78: да | N78: 22 | O78: 17 | P78: 19 | Q78: Информатика и вычислительная техника, электропривод и автоматика промышленных установок и технологических комплексов,автоматизированная система обработки информации и управления, технологические машины и оборудования,менеджмент | R78: менеджмент, государственное и муниципальное управление,теплоэнергетика, химическая технология, социальная работа, автоматизированная система обработки информации и управления | S78: социоллогия, теплоэнергетика,химическая технология,социальная работа, менеджмент, технологические машины и оборудования, государственное и муниципальное управление | T78: 26 | U78: 26 | V78: 26 | W78: 26 | X78: 26 | Y78: 26 | Z78: 0 | AA78: 0 | AB78: 0 | AC78: 4 | AD78: 4 | AE78: 4 | AF78: 22 | AG78: 22 | AH78: 22 | AI78: 4 | AJ78: 4 | AK78: 4 | AL78: инвалиды-колясочники отсутствуют | AM78: 3 | AN78: 10 | AO78: 12 | AP78: 11 | AQ78: 8 | AR78: 8 | AS78: 8 | AT78: 8 | AU78: 8 | AV78: 8 | AW78: 0 | AX78: 0 | AY78: 0 | AZ78: 8 | BA78: 8 | BB78: 8 | BC78: 0 | BD78: 0 | BE78: 0 | BF78: 8 | BG78: 8 | BH78: 8 | BI78: 0 | BJ78: 0 | BK78: 0 | BL78: 0 | BM78: 0 | BN78: 0 | BO78: 0 | BP78: 0 | BQ78: 0 | BR78: 0 | BS78: 0 | BT78: 0 | BU78: 0 | BV78: 0 | BW78: 0 | BX78: 0 | BY78: 0 | BZ78: 0 | CA78: 0 | CB78: 0 | CC78: 0 | CD78: 0 | CE78: =SUM(AM78,BI78) -> 3 | CF78: =SUM(N78,AN78,BJ78) -> 32 | CG78: =SUM(O78,AO78,BK78) -> 29 | CH78: =SUM(P78,AP78,BL78) -> 30 | CI78: =SUM(T78,AQ78,BM78) -> 34 | CJ78: =SUM(U78,AR78,BN78) -> 34 | CK78: =SUM(V78,AS78,BO78) -> 34 | CL78: =SUM(W78,AT78,BP78) -> 34 | CM78: =SUM(X78,AU78,BQ78) -> 34 | CN78: =SUM(Y78,AV78,BR78) -> 34 | CO78: =SUM(Z78,AW78,BS78) -> 0 | CP78: =SUM(AA78,AX78,BT78) -> 0 | ... CZ78: =SUM(AK78,BH78,CD78) -> 12
A79: 108 | B79: Действующая | C79: Минобрнауки России | D79: Краснодарский край | E79: ВПО | F79: ФГБОУ ВПО | G79: ФГБОУ ВПО «КубГТУ» | H79: Кубанский государственный технологический университет | I79: федеральное государственное бюджетное образовательное учреждение высшего профессионального образования «Кубанский государственный технологический университет» | J79: Отправлена на рассмотрение | K79: - | L79: да | M79: да | N79: 95 | O79: 71 | P79: 57 | Q79: Гуманитарные науки, Социальные науки, Экономика и управление, Информационная безопасность, Сфера обслуживания, Геодезия и землеустройство, Геология, разведка и разработка полезных ископаемых, Энергетика, энергетическое машиностроение и электротехника, Транспортные средства, Автоматика и управление, Информатика и вычислительная техника, Химическая и биотехнологии, Технология продовольственных продуктов и потребительских товаров, Архитектура и строительство, Безопасность жизнедеятельности, природообустройство и защита окружающей среды | R79: Гуманитарные науки, Социальные науки, Экономика и управление, Информационная безопасность, Геодезия и землеустройство, Геология, разведка и разработка полезных ископаемых, Энергетика, энергетическое машиностроение и электротехника, Металлургия, машиностроение и материалообработка, Транспортные средства, Автоматика и управление, Информатика и вычислительная техника, Химическая и биотехнологии, Технология продовольственных продуктов и потребительских товаров, Архитектура и строительство, Безопасность жизнедеятельности, природообустройство и защита окружающей среды | S79: Гуманитарные науки, Социальные науки, Экономика и управление, Информационная безопасность, Геодезия и землеустройство, Геология, разведка и разработка полезных ископаемых, Энергетика, энергетическое машиностроение и электротехника, Металлургия, машиностроение и материалообработка, Транспортные средства, Автоматика и управление, Информатика и вычислительная техника, Технология продовольственных продуктов и потребительских товаров, Архитектура и строительство, Безопасность жизнедеятельности, природообустройство и защита окружающей среды | T79: 37 | U79: 38 | V79: 38 | W79: 37 | X79: 38 | Y79: 38 | Z79: 5 | AA79: 6 | AB79: 6 | AC79: 32 | AD79: 32 | AE79: 32 | AF79: 0 | AG79: 0 | AH79: 0 | AI79: 37 | AJ79: 38 | AK79: 38 | AM79: 3 | AN79: 9 | AO79: 10 | AP79: 10 | AQ79: 13 | AR79: 13 | AS79: 13 | AT79: 9 | AU79: 9 | AV79: 9 | AW79: 0 | AX79: 0 | AY79: 0 | AZ79: 9 | BA79: 9 | BB79: 9 | BC79: 4 | BD79: 4 | BE79: 4 | BF79: 9 | BG79: 9 | BH79: 9 | BI79: 0 | BJ79: 0 | BK79: 0 | BL79: 0 | BM79: 0 | BN79: 0 | BO79: 0 | BP79: 0 | BQ79: 0 | BR79: 0 | BS79: 0 | BT79: 0 | BU79: 0 | BV79: 0 | BW79: 0 | BX79: 0 | BY79: 0 | BZ79: 0 | CA79: 0 | CB79: 0 | CC79: 0 | CD79: 0 | CE79: =SUM(AM79,BI79) -> 3 | CF79: =SUM(N79,AN79,BJ79) -> 104 | CG79: =SUM(O79,AO79,BK79) -> 81 | CH79: =SUM(P79,AP79,BL79) -> 67 | CI79: =SUM(T79,AQ79,BM79) -> 50 | CJ79: =SUM(U79,AR79,BN79) -> 51 | CK79: =SUM(V79,AS79,BO79) -> 51 | CL79: =SUM(W79,AT79,BP79) -> 46 | CM79: =SUM(X79,AU79,BQ79) -> 47 | CN79: =SUM(Y79,AV79,BR79) -> 47 | CO79: =SUM(Z79,AW79,BS79) -> 5 | CP79: =SUM(AA79,AX79,BT79) -> 6 | ... CZ79: =SUM(AK79,BH79,CD79) -> 47
A80: 115 | B80: Действующая | C80: Минобрнауки России | D80: Территории, находящиеся за пределами РФ и обслуживаемые Управлением режимных объектов МВД России, Байконур | E80: ВПО | F80: ГОУ ВПО | H80: Кыргызско-Российский Славянский университет | I80: Кыргызско-Российский Славянский университет | J80: - | K80: - | L80: да | M80: нет | N80: - | O80: - | P80: - | Q80: - | R80: - | S80: - | T80: - | U80: - | V80: - | W80: - | X80: - | Y80: - | Z80: - | AA80: - | AB80: - | AC80: - | AD80: - | AE80: - | AF80: - | AG80: - | AH80: - | AI80: - | AJ80: - | AK80: - | AL80: - | AM80: - | AN80: - | AO80: - | AP80: - | AQ80: - | AR80: - | AS80: - | AT80: - | AU80: - | AV80: - | AW80: - | AX80: - | AY80: - | AZ80: - | BA80: - | BB80: - | BC80: - | BD80: - | BE80: - | BF80: - | BG80: - | BH80: - | BI80: - | BJ80: - | BK80: - | BL80: - | BM80: - | BN80: - | BO80: - | BP80: - | BQ80: - | BR80: - | BS80: - | BT80: - | BU80: - | BV80: - | BW80: - | BX80: - | BY80: - | BZ80: - | CA80: - | CB80: - | CC80: - | CD80: - | CE80: =SUM(AM80,BI80) -> 0 | CF80: =SUM(N80,AN80,BJ80) -> 0 | CG80: =SUM(O80,AO80,BK80) -> 0 | CH80: =SUM(P80,AP80,BL80) -> 0 | CI80: =SUM(T80,AQ80,BM80) -> 0 | CJ80: =SUM(U80,AR80,BN80) -> 0 | CK80: =SUM(V80,AS80,BO80) -> 0 | CL80: =SUM(W80,AT80,BP80) -> 0 | CM80: =SUM(X80,AU80,BQ80) -> 0 | CN80: =SUM(Y80,AV80,BR80) -> 0 | CO80: =SUM(Z80,AW80,BS80) -> 0 | CP80: =SUM(AA80,AX80,BT80) -> 0 | ... CZ80: =SUM(AK80,BH80,CD80) -> 0
A81: 147 | B81: Действующая | C81: Минобрнауки России | D81: Москва | E81: ВПО | F81: ФГБОУ ВПО | G81: МГТУ им. Н.Э. Баумана | H81: Московский государственный технический университет имени Н.Э. Баумана | I81: федеральное государственное бюджетное образовательное учреждение высшего профессионального образования «Московский государственный технический университет имени Н.Э. Баумана» | J81: Отправлена на рассмотрение | K81: - | L81: да | M81: да | N81: 280 | O81: 287 | P81: 291 | Q81: 090000, 150000, 200000, 210000, 220000 | R81: 090000, 150000, 200000, 210000, 220000 | S81: 090000, 150000, 200000, 210000, 220000 | T81: 197 | U81: 197 | V81: 197 | W81: 47 | X81: 47 | Y81: 47 | Z81: 39 | AA81: 39 | AB81: 39 | AC81: 8 | AD81: 8 | AE81: 8 | AF81: 0 | AG81: 0 | AH81: 0 | AI81: 39 | AJ81: 39 | AK81: 39 | AM81: 2 | AN81: 21 | AO81: 18 | AP81: 17 | AQ81: 25 | AR81: 25 | AS81: 25 | AT81: 15 | AU81: 15 | AV81: 15 | AW81: 0 | AX81: 0 | AY81: 0 | AZ81: 2 | BA81: 2 | BB81: 2 | BC81: 13 | BD81: 13 | BE81: 13 | BF81: 15 | BG81: 15 | BH81: 15 | BI81: 0 | BJ81: 0 | BK81: 0 | BL81: 0 | BM81: 0 | BN81: 0 | BO81: 0 | BP81: 0 | BQ81: 0 | BR81: 0 | BS81: 0 | BT81: 0 | BU81: 0 | BV81: 0 | BW81: 0 | BX81: 0 | BY81: 0 | BZ81: 0 | CA81: 0 | CB81: 0 | CC81: 0 | CD81: 0 | CE81: =SUM(AM81,BI81) -> 2 | CF81: =SUM(N81,AN81,BJ81) -> 301 | CG81: =SUM(O81,AO81,BK81) -> 305 | CH81: =SUM(P81,AP81,BL81) -> 308 | CI81: =SUM(T81,AQ81,BM81) -> 222 | CJ81: =SUM(U81,AR81,BN81) -> 222 | CK81: =SUM(V81,AS81,BO81) -> 222 | CL81: =SUM(W81,AT81,BP81) -> 62 | CM81: =SUM(X81,AU81,BQ81) -> 62 | CN81: =SUM(Y81,AV81,BR81) -> 62 | CO81: =SUM(Z81,AW81,BS81) -> 39 | CP81: =SUM(AA81,AX81,BT81) -> 39 | ... CZ81: =SUM(AK81,BH81,CD81) -> 54
A82: 15 | B82: Действующая | C82: Минобрнауки России | D82: Республика Башкортостан | E82: ВПО | F82: ФГБОУ ВПО | G82: БашГУ | H82: Башкирский государственный университет | I82: федеральное государственное бюджетное образовательное учреждение высшего профессионального образования «Башкирский государственный университет» | J82: Отправлена на рассмотрение | K82: - | L82: да | M82: да | N82: 74 | O82: 52 | P82: 53 | Q82: Гуманитарные науки, Экономические науки, Социальные науки | R82: Гуманитарные науки, Экономические науки, Социальные науки | S82: Гуманитарные науки, Экономические науки, Социальные науки | T82: 25 | U82: 25 | V82: 25 | W82: 19 | X82: 19 | Y82: 19 | Z82: 0 | AA82: 0 | AB82: 0 | AC82: 19 | AD82: 19 | AE82: 19 | AF82: 0 | AG82: 0 | AH82: 0 | AI82: 19 | AJ82: 19 | AK82: 19 | AM82: 4 | AN82: 37 | AO82: 50 | AP82: 48 | AQ82: 39 | AR82: 46 | AS82: 47 | AT82: 34 | AU82: 41 | AV82: 41 | AW82: 4 | AX82: 4 | AY82: 4 | AZ82: 30 | BA82: 37 | BB82: 37 | BC82: 0 | BD82: 0 | BE82: 0 | BF82: 34 | BG82: 41 | BH82: 41 | BI82: 2 | BJ82: 0 | BK82: 0 | BL82: 0 | BM82: 1 | BN82: 1 | BO82: 1 | BP82: 0 | BQ82: 0 | BR82: 0 | BS82: 0 | BT82: 0 | BU82: 0 | BV82: 0 | BW82: 0 | BX82: 0 | BY82: 0 | BZ82: 0 | CA82: 0 | CB82: 1 | CC82: 1 | CD82: 1 | CE82: =SUM(AM82,BI82) -> 6 | CF82: =SUM(N82,AN82,BJ82) -> 111 | CG82: =SUM(O82,AO82,BK82) -> 102 | CH82: =SUM(P82,AP82,BL82) -> 101 | CI82: =SUM(T82,AQ82,BM82) -> 65 | CJ82: =SUM(U82,AR82,BN82) -> 72 | CK82: =SUM(V82,AS82,BO82) -> 73 | CL82: =SUM(W82,AT82,BP82) -> 53 | CM82: =SUM(X82,AU82,BQ82) -> 60 | CN82: =SUM(Y82,AV82,BR82) -> 60 | CO82: =SUM(Z82,AW82,BS82) -> 4 | CP82: =SUM(AA82,AX82,BT82) -> 4 | ... CZ82: =SUM(AK82,BH82,CD82) -> 61
A83: 4 | B83: Действующая | C83: Минобрнауки России | D83: Алтайский край | E83: ВПО | F83: ФГБОУ ВПО | G83: АлтГУ | H83: Алтайский государственный университет | I83: федеральное государственное бюджетное образовательное учреждение высшего профессионального образования «Алтайский государственный университет» | J83: Отправлена на рассмотрение | K83: - | L83: да | M83: да | N83: 53 | O83: 49 | P83: 56 | Q83: Гуманитарные науки (030000), Экономика и управление (080000), физикоматематические (010200), естественные (020000), социальные (040000), образование и педагогика (050000) | R83: Гуманитарные науки (030000), Экономика и управление (080000), физикоматематические (010200), естественные (020000), социальные (040000), образование и педагогика (050000) | S83: Гуманитарные науки (030000), Экономика и управление (080000), физикоматематические (010200), естественные (020000), социальные (040000), образование и педагогика (050000) | T83: 64 | U83: 71 | V83: 72 | W83: 48 | X83: 50 | Y83: 50 | Z83: 6 | AA83: 8 | AB83: 10 | AC83: 12 | AD83: 15 | AE83: 25 | AF83: 30 | AG83: 27 | AH83: 15 | AI83: 18 | AJ83: 23 | AK83: 35 | AL83: Колличество зданий указано с учетом заключенных договоров аренды и безвозмездного пользования. | AM83: 6 | AN83: 8 | AO83: 7 | AP83: 12 | AQ83: 28 | AR83: 26 | AS83: 26 | AT83: 16 | AU83: 15 | AV83: 15 | AW83: 0 | AX83: 0 | AY83: 0 | AZ83: 3 | BA83: 3 | BB83: 3 | BC83: 0 | BD83: 0 | BE83: 0 | BF83: 3 | BG83: 3 | BH83: 3 | BI83: 0 | BJ83: 0 | BK83: 0 | BL83: 0 | BM83: 0 | BN83: 0 | BO83: 0 | BP83: 0 | BQ83: 0 | BR83: 0 | BS83: 0 | BT83: 0 | BU83: 0 | BV83: 0 | BW83: 0 | BX83: 0 | BY83: 0 | BZ83: 0 | CA83: 0 | CB83: 0 | CC83: 0 | CD83: 0 | CE83: =SUM(AM83,BI83) -> 6 | CF83: =SUM(N83,AN83,BJ83) -> 61 | CG83: =SUM(O83,AO83,BK83) -> 56 | CH83: =SUM(P83,AP83,BL83) -> 68 | CI83: =SUM(T83,AQ83,BM83) -> 92 | CJ83: =SUM(U83,AR83,BN83) -> 97 | CK83: =SUM(V83,AS83,BO83) -> 98 | CL83: =SUM(W83,AT83,BP83) -> 64 | CM83: =SUM(X83,AU83,BQ83) -> 65 | CN83: =SUM(Y83,AV83,BR83) -> 65 | CO83: =SUM(Z83,AW83,BS83) -> 6 | CP83: =SUM(AA83,AX83,BT83) -> 8 | ... CZ83: =SUM(AK83,BH83,CD83) -> 38
A84: 215 | B84: Действующая | C84: Минобрнауки России | D84: Москва | E84: ВПО | F84: ФГБОУ ВПО | G84: РГСУ | H84: Российский государственный социальный университет | I84: федеральное государственное бюджетное образовательное учреждение высшего профессионального образования «Российский государственный социальный университет» | J84: Отправлена на рассмотрение | K84: - | L84: да | M84: да | N84: 186 | O84: 228 | P84: 189 | Q84: 020000 030000 040000 050000 070000 080000 090000 100000 230000 | R84: 020000 030000 040000 050000 070000 080000 090000 100000 230000 | S84: 020000 030000 040000 050000 070000 080000 090000 100000 230000 | T84: 41 | U84: 41 | V84: 41 | W84: 22 | X84: 22 | Y84: 22 | Z84: 6 | AA84: 8 | AB84: 10 | AC84: 8 | AD84: 9 | AE84: 9 | AF84: 8 | AG84: 5 | AH84: 3 | AI84: 14 | AJ84: 17 | AK84: 19 | AL84: нет | AM84: 0 | AN84: 0 | AO84: 0 | AP84: 0 | AQ84: 0 | AR84: 0 | AS84: 0 | AT84: 0 | AU84: 0 | AV84: 0 | AW84: 0 | AX84: 0 | AY84: 0 | AZ84: 0 | BA84: 0 | BB84: 0 | BC84: 0 | BD84: 0 | BE84: 0 | BF84: 0 | BG84: 0 | BH84: 0 | BI84: 0 | BJ84: 0 | BK84: 0 | BL84: 0 | BM84: 0 | BN84: 0 | BO84: 0 | BP84: 0 | BQ84: 0 | BR84: 0 | BS84: 0 | BT84: 0 | BU84: 0 | BV84: 0 | BW84: 0 | BX84: 0 | BY84: 0 | BZ84: 0 | CA84: 0 | CB84: 0 | CC84: 0 | CD84: 0 | CE84: =SUM(AM84,BI84) -> 0 | CF84: =SUM(N84,AN84,BJ84) -> 186 | CG84: =SUM(O84,AO84,BK84) -> 228 | CH84: =SUM(P84,AP84,BL84) -> 189 | CI84: =SUM(T84,AQ84,BM84) -> 41 | CJ84: =SUM(U84,AR84,BN84) -> 41 | CK84: =SUM(V84,AS84,BO84) -> 41 | CL84: =SUM(W84,AT84,BP84) -> 22 | CM84: =SUM(X84,AU84,BQ84) -> 22 | CN84: =SUM(Y84,AV84,BR84) -> 22 | CO84: =SUM(Z84,AW84,BS84) -> 6 | CP84: =SUM(AA84,AX84,BT84) -> 8 | ... CZ84: =SUM(AK84,BH84,CD84) -> 19
A85: 1 | B85: Действующая | C85: Минобрнауки России | D85: Республика Адыгея | E85: ВПО | F85: ФГБОУ ВПО | G85: ФГБОУ ВПО «АГУ» | H85: Адыгейский государственный университет | I85: федеральное государственное бюджетное образовательное учреждение высшего профессионального образования «Адыгейский государственный университет» | J85: Отправлена на рассмотрение | K85: - | L85: да | M85: да | N85: 60 | O85: 57 | P85: 50 | Q85: гуманитарные науки, экономика и управление, физико-математические науки, образование и педагогика | R85: информатика и вычислительная техника, гуманитарные науки, экономика и управление, физико-математические науки, образование и педагогика | S85: информатика и вычислительная техника, гуманитарные науки, экономика и управление, физико-математические науки, образование и педагогика | T85: 105 | U85: 109 | V85: 111 | W85: 23 | X85: 24 | Y85: 25 | Z85: 0 | AA85: 0 | AB85: 0 | AC85: 19 | AD85: 20 | AE85: 21 | AF85: 4 | AG85: 4 | AH85: 4 | AI85: 23 | AJ85: 24 | AK85: 25 | AM85: 2 | AN85: 0 | AO85: 0 | AP85: 0 | AQ85: 4 | AR85: 6 | AS85: 6 | AT85: 4 | AU85: 4 | AV85: 4 | AW85: 0 | AX85: 0 | AY85: 0 | AZ85: 2 | BA85: 2 | BB85: 2 | BC85: 2 | BD85: 2 | BE85: 2 | BF85: 5 | BG85: 5 | BH85: 5 | BI85: 0 | BJ85: 0 | BK85: 0 | BL85: 0 | BM85: 0 | BN85: 0 | BO85: 0 | BP85: 0 | BQ85: 0 | BR85: 0 | BS85: 0 | BT85: 0 | BU85: 0 | BV85: 0 | BW85: 0 | BX85: 0 | BY85: 0 | BZ85: 0 | CA85: 0 | CB85: 0 | CC85: 0 | CD85: 0 | CE85: =SUM(AM85,BI85) -> 2 | CF85: =SUM(N85,AN85,BJ85) -> 60 | CG85: =SUM(O85,AO85,BK85) -> 57 | CH85: =SUM(P85,AP85,BL85) -> 50 | CI85: =SUM(T85,AQ85,BM85) -> 109 | CJ85: =SUM(U85,AR85,BN85) -> 115 | CK85: =SUM(V85,AS85,BO85) -> 117 | CL85: =SUM(W85,AT85,BP85) -> 27 | CM85: =SUM(X85,AU85,BQ85) -> 28 | CN85: =SUM(Y85,AV85,BR85) -> 29 | CO85: =SUM(Z85,AW85,BS85) -> 0 | CP85: =SUM(AA85,AX85,BT85) -> 0 | ... CZ85: =SUM(AK85,BH85,CD85) -> 30
A86: 217 | B86: Действующая | C86: Минобрнауки России | D86: Калининградская область | E86: ВПО | F86: ФГАОУ ВПО | G86: ФГАОУ ВПО «БФУ им. И. Канта» | H86: Балтийский федеральный университет имени Иммануила Канта | I86: Федеральное государственное автономное образовательное учреждение высшего профессионального образования «Балтийский федеральный университет имени Иммануила Канта» | J86: - | K86: - | L86: да | M86: нет | N86: - | O86: - | P86: - | Q86: - | R86: - | S86: - | T86: - | U86: - | V86: - | W86: - | X86: - | Y86: - | Z86: - | AA86: - | AB86: - | AC86: - | AD86: - | AE86: - | AF86: - | AG86: - | AH86: - | AI86: - | AJ86: - | AK86: - | AL86: - | AM86: - | AN86: - | AO86: - | AP86: - | AQ86: - | AR86: - | AS86: - | AT86: - | AU86: - | AV86: - | AW86: - | AX86: - | AY86: - | AZ86: - | BA86: - | BB86: - | BC86: - | BD86: - | BE86: - | BF86: - | BG86: - | BH86: - | BI86: - | BJ86: - | BK86: - | BL86: - | BM86: - | BN86: - | BO86: - | BP86: - | BQ86: - | BR86: - | BS86: - | BT86: - | BU86: - | BV86: - | BW86: - | BX86: - | BY86: - | BZ86: - | CA86: - | CB86: - | CC86: - | CD86: - | CE86: =SUM(AM86,BI86) -> 0 | CF86: =SUM(N86,AN86,BJ86) -> 0 | CG86: =SUM(O86,AO86,BK86) -> 0 | CH86: =SUM(P86,AP86,BL86) -> 0 | CI86: =SUM(T86,AQ86,BM86) -> 0 | CJ86: =SUM(U86,AR86,BN86) -> 0 | CK86: =SUM(V86,AS86,BO86) -> 0 | CL86: =SUM(W86,AT86,BP86) -> 0 | CM86: =SUM(X86,AU86,BQ86) -> 0 | CN86: =SUM(Y86,AV86,BR86) -> 0 | CO86: =SUM(Z86,AW86,BS86) -> 0 | CP86: =SUM(AA86,AX86,BT86) -> 0 | ... CZ86: =SUM(AK86,BH86,CD86) -> 0
A87: 7 | B87: Действующая | C87: Минобрнауки России | D87: Иркутская область | E87: ВПО | F87: ФГБОУ ВПО | G87: ФГБОУ ВПО «АГТА» | H87: Ангарская государственная техническая академия | I87: федеральное государственное бюджетное образовательное учреждение высшего профессионального образования «Ангарская государственная техническая академия» | J87: Отправлена на рассмотрение | K87: - | L87: да | M87: да | N87: 45 | O87: 34 | P87: 30 | Q87: Менеджмент (080200), Экономика (080100), Технология транспортных процессов (190700), Электроника и наноэлектроника (210100), Автоматизация технологических процессов (220700), Информатика и вычислительная техника (230100), Строительство (270800), Химическая технология топлива (240000), Техносферная безопасность (280700). | R87: Менеджмент (080200), Экономика (080100), Технология транспортных процессов (190700), Электроника и наноэлектроника (210100), Автоматизация технологических процессов (220700), Информатика и вычислительная техника (230100), Строительство (270800). | S87: Менеджмент (080200), Экономика (080100), Технология транспортных процессов (190700), Электроника и наноэлектроника (210100), Автоматизация технологических процессов (220700), Информатика и вычислительная техника (230100), Строительство (270800). | T87: 5 | U87: 5 | V87: 5 | W87: 5 | X87: 5 | Y87: 5 | Z87: 0 | AA87: 0 | AB87: 0 | AC87: 5 | AD87: 5 | AE87: 5 | AF87: 0 | AG87: 0 | AH87: 0 | AI87: 5 | AJ87: 5 | AK87: 5 | AM87: 0 | AN87: 0 | AO87: 0 | AP87: 0 | AQ87: 0 | AR87: 0 | AS87: 0 | AT87: 0 | AU87: 0 | AV87: 0 | AW87: 0 | AX87: 0 | AY87: 0 | AZ87: 0 | BA87: 0 | BB87: 0 | BC87: 0 | BD87: 0 | BE87: 0 | BF87: 0 | BG87: 0 | BH87: 0 | BI87: 0 | BJ87: 0 | BK87: 0 | BL87: 0 | BM87: 0 | BN87: 0 | BO87: 0 | BP87: 0 | BQ87: 0 | BR87: 0 | BS87: 0 | BT87: 0 | BU87: 0 | BV87: 0 | BW87: 0 | BX87: 0 | BY87: 0 | BZ87: 0 | CA87: 0 | CB87: 0 | CC87: 0 | CD87: 0 | CE87: =SUM(AM87,BI87) -> 0 | CF87: =SUM(N87,AN87,BJ87) -> 45 | CG87: =SUM(O87,AO87,BK87) -> 34 | CH87: =SUM(P87,AP87,BL87) -> 30 | CI87: =SUM(T87,AQ87,BM87) -> 5 | CJ87: =SUM(U87,AR87,BN87) -> 5 | CK87: =SUM(V87,AS87,BO87) -> 5 | CL87: =SUM(W87,AT87,BP87) -> 5 | CM87: =SUM(X87,AU87,BQ87) -> 5 | CN87: =SUM(Y87,AV87,BR87) -> 5 | CO87: =SUM(Z87,AW87,BS87) -> 0 | CP87: =SUM(AA87,AX87,BT87) -> 0 | ... CZ87: =SUM(AK87,BH87,CD87) -> 5
A88: 9 | B88: Действующая | C88: Минобрнауки России | D88: Краснодарский край | E88: ВПО | F88: ФГБОУ ВПО | G88: ФГБОУ ВПО «АГПА» | H88: Армавирская государственная педагогическая академия | I88: федеральное государственное бюджетное образовательное учреждение высшего профессионального образования «Армавирская государственная педагогическая академия» | J88: Отправлена на рассмотрение | K88: - | L88: да | M88: да | N88: 12 | O88: 11 | P88: 2 | Q88: образование и педагогика, экономика и управление | R88: образование и педагогика, информатика и вычислительная техника | S88: образование и педагогика | T88: 12 | U88: 12 | V88: 13 | W88: 9 | X88: 9 | Y88: 9 | Z88: 12 | AA88: 12 | AB88: 13 | AC88: 0 | AD88: 0 | AE88: 0 | AF88: 0 | AG88: 0 | AH88: 0 | AI88: 12 | AJ88: 12 | AK88: 13 | AM88: 0 | AN88: 0 | AO88: 0 | AP88: 0 | AQ88: 0 | AR88: 0 | AS88: 0 | AT88: 0 | AU88: 0 | AV88: 0 | AW88: 0 | AX88: 0 | AY88: 0 | AZ88: 0 | BA88: 0 | BB88: 0 | BC88: 0 | BD88: 0 | BE88: 0 | BF88: 0 | BG88: 0 | BH88: 0 | BI88: 0 | BJ88: 0 | BK88: 0 | BL88: 0 | BM88: 0 | BN88: 0 | BO88: 0 | BP88: 0 | BQ88: 0 | BR88: 0 | BS88: 0 | BT88: 0 | BU88: 0 | BV88: 0 | BW88: 0 | BX88: 0 | BY88: 0 | BZ88: 0 | CA88: 0 | CB88: 0 | CC88: 0 | CD88: 0 | CE88: =SUM(AM88,BI88) -> 0 | CF88: =SUM(N88,AN88,BJ88) -> 12 | CG88: =SUM(O88,AO88,BK88) -> 11 | CH88: =SUM(P88,AP88,BL88) -> 2 | CI88: =SUM(T88,AQ88,BM88) -> 12 | CJ88: =SUM(U88,AR88,BN88) -> 12 | CK88: =SUM(V88,AS88,BO88) -> 13 | CL88: =SUM(W88,AT88,BP88) -> 9 | CM88: =SUM(X88,AU88,BQ88) -> 9 | CN88: =SUM(Y88,AV88,BR88) -> 9 | CO88: =SUM(Z88,AW88,BS88) -> 12 | CP88: =SUM(AA88,AX88,BT88) -> 12 | ... CZ88: =SUM(AK88,BH88,CD88) -> 13
A89: 13 | B89: Действующая | C89: Минобрнауки России | D89: Санкт-Петербург | E89: ВПО | F89: ФГБОУ ВПО | G89: БГТУ «ВОЕНМЕХ» им. Д.Ф. Устинова | H89: Балтийский государственный технический университет «ВОЕНМЕХ» им. Д.Ф. Устинова | I89: федеральное государственное бюджетное образовательное учреждение высшего профессионального образования «Балтийский государственный технический университет «ВОЕНМЕХ» им. Д.Ф. Устинова» | J89: Отправлена на рассмотрение | K89: - | L89: да | M89: да | N89: 1 | O89: 3 | P89: 1 | Q89: 230000 | R89: 030000, 080000 | S89: 080000 | T89: 14 | U89: 14 | V89: 14 | W89: 11 | X89: 11 | Y89: 11 | Z89: 0 | AA89: 0 | AB89: 0 | AC89: 0 | AD89: 0 | AE89: 0 | AF89: 11 | AG89: 11 | AH89: 11 | AI89: 11 | AJ89: 11 | AK89: 11 | AL89: - | AM89: 0 | AN89: 0 | AO89: 0 | AP89: 0 | AQ89: 0 | AR89: 0 | AS89: 0 | AT89: 0 | AU89: 0 | AV89: 0 | AW89: 0 | AX89: 0 | AY89: 0 | AZ89: 0 | BA89: 0 | BB89: 0 | BC89: 0 | BD89: 0 | BE89: 0 | BF89: 0 | BG89: 0 | BH89: 0 | BI89: 0 | BJ89: 0 | BK89: 0 | BL89: 0 | BM89: 0 | BN89: 0 | BO89: 0 | BP89: 0 | BQ89: 0 | BR89: 0 | BS89: 0 | BT89: 0 | BU89: 0 | BV89: 0 | BW89: 0 | BX89: 0 | BY89: 0 | BZ89: 0 | CA89: 0 | CB89: 0 | CC89: 0 | CD89: 0 | CE89: =SUM(AM89,BI89) -> 0 | CF89: =SUM(N89,AN89,BJ89) -> 1 | CG89: =SUM(O89,AO89,BK89) -> 3 | CH89: =SUM(P89,AP89,BL89) -> 1 | CI89: =SUM(T89,AQ89,BM89) -> 14 | CJ89: =SUM(U89,AR89,BN89) -> 14 | CK89: =SUM(V89,AS89,BO89) -> 14 | CL89: =SUM(W89,AT89,BP89) -> 11 | CM89: =SUM(X89,AU89,BQ89) -> 11 | CN89: =SUM(Y89,AV89,BR89) -> 11 | CO89: =SUM(Z89,AW89,BS89) -> 0 | CP89: =SUM(AA89,AX89,BT89) -> 0 | ... CZ89: =SUM(AK89,BH89,CD89) -> 11
A90: 17 | B90: Действующая | C90: Минобрнауки России | D90: Белгородская область | E90: ВПО | F90: ФГАОУ ВПО | G90: НИУ «БелГУ» | H90: Белгородский государственный национальный исследовательский университет | I90: федеральное государственное автономное образовательное учреждение высшего профессионального образования «Белгородский государственный национальный исследовательский университет» | J90: Отправлена на рассмотрение | K90: - | L90: да | M90: да | N90: 237 | O90: 269 | P90: 231 | Q90: 010000 Физико-математические науки, 020000 Естественные науки, 030000 Гуманитарные науки, 050000 Образование и педагогика, 060000 Здравоохранение, 080000 Экономика и управление, 210000 Электронная техника, радиотехника и связь, 230000 Информатика и вычислительная техника | R90: 010000 Физико-математические науки, 020000 Естественные науки, 030000 Гуманитарные науки, 050000 Образование и педагогика, 060000 Здравоохранение, 080000 Экономика и управление, 210000 Электронная техника, радиотехника и связь, 230000 Информатика и вычислительная техника | S90: 010000 Физико-математические науки, 020000 Естественные науки, 030000 Гуманитарные науки, 050000 Образование и педагогика, 060000 Здравоохранение, 080000 Экономика и управление, 210000 Электронная техника, радиотехника и связь, 230000 Информатика и вычислительная техника | T90: 131 | U90: 78 | V90: 78 | W90: 52 | X90: 52 | Y90: 52 | Z90: 7 | AA90: 7 | AB90: 7 | AC90: 45 | AD90: 45 | AE90: 45 | AF90: 0 | AG90: 0 | AH90: 0 | AI90: 52 | AJ90: 52 | AK90: 52 | AM90: 2 | AN90: 9 | AO90: 9 | AP90: 1 | AQ90: 7 | AR90: 7 | AS90: 7 | AT90: 7 | AU90: 7 | AV90: 7 | AW90: 0 | AX90: 0 | AY90: 0 | AZ90: 7 | BA90: 7 | BB90: 7 | BC90: 0 | BD90: 0 | BE90: 0 | BF90: 7 | BG90: 7 | BH90: 7 | BI90: 0 | BJ90: 0 | BK90: 0 | BL90: 0 | BM90: 0 | BN90: 0 | BO90: 0 | BP90: 0 | BQ90: 0 | BR90: 0 | BS90: 0 | BT90: 0 | BU90: 0 | BV90: 0 | BW90: 0 | BX90: 0 | BY90: 0 | BZ90: 0 | CA90: 0 | CB90: 0 | CC90: 0 | CD90: 0 | CE90: =SUM(AM90,BI90) -> 2 | CF90: =SUM(N90,AN90,BJ90) -> 246 | CG90: =SUM(O90,AO90,BK90) -> 278 | CH90: =SUM(P90,AP90,BL90) -> 232 | CI90: =SUM(T90,AQ90,BM90) -> 138 | CJ90: =SUM(U90,AR90,BN90) -> 85 | CK90: =SUM(V90,AS90,BO90) -> 85 | CL90: =SUM(W90,AT90,BP90) -> 59 | CM90: =SUM(X90,AU90,BQ90) -> 59 | CN90: =SUM(Y90,AV90,BR90) -> 59 | CO90: =SUM(Z90,AW90,BS90) -> 7 | CP90: =SUM(AA90,AX90,BT90) -> 7 | ... CZ90: =SUM(AK90,BH90,CD90) -> 59
A91: 18 | B91: Действующая | C91: Минобрнауки России | D91: Территории, находящиеся за пределами РФ и обслуживаемые Управлением режимных объектов МВД России, Байконур | E91: ВПО | F91: ГУ ВПО | G91: Белорусско-Российский университет | H91: Белорусско-Российский университет | I91: государственное учреждение высшего профессионального образования «Белорусско-Российский университет» | J91: - | K91: - | L91: да | M91: нет | N91: - | O91: - | P91: - | Q91: - | R91: - | S91: - | T91: - | U91: - | V91: - | W91: - | X91: - | Y91: - | Z91: - | AA91: - | AB91: - | AC91: - | AD91: - | AE91: - | AF91: - | AG91: - | AH91: - | AI91: - | AJ91: - | AK91: - | AL91: - | AM91: - | AN91: - | AO91: - | AP91: - | AQ91: - | AR91: - | AS91: - | AT91: - | AU91: - | AV91: - | AW91: - | AX91: - | AY91: - | AZ91: - | BA91: - | BB91: - | BC91: - | BD91: - | BE91: - | BF91: - | BG91: - | BH91: - | BI91: - | BJ91: - | BK91: - | BL91: - | BM91: - | BN91: - | BO91: - | BP91: - | BQ91: - | BR91: - | BS91: - | BT91: - | BU91: - | BV91: - | BW91: - | BX91: - | BY91: - | BZ91: - | CA91: - | CB91: - | CC91: - | CD91: - | CE91: =SUM(AM91,BI91) -> 0 | CF91: =SUM(N91,AN91,BJ91) -> 0 | CG91: =SUM(O91,AO91,BK91) -> 0 | CH91: =SUM(P91,AP91,BL91) -> 0 | CI91: =SUM(T91,AQ91,BM91) -> 0 | CJ91: =SUM(U91,AR91,BN91) -> 0 | CK91: =SUM(V91,AS91,BO91) -> 0 | CL91: =SUM(W91,AT91,BP91) -> 0 | CM91: =SUM(X91,AU91,BQ91) -> 0 | CN91: =SUM(Y91,AV91,BR91) -> 0 | CO91: =SUM(Z91,AW91,BS91) -> 0 | CP91: =SUM(AA91,AX91,BT91) -> 0 | ... CZ91: =SUM(AK91,BH91,CD91) -> 0
A92: 22 | B92: Действующая | C92: Минобрнауки России | D92: Воронежская область | E92: ВПО | F92: ФГБОУ ВПО | G92: ФГБОУ ВПО «БГПИ» | H92: Борисоглебский государственный педагогический институт | I92: федеральное государственное бюджетное образовательное учреждение высшего профессионального образования «Борисоглебский государственный педагогический институт» | J92: Отправлена на рассмотрение | K92: - | L92: да | M92: да | N92: 2 | O92: 0 | P92: 0 | Q92: 050100 Образование и педагогика | R92: 050100 Образование и педагогика | S92: 050100 Образование и педагогика | T92: 11 | U92: 11 | V92: 11 | W92: 5 | X92: 5 | Y92: 5 | Z92: 0 | AA92: 0 | AB92: 0 | AC92: 5 | AD92: 5 | AE92: 5 | AF92: 0 | AG92: 0 | AH92: 0 | AI92: 5 | AJ92: 5 | AK92: 5 | AL92: нет | AM92: 0 | AN92: 0 | AO92: 0 | AP92: 0 | AQ92: 0 | AR92: 0 | AS92: 0 | AT92: 0 | AU92: 0 | AV92: 0 | AW92: 0 | AX92: 0 | AY92: 0 | AZ92: 0 | BA92: 0 | BB92: 0 | BC92: 0 | BD92: 0 | BE92: 0 | BF92: 0 | BG92: 0 | BH92: 0 | BI92: 0 | BJ92: 0 | BK92: 0 | BL92: 0 | BM92: 0 | BN92: 0 | BO92: 0 | BP92: 0 | BQ92: 0 | BR92: 0 | BS92: 0 | BT92: 0 | BU92: 0 | BV92: 0 | BW92: 0 | BX92: 0 | BY92: 0 | BZ92: 0 | CA92: 0 | CB92: 0 | CC92: 0 | CD92: 0 | CE92: =SUM(AM92,BI92) -> 0 | CF92: =SUM(N92,AN92,BJ92) -> 2 | CG92: =SUM(O92,AO92,BK92) -> 0 | CH92: =SUM(P92,AP92,BL92) -> 0 | CI92: =SUM(T92,AQ92,BM92) -> 11 | CJ92: =SUM(U92,AR92,BN92) -> 11 | CK92: =SUM(V92,AS92,BO92) -> 11 | CL92: =SUM(W92,AT92,BP92) -> 5 | CM92: =SUM(X92,AU92,BQ92) -> 5 | CN92: =SUM(Y92,AV92,BR92) -> 5 | CO92: =SUM(Z92,AW92,BS92) -> 0 | CP92: =SUM(AA92,AX92,BT92) -> 0 | ... CZ92: =SUM(AK92,BH92,CD92) -> 5
A93: 23 | B93: Действующая | C93: Минобрнауки России | D93: Иркутская область | E93: ВПО | F93: ФГБОУ ВПО | G93: ФГБОУ ВПО «БрГУ» | H93: Братский государственный университет | I93: федеральное государственное бюджетное образовательное учреждение высшего профессионального образования «Братский государственный университет» | J93: Отправлена на рассмотрение | K93: - | L93: да | M93: да | N93: 44 | O93: 41 | P93: 34 | Q93: 020000 Естественные науки, 050000 Образование и педагогика, 080000 Экономика и управление, 140000 Энергетика, энергетическое машиностроение и электротехника, 150000 Металлургия, машиностроение и материалообработка, 190000 Транспортные средства, 230000 Информатика и вычислительная техника, 250000 Воспроизводство и переработка лесных ресурсов, 270000 Строительство и архитектура, 240000 Химическая и биотехнологии | R93: 050000 Образование и педагогика, 080000 Экономика и управление, 140000 Энергетика, энергетическое машиностроение и электротехника, 150000 Металлургия, машиностроение и материалообработка, 190000 Транспортные средства, 230000 Информатика и вычислительная техника, 250000 Воспроизводство и переработка лесных ресурсов, 270000 Строительство и архитектура, 034702 Документационное обеспечение управления и архивоведение, 230000 Информатика и вычислительная техника, 240000 Химическая и биотехнологии | S93: 050000 Образование и педагогика, 080000 Экономика и управление, 100000 Сфера обслуживания, 140000 Энергетика, энергетическое машиностроение и электротехника, 150000 Металлургия, машиностроение и материалообработка, 190000 Транспортные средства, 210000 Электронная техника, радиотехника и связь, 230000 Информатика и вычислительная техника, 250000 Воспроизводство и переработка лесных ресурсов, 270000 Строительство и архитектура, 034702 Документационное обеспечение управления и архивоведение, 240000 Химическая и биотехнологии | T93: 26 | U93: 26 | V93: 26 | W93: 4 | X93: 4 | Y93: 4 | Z93: 0 | AA93: 0 | AB93: 0 | AC93: 4 | AD93: 4 | AE93: 4 | AF93: 0 | AG93: 0 | AH93: 0 | AI93: 0 | AJ93: 0 | AK93: 0 | AM93: 1 | AN93: 0 | AO93: 1 | AP93: 1 | AQ93: 1 | AR93: 1 | AS93: 1 | AT93: 0 | AU93: 0 | AV93: 0 | AW93: 0 | AX93: 0 | AY93: 0 | AZ93: 0 | BA93: 0 | BB93: 0 | BC93: 0 | BD93: 0 | BE93: 0 | BF93: 0 | BG93: 0 | BH93: 0 | BI93: 0 | BJ93: 0 | BK93: 0 | BL93: 0 | BM93: 0 | BN93: 0 | BO93: 0 | BP93: 0 | BQ93: 0 | BR93: 0 | BS93: 0 | BT93: 0 | BU93: 0 | BV93: 0 | BW93: 0 | BX93: 0 | BY93: 0 | BZ93: 0 | CA93: 0 | CB93: 0 | CC93: 0 | CD93: 0 | CE93: =SUM(AM93,BI93) -> 1 | CF93: =SUM(N93,AN93,BJ93) -> 44 | CG93: =SUM(O93,AO93,BK93) -> 42 | CH93: =SUM(P93,AP93,BL93) -> 35 | CI93: =SUM(T93,AQ93,BM93) -> 27 | CJ93: =SUM(U93,AR93,BN93) -> 27 | CK93: =SUM(V93,AS93,BO93) -> 27 | CL93: =SUM(W93,AT93,BP93) -> 4 | CM93: =SUM(X93,AU93,BQ93) -> 4 | CN93: =SUM(Y93,AV93,BR93) -> 4 | CO93: =SUM(Z93,AW93,BS93) -> 0 | CP93: =SUM(AA93,AX93,BT93) -> 0 | ... CZ93: =SUM(AK93,BH93,CD93) -> 0
A94: 24 | B94: Действующая | C94: Минобрнауки России | D94: Брянская область | E94: ВПО | F94: ФГБОУ ВПО | G94: ФГБОУ ВПО «БГИТА» | H94: Брянская государственная инженерно-технологическая академия | I94: федеральное государственное бюджетное образовательное учреждение высшего профессионального образования «Брянская государственная инженерно-технологическая академия» | J94: Отправлена на рассмотрение | K94: - | L94: да | M94: да | N94: 30 | O94: 24 | P94: 23 | Q94: 080000 Экономика и управление, 190000 Транспортные средства, 230000 Информатика и вычислительная техника, 270000 Строительство, 280000 Безопасность жизнедеятельности, природообустройство и защита окружающей среды | R94: 080000 Экономика и управление, 190000 Транспортные средства, 230000 Информатика и вычислительная техника, 270000 Строительство, 280000 Безопасность жизнедеятельности, природообустройство и защита окружающей среды | S94: 080000 Экономика и управление, 190000 Транспортные средства, 230000 Информатика и вычислительная техника, 270000 Строительство | T94: 51 | U94: 51 | V94: 51 | W94: 16 | X94: 16 | Y94: 16 | Z94: 0 | AA94: 0 | AB94: 0 | AC94: 0 | AD94: 0 | AE94: 0 | AF94: 16 | AG94: 16 | AH94: 16 | AI94: 11 | AJ94: 11 | AK94: 11 | AL94: Характер заболеваний обучающихся в БГИТА инвалидов и ЛОВЗ не требует специально оборудованных помещений и зданий. | AM94: 0 | AN94: 0 | AO94: 0 | AP94: 0 | AQ94: 0 | AR94: 0 | AS94: 0 | AT94: 0 | AU94: 0 | AV94: 0 | AW94: 0 | AX94: 0 | AY94: 0 | AZ94: 0 | BA94: 0 | BB94: 0 | BC94: 0 | BD94: 0 | BE94: 0 | BF94: 0 | BG94: 0 | BH94: 0 | BI94: 0 | BJ94: 0 | BK94: 0 | BL94: 0 | BM94: 0 | BN94: 0 | BO94: 0 | BP94: 0 | BQ94: 0 | BR94: 0 | BS94: 0 | BT94: 0 | BU94: 0 | BV94: 0 | BW94: 0 | BX94: 0 | BY94: 0 | BZ94: 0 | CA94: 0 | CB94: 0 | CC94: 0 | CD94: 0 | CE94: =SUM(AM94,BI94) -> 0 | CF94: =SUM(N94,AN94,BJ94) -> 30 | CG94: =SUM(O94,AO94,BK94) -> 24 | CH94: =SUM(P94,AP94,BL94) -> 23 | CI94: =SUM(T94,AQ94,BM94) -> 51 | CJ94: =SUM(U94,AR94,BN94) -> 51 | CK94: =SUM(V94,AS94,BO94) -> 51 | CL94: =SUM(W94,AT94,BP94) -> 16 | CM94: =SUM(X94,AU94,BQ94) -> 16 | CN94: =SUM(Y94,AV94,BR94) -> 16 | CO94: =SUM(Z94,AW94,BS94) -> 0 | CP94: =SUM(AA94,AX94,BT94) -> 0 | ... CZ94: =SUM(AK94,BH94,CD94) -> 11
A95: 26 | B95: Действующая | C95: Минобрнауки России | D95: Брянская область | E95: ВПО | F95: ФГБОУ ВПО | G95: БГУ | H95: Брянский государственный университет имени академика И.Г. Петровского | I95: федеральное государственное бюджетное образовательное учреждение высшего профессионального образования «Брянский государственный университет имени академика И.Г. Петровского» | J95: Отправлена на рассмотрение | K95: - | L95: да | M95: да | N95: 47 | O95: 39 | P95: 30 | Q95: 020000, 030000,040000,050000,080000 | R95: 020000, 030000,040000,050000,080000 | S95: 010000, 030000,040000,050000,080000 | T95: 23 | U95: 23 | V95: 23 | W95: 13 | X95: 13 | Y95: 13 | Z95: 2 | AA95: 2 | AB95: 2 | AC95: 11 | AD95: 11 | AE95: 11 | AF95: 0 | AG95: 0 | AH95: 0 | AI95: 13 | AJ95: 13 | AK95: 13 | AL95: - | AM95: 1 | AN95: 22 | AO95: 2 | AP95: 0 | AQ95: 7 | AR95: 7 | AS95: 7 | AT95: 4 | AU95: 4 | AV95: 4 | AW95: 1 | AX95: 1 | AY95: 1 | AZ95: 3 | BA95: 3 | BB95: 3 | BC95: 0 | BD95: 0 | BE95: 0 | BF95: 4 | BG95: 4 | BH95: 4 | BI95: 0 | BJ95: 0 | BK95: 0 | BL95: 0 | BM95: 0 | BN95: 0 | BO95: 0 | BP95: 0 | BQ95: 0 | BR95: 0 | BS95: 0 | BT95: 0 | BU95: 0 | BV95: 0 | BW95: 0 | BX95: 0 | BY95: 0 | BZ95: 0 | CA95: 0 | CB95: 0 | CC95: 0 | CD95: 0 | CE95: =SUM(AM95,BI95) -> 1 | CF95: =SUM(N95,AN95,BJ95) -> 69 | CG95: =SUM(O95,AO95,BK95) -> 41 | CH95: =SUM(P95,AP95,BL95) -> 30 | CI95: =SUM(T95,AQ95,BM95) -> 30 | CJ95: =SUM(U95,AR95,BN95) -> 30 | CK95: =SUM(V95,AS95,BO95) -> 30 | CL95: =SUM(W95,AT95,BP95) -> 17 | CM95: =SUM(X95,AU95,BQ95) -> 17 | CN95: =SUM(Y95,AV95,BR95) -> 17 | CO95: =SUM(Z95,AW95,BS95) -> 3 | CP95: =SUM(AA95,AX95,BT95) -> 3 | ... CZ95: =SUM(AK95,BH95,CD95) -> 17
A96: 223 | B96: Действующая | C96: Минобрнауки России | D96: Москва | E96: ВПО | F96: ФГБОУ ВПО | G96: РХТУ им. Д.И. Менделеева | H96: Российский химико-технологический университет имени Д.И. Менделеева | I96: федеральное государственное бюджетное образовательное учреждение высшего профессионального образования «Российский химико-технологический университет имени Д.И. Менделеева» | J96: Отправлена на рассмотрение | K96: - | L96: да | M96: да | N96: 13 | O96: 11 | P96: 16 | Q96: 020000, 080000, 240000 | R96: 020000, 080000, 230000, 240000 | S96: 020000, 080000, 230000, 240000 | T96: 58 | U96: 58 | V96: 58 | W96: 15 | X96: 15 | Y96: 15 | Z96: 4 | AA96: 4 | AB96: 4 | AC96: 11 | AD96: 11 | AE96: 11 | AF96: 0 | AG96: 0 | AH96: 0 | AI96: 15 | AJ96: 15 | AK96: 15 | AM96: 1 | AN96: 18 | AO96: 17 | AP96: 12 | AQ96: 15 | AR96: 14 | AS96: 14 | AT96: 9 | AU96: 8 | AV96: 8 | AW96: 0 | AX96: 0 | AY96: 0 | AZ96: 9 | BA96: 8 | BB96: 8 | BC96: 0 | BD96: 0 | BE96: 0 | BF96: 9 | BG96: 8 | BH96: 8 | BI96: 0 | BJ96: 0 | BK96: 0 | BL96: 0 | BM96: 0 | BN96: 0 | BO96: 0 | BP96: 0 | BQ96: 0 | BR96: 0 | BS96: 0 | BT96: 0 | BU96: 0 | BV96: 0 | BW96: 0 | BX96: 0 | BY96: 0 | BZ96: 0 | CA96: 0 | CB96: 0 | CC96: 0 | CD96: 0 | CE96: =SUM(AM96,BI96) -> 1 | CF96: =SUM(N96,AN96,BJ96) -> 31 | CG96: =SUM(O96,AO96,BK96) -> 28 | CH96: =SUM(P96,AP96,BL96) -> 28 | CI96: =SUM(T96,AQ96,BM96) -> 73 | CJ96: =SUM(U96,AR96,BN96) -> 72 | CK96: =SUM(V96,AS96,BO96) -> 72 | CL96: =SUM(W96,AT96,BP96) -> 24 | CM96: =SUM(X96,AU96,BQ96) -> 23 | CN96: =SUM(Y96,AV96,BR96) -> 23 | CO96: =SUM(Z96,AW96,BS96) -> 4 | CP96: =SUM(AA96,AX96,BT96) -> 4 | ... CZ96: =SUM(AK96,BH96,CD96) -> 23
A97: 35 | B97: Действующая | C97: Минобрнауки России | D97: Волгоградская область | E97: ВПО | F97: ФГБОУ ВПО | G97: ВолгГТУ | H97: Волгоградский государственный технический университет | I97: Федеральное государственное бюджетное образовательное учреждение высшего профессионального образования «Волгоградский государственный технический университет» | J97: Отправлена на рассмотрение | K97: - | L97: да | M97: да | N97: 40 | O97: 25 | P97: 19 | Q97: 080000, 150000, 190000, 230000, 240000, 260000 | R97: 080000, 150000, 190000, 230000, 240000, 260000 | S97: 080000, 150000, 190000, 230000, 240000, 260000 | T97: 68 | U97: 69 | V97: 69 | W97: 14 | X97: 14 | Y97: 14 | Z97: 0 | AA97: 0 | AB97: 0 | AC97: 14 | AD97: 14 | AE97: 14 | AF97: 0 | AG97: 0 | AH97: 0 | AI97: 14 | AJ97: 14 | AK97: 14 | AL97: Предоставляются образовательные услуги в зданиях учреждения только для инвалидов 2 - 3 группы. Для лиц с ограниченными возможностями здоровью зданиях учреждения не обеспечены условиями для получения профессионального образования, а также временного проживания | AM97: 3 | AN97: 9 | AO97: 4 | AP97: 4 | AQ97: 30 | AR97: 33 | AS97: 33 | AT97: 8 | AU97: 8 | AV97: 8 | AW97: 0 | AX97: 0 | AY97: 0 | AZ97: 8 | BA97: 8 | BB97: 8 | BC97: 0 | BD97: 0 | BE97: 0 | BF97: 8 | BG97: 8 | BH97: 7 | BI97: 0 | BJ97: 0 | BK97: 0 | BL97: 0 | BM97: 0 | BN97: 0 | BO97: 0 | BP97: 0 | BQ97: 0 | BR97: 0 | BS97: 0 | BT97: 0 | BU97: 0 | BV97: 0 | BW97: 0 | BX97: 0 | BY97: 0 | BZ97: 0 | CA97: 0 | CB97: 0 | CC97: 0 | CD97: 0 | CE97: =SUM(AM97,BI97) -> 3 | CF97: =SUM(N97,AN97,BJ97) -> 49 | CG97: =SUM(O97,AO97,BK97) -> 29 | CH97: =SUM(P97,AP97,BL97) -> 23 | CI97: =SUM(T97,AQ97,BM97) -> 98 | CJ97: =SUM(U97,AR97,BN97) -> 102 | CK97: =SUM(V97,AS97,BO97) -> 102 | CL97: =SUM(W97,AT97,BP97) -> 22 | CM97: =SUM(X97,AU97,BQ97) -> 22 | CN97: =SUM(Y97,AV97,BR97) -> 22 | CO97: =SUM(Z97,AW97,BS97) -> 0 | CP97: =SUM(AA97,AX97,BT97) -> 0 | ... CZ97: =SUM(AK97,BH97,CD97) -> 21
